Workbook

Sheet MAYO DECE-5
B8: ÀREA FINANCIERA | K8: DECE-5
A10: UNIDAD DE CIRUGIA CARDIOVASCULAR DE GUATEMALA
A11: 5a. AVENIDA 6-22 ZONA 11
A12: dgunicar@yahoo.es Tel. 24163000
A14: Programación y ejecucion mensual por tipo de gasto año 2024, Expresado en Quetzales primer cuatrimestre 2024
A15: No. | B15: CATEGORIA DEL GASTO DE FUNCIONAMIENTO | C15: Enero | E15: Febrero | G15: Marzo | I15: Abril | K15: Total Cuatrimestre
C16: PROG. | D16: EJECUTADO | E16: PROG. | F16: EJECUTADO | G16: PROG. | H16: EJECUTADO | I16: PROG. | J16: EJECUTADO | K16: PROG. | L16: EJECUTADO
B17: RECURSO HUMANO
A18: 011 | B18: SUELOS Y SALARIOS | C18: 3606534.1 | D18: 3001907.1 | E18: 3606534.1 | F18: 3000995.4 | G18: 3606534.1 | H18: 3740944 | I18: 3606534.1 | J18: 3231004 | K18: =+C18+E18+G18+I18 -> 14426136 | L18: =+D18+F18+H18+J18 -> 12974851
B19: BONO 14 | C19: 0 | D19: 0 | E19: 0 | F19: 0 | G19: 0 | H19: 0 | I19: 0 | J19: 0 | K19: =+C19+E19+G19+I19 -> 0 | L19: =+D19+F19+H19+J19 -> 0
B20: CUOTA PATRONAL | C20: 0 | D20: 0 | E20: 0 | F20: 0 | G20: 0 | H20: 1192233.1 | I20: 0 | J20: 395269.37 | K20: =+C20+E20+G20+I20 -> 0 | L20: =+D20+F20+H20+J20 -> 1587502.4
B21: TOTAL RECURSO HUMANO | C21: =SUM(C18:C20) -> 3606534.1 | D21: =SUM(D18:D20) -> 3001907.1 | E21: =SUM(E18:E20) -> 3606534.1 | F21: =SUM(F18:F20) -> 3000995.4 | G21: =SUM(G18:G20) -> 3606534.1 | H21: =SUM(H18:H20) -> 4933177.1 | I21: =SUM(I18:I20) -> 3606534.1 | J21: =SUM(J18:J20) -> 3626273.4 | ... L21: =SUM(L18:L20) -> 14562353
B23: GASTOS DE OPERACIÓN
A24: 111 | B24: ENERGIA ELECTRICA | E24: 98000 | G24: 98000 | H24: 101723 | I24: 98000 | J24: 107641.7 | K24: =+C24+E24+G24+I24 -> 294000 | L24: =+D24+F24+H24+J24 -> 209364.7
A25: 113 | B25: SERVICIO DE INTERNET Y TELEFONIA | E25: 11595 | F25: 11403.26 | G25: 11595 | H25: 11384.76 | I25: 11595 | J25: 11897.66 | K25: =+C25+E25+G25+I25 -> 34785 | L25: =+D25+F25+H25+J25 -> 34685.68
A26: 122 | B26: IMPRESIÓN, ENCUADERNACION Y REPRODUCCION | E26: 0 | G26: 8510.25 | H26: 0 | I26: 8510.25 | J26: 0 | K26: =+C26+E26+G26+I26 -> 17020.5 | L26: =+D26+F26+H26+J26 -> 0
A27: 163 | B27: MANT. Y REP. EQUIPO MEDICO SANITARIO Y DE LAB. | E27: 14200 | G27: =214457+40000 -> 254457 | H27: 0 | I27: 40000 | J27: 31050 | K27: =+C27+E27+G27+I27 -> 308657 | L27: =+D27+F27+H27+J27 -> 31050
A28: 169 | B28: MANT. Y REP. DE OTRAS MAQ. Y EQUIPO | E28: 0 | G28: 0 | H28: 0 | I28: 20000 | J28: 0 | K28: =+C28+E28+G28+I28 -> 20000 | L28: =+D28+F28+H28+J28 -> 0
A29: 171 | B29: MANT. Y REPARACION DE EDIFICIOS | E29: 0 | G29: 20000 | H29: 0 | I29: 12810 | J29: 1200 | K29: =+C29+E29+G29+I29 -> 32810 | L29: =+D29+F29+H29+J29 -> 1200
A30: 174 | B30: MANT. Y REP. DE INSTALACIONES | C30: 3340 | E30: 3340 | G30: =4765+2000 -> 6765 | H30: 6370 | I30: =4765+2000 -> 6765 | J30: 5885 | K30: =+C30+E30+G30+I30 -> 20210 | L30: =+D30+F30+H30+J30 -> 12255
A31: 182 | B31: SERVICIOS MEDICO-SANITARIOS | E31: 100775 | G31: 100125 | H31: 148800 | I31: 98100 | J31: 60500 | K31: =+C31+E31+G31+I31 -> 299000 | L31: =+D31+F31+H31+J31 -> 209300
A32: 197 | B32: SERVICIOS DE VIGILANCIA | E32: 0 | G32: 65000 | H32: 0 | I32: 65000 | J32: 52000 | K32: =+C32+E32+G32+I32 -> 130000 | L32: =+D32+F32+H32+J32 -> 52000
A33: 199 | B33: OTROS SERVICIOS NO PERSONALES | E33: 126308.4 | G33: 49158 | H33: 64692.5 | I33: 49158 | J33: 61174.3 | K33: =+C33+E33+G33+I33 -> 224624.4 | L33: =+D33+F33+H33+J33 -> 125866.8
A34: 261 | B34: ELEMENTOS Y COMPUESTOS QUIMICOS | E34: 0 | G34: 112906.1 | H34: 63717.17 | I34: 112906.1 | J34: 52569.06 | K34: =+C34+E34+G34+I34 -> 225812.2 | L34: =+D34+F34+H34+J34 -> 116286.23
A35: 262 | B35: COMBUSTIBLES Y LUBRICANTES | E35: 0 | G35: 1200 | H35: 0 | I35: 1200 | J35: 0 | K35: =+C35+E35+G35+I35 -> 2400 | L35: =+D35+F35+H35+J35 -> 0
A36: 266 | B36: PRODUCTOS MEDICINALES Y FARMACEUTICOS | E36: 0 | G36: 175013.55 | H36: 45000 | I36: 175013.55 | J36: 7547.5 | K36: =+C36+E36+G36+I36 -> 350027.1 | L36: =+D36+F36+H36+J36 -> 52547.5
A37: 267 | B37: TINTES, PINTURAS Y COLORANTES | E37: 0 | G37: 2000 | H37: 0 | I37: 2000 | J37: 0 | K37: =+C37+E37+G37+I37 -> 4000 | L37: =+D37+F37+H37+J37 -> 0
A38: 268 | B38: PRODUCTOS PLASTICOS, NYLON, VINIL Y PVC | E38: 0 | G38: 17555.4 | H38: 73841.75 | I38: 17555.4 | J38: 9995 | K38: =+C38+E38+G38+I38 -> 35110.8 | L38: =+D38+F38+H38+J38 -> 83836.75
A39: 269 | B39: OTROS PRODUCTOS QUIMICOS Y CONEXOS | E39: 0 | G39: 1000 | H39: 0 | I39: 1000 | J39: 0 | K39: =+C39+E39+G39+I39 -> 2000 | L39: =+D39+F39+H39+J39 -> 0
A40: 292 | B40: UTILES DE LIMPIEZA Y PRODUCTOS SANITARIOS | E40: 0 | G40: 0 | H40: 0 | I40: 42390.56 | J40: 41437 | K40: =+C40+E40+G40+I40 -> 42390.56 | L40: =+D40+F40+H40+J40 -> 41437
A41: 295 | B41: UTILES MENORES MEDICO QUIRURGICOS Y DE LAB. | E41: 0 | G41: 2080137.7 | H41: 1047617.1 | I41: 2080137.7 | J41: 634838.76 | K41: =+C41+E41+G41+I41 -> 4160275.5 | L41: =+D41+F41+H41+J41 -> 1682455.9
A42: 297 | B42: UTILES, ACCESORIOS Y MATERIALES ELECTRICOS | E42: 0 | G42: 1000 | H42: 5105 | I42: =1000+16731.62 -> 17731.62 | J42: 0 | K42: =+C42+E42+G42+I42 -> 18731.62 | L42: =+D42+F42+H42+J42 -> 5105
A43: 298 | B43: ACCESORIOS Y REPUESTOS EN GENERAL | E43: 0 | G43: 50000 | H43: 6815 | I43: 50000 | J43: 57850 | K43: =+C43+E43+G43+I43 -> 100000 | L43: =+D43+F43+H43+J43 -> 64665
A44: 299 | B44: OTROS MATERIALES Y SUMINISTROS | E44: 0 | G44: 40000 | H44: 19450 | I44: 40000 | J44: 42875 | K44: =+C44+E44+G44+I44 -> 80000 | L44: =+D44+F44+H44+J44 -> 62325
A45: 323 | B45: EQUIPO MEDICO-SANITARIO Y DE LABORATORIO | E45: 0 | G45: 0 | I45: 0 | J45: 0 | K45: =+C45+E45+G45+I45 -> 0 | L45: =+D45+F45+H45+J45 -> 0
B46: TOTAL GASTOS DE OPERACIÓN | C46: =SUM(C24:C45) -> 3340 | D46: =SUM(D24:D45) -> 0 | E46: =SUM(E24:E45) -> 354218.4 | F46: =SUM(F24:F45) -> 11403.26 | G46: =SUM(G24:G45) -> 3094423 | H46: =SUM(H24:H45) -> 1594516.3 | I46: =SUM(I24:I45) -> 2949873.2 | J46: =SUM(J24:J45) -> 1178461 | ... L46: =SUM(L24:L45) -> 2784380.5
B47: TOTAL GENERAL | C47: =+C46+C21 -> 3609874.1 | D47: =+D46+D21 -> 3001907.1 | E47: =+E46+E21 -> 3960752.5 | F47: =+F46+F21 -> 3012398.6 | G47: =+G46+G21 -> 6700957.1 | H47: =+H46+H21 -> 6527693.4 | I47: =+I46+I21 -> 6556407.3 | J47: =+J46+J21 -> 4804734.4 | ... L47: =+L46+L21 -> 17346734
A58: Programación y ejecucion mensual por tipo de gasto año 2024, Expresado en Quetzales segundo cuatrimestre 2024
A59: No. | B59: =+B15 -> CATEGORIA DEL GASTO DE FUNCIONAMIENTO | C59: Mayo | E59: Junio | G59: Julio | I59: Agosto | K59: Total Cuatrimestre | M59: Total Acumulado
C60: PROG. | D60: EJECUTADO | E60: PROG. | F60: EJECUTADO | G60: PROG. | H60: EJECUTADO | I60: PROG. | J60: EJECUTADO | K60: PROG. | L60: EJECUTADO | M60: PROG. | N60: EJECUTADO
A61: 011 | B61: RECURSO HUMANO
B62: SUELOS Y SALARIOS | C62: 3606534.1 | D62: =3655693.14-398462.42 -> 3257230.7 | K62: =+C62+E62+G62+I62 -> 3606534.1 | L62: =+D62+F62+H62+J62 -> 3257230.7 | M62: =+K62+K18 -> 18032670 | N62: =+L62+L18 -> 16232081
B63: BONO 14 | D63: 0 | K63: =+C63+E63+G63+I63 -> 0 | L63: =+D63+F63+H63+J63 -> 0 | M63: =+K63+K19 -> 0 | N63: =+L63+L19 -> 0
B64: CUOTA PATRONAL | D64: 398462.42 | K64: =+C64+E64+G64+I64 -> 0 | L64: =+D64+F64+H64+J64 -> 398462.42 | M64: =+K64+K20 -> 0 | N64: =+L64+L20 -> 1985964.8
B65: TOTAL RECURSO HUMANO | C65: =SUM(C62:C64) -> 3606534.1 | D65: =SUM(D62:D64) -> 3655693.1 | E65: =SUM(E62:E64) -> 0 | F65: =SUM(F62:F64) -> 0 | G65: =SUM(G62:G64) -> 0 | H65: =SUM(H62:H64) -> 0 | I65: =SUM(I62:I64) -> 0 | J65: =SUM(J62:J64) -> 0 | ... N65: =SUM(N62:N64) -> 18218046
B67: GASTOS DE OPERACIÓN
A68: 111 | B68: ENERGIA ELECTRICA | C68: 98000 | D68: 108403.74 | K68: =+C68+E68+G68+I68 -> 98000 | L68: =+D68+F68+H68+J68 -> 108403.74 | M68: =+K68+K24 -> 392000 | N68: =+L68+L24 -> 317768.44
A69: 113 | B69: SERVICIO DE INTERNET Y TELEFONIA | C69: 11595 | D69: 11434.41 | K69: =+C69+E69+G69+I69 -> 11595 | L69: =+D69+F69+H69+J69 -> 11434.41 | M69: =+K69+K25 -> 46380 | N69: =+L69+L25 -> 46120.09
A70: 122 | B70: IMPRESIÓN, ENCUADERNACION Y REPRODUCCION | C70: 8510.25 | D70: 40582 | K70: =+C70+E70+G70+I70 -> 8510.25 | L70: =+D70+F70+H70+J70 -> 40582 | M70: =+K70+K26 -> 25530.75 | N70: =+L70+L26 -> 40582
A71: 163 | B71: MANT. Y REP. EQUIPO MEDICO SANITARIO Y DE LAB. | C71: =40000+199634 -> 239634 | D71: 92068.87 | K71: =+C71+E71+G71+I71 -> 239634 | L71: =+D71+F71+H71+J71 -> 92068.87 | M71: =+K71+K27 -> 548291 | N71: =+L71+L27 -> 123118.87
A72: 169 | B72: MANT. Y REP. DE OTRAS MAQ. Y EQUIPO | C72: 13815 | D72: 0 | K72: =+C72+E72+G72+I72 -> 13815 | L72: =+D72+F72+H72+J72 -> 0 | M72: =+K72+K28 -> 33815 | N72: =+L72+L28 -> 0
A73: 171 | B73: MANT. Y REPARACION DE EDIFICIOS | C73: 0 | D73: 7400 | K73: =+C73+E73+G73+I73 -> 0 | L73: =+D73+F73+H73+J73 -> 7400 | M73: =+K73+K29 -> 32810 | N73: =+L73+L29 -> 8600
A74: 174 | B74: MANT. Y REP. DE INSTALACIONES | C74: =28390+2000 -> 30390 | D74: 3185 | K74: =+C74+E74+G74+I74 -> 30390 | L74: =+D74+F74+H74+J74 -> 3185 | M74: =+K74+K30 -> 50600 | N74: =+L74+L30 -> 15440
A75: 182 | B75: SERVICIOS MEDICO-SANITARIOS | C75: 51600 | D75: 60500 | K75: =+C75+E75+G75+I75 -> 51600 | L75: =+D75+F75+H75+J75 -> 60500 | M75: =+K75+K31 -> 350600 | N75: =+L75+L31 -> 269800
A76: 197 | B76: SERVICIOS DE VIGILANCIA | C76: 65000 | D76: 52000 | K76: =+C76+E76+G76+I76 -> 65000 | L76: =+D76+F76+H76+J76 -> 52000 | M76: =+K76+K32 -> 195000 | N76: =+L76+L32 -> 104000
A77: 199 | B77: OTROS SERVICIOS NO PERSONALES | C77: 59158 | D77: 59162.82 | K77: =+C77+E77+G77+I77 -> 59158 | L77: =+D77+F77+H77+J77 -> 59162.82 | M77: =+K77+K33 -> 283782.4 | N77: =+L77+L33 -> 185029.62
A78: 261 | B78: ELEMENTOS Y COMPUESTOS QUIMICOS | C78: 112906.11 | D78: 68095.06 | K78: =+C78+E78+G78+I78 -> 112906.11 | L78: =+D78+F78+H78+J78 -> 68095.06 | M78: =+K78+K34 -> 338718.31 | N78: =+L78+L34 -> 184381.29
A79: 262 | B79: COMBUSTIBLES Y LUBRICANTES | C79: 1200 | D79: 0 | K79: =+C79+E79+G79+I79 -> 1200 | L79: =+D79+F79+H79+J79 -> 0 | M79: =+K79+K35 -> 3600 | N79: =+L79+L35 -> 0
A80: 266 | B80: PRODUCTOS MEDICINALES Y FARMACEUTICOS | C80: 175013.55 | D80: 92631 | K80: =+C80+E80+G80+I80 -> 175013.55 | L80: =+D80+F80+H80+J80 -> 92631 | M80: =+K80+K36 -> 525040.65 | N80: =+L80+L36 -> 145178.5
A81: 267 | B81: TINTES, PINTURAS Y COLORANTES | C81: 2000 | D81: 0 | K81: =+C81+E81+G81+I81 -> 2000 | L81: =+D81+F81+H81+J81 -> 0 | M81: =+K81+K37 -> 6000 | N81: =+L81+L37 -> 0
A82: 268 | B82: PRODUCTOS PLASTICOS, NYLON, VINIL Y PVC | C82: 17555.4 | D82: 0 | K82: =+C82+E82+G82+I82 -> 17555.4 | L82: =+D82+F82+H82+J82 -> 0 | M82: =+K82+K38 -> 52666.2 | N82: =+L82+L38 -> 83836.75
A83: 269 | B83: OTROS PRODUCTOS QUIMICOS Y CONEXOS | C83: 1000 | D83: 0 | K83: =+C83+E83+G83+I83 -> 1000 | L83: =+D83+F83+H83+J83 -> 0 | M83: =+K83+K39 -> 3000 | N83: =+L83+L39 -> 0
A84: 292 | B84: UTILES DE LIMPIEZA Y PRODUCTOS SANITARIOS | C84: 42390.56 | D84: 0 | K84: =+C84+E84+G84+I84 -> 42390.56 | L84: =+D84+F84+H84+J84 -> 0 | M84: =+K84+K40 -> 84781.12 | N84: =+L84+L40 -> 41437
A85: 295 | B85: UTILES MENORES MEDICO QUIRURGICOS Y DE LAB. | C85: 2080137.7 | D85: 2935332.3 | K85: =+C85+E85+G85+I85 -> 2080137.7 | L85: =+D85+F85+H85+J85 -> 2935332.3 | M85: =+K85+K41 -> 6240413.2 | N85: =+L85+L41 -> 4617788.2
A86: 297 | B86: UTILES, ACCESORIOS Y MATERIALES ELECTRICOS | C86: 1000 | D86: 16622.1 | K86: =+C86+E86+G86+I86 -> 1000 | L86: =+D86+F86+H86+J86 -> 16622.1 | M86: =+K86+K42 -> 19731.62 | N86: =+L86+L42 -> 21727.1
... A89: 323 | B89: EQUIPO MEDICO-SANITARIO Y DE LABORATORIO | C89: 415000 | D89: 0 | K89: =+C89+E89+G89+I89 -> 415000 | L89: =+D89+F89+H89+J89 -> 0 | M89: =+K89+K45 -> 415000 | N89: =+L89+L45 -> 0
B90: TOTAL GASTOS DE OPERACIÓN | C90: =SUM(C68:C89) -> 3515905.6 | D90: =SUM(D68:D89) -> 3556500.3 | E90: =SUM(E68:E89) -> 0 | F90: =SUM(F68:F89) -> 0 | G90: =SUM(G68:G89) -> 0 | H90: =SUM(H68:H89) -> 0 | I90: =SUM(I68:I89) -> 0 | J90: =SUM(J68:J89) -> 0 | ... N90: =SUM(N68:N89) -> 6340880.9
B91: TOTAL GENERAL | C91: =+C90+C65 -> 7122439.7 | D91: =+D90+D65 -> 7212193.5 | E91: =+E90+E65 -> 0 | F91: =+F90+F65 -> 0 | G91: =+G90+G65 -> 0 | H91: =+H90+H65 -> 0 | I91: =+I90+I65 -> 0 | J91: =+J90+J65 -> 0 | ... N91: =+N90+N65 -> 24558927
A109: Programación y ejecucion mensual por tipo de gasto año 2024, Expresado en Quetzales tercer cuatrimestre 2024
A110: No. | B110: CATEGORIA DE GASTO | C110: SEPTIEMBRE | E110: OCTUBRE | G110: NOVIEMBRE | I110: DICIEMBRE | K110: TOTAL CUATRIMESTRE | M110: Total Acumulado Anual
C111: PROG. | D111: EJECUTADO | E111: PROG. | F111: EJECUTADO | G111: PROG. | H111: EJECUTADO | I111: PROG. | J111: EJECUTADO | K111: PROG. | L111: EJECUTADO | M111: PROG. | N111: EJECUTADO
A112: 011 | B112: RECURSO HUMANO
B113: SUELOS Y SALARIOS | K113: =+C113+E113+G113+I113 -> 0 | L113: =+D113+F113+H113+J113 -> 0 | M113: =+K113+M62 -> 18032670 | N113: =+L113+N62 -> 16232081
B114: BONO 14 | K114: =+C114+E114+G114+I114 -> 0 | L114: =+D114+F114+H114+J114 -> 0 | M114: =+K114+M63 -> 0 | N114: =+L114+N63 -> 0
B115: CUOTA PATRONAL | K115: =+C115+E115+G115+I115 -> 0 | L115: =+D115+F115+H115+J115 -> 0 | M115: =+K115+M63 -> 0 | N115: =+L115+N64 -> 1985964.8
B116: TOTAL RECURSO HUMANO | C116: =SUM(C113:C115) -> 0 | D116: =SUM(D113:D115) -> 0 | E116: =SUM(E113:E115) -> 0 | F116: =SUM(F113:F115) -> 0 | G116: =SUM(G113:G115) -> 0 | H116: =SUM(H113:H115) -> 0 | I116: =SUM(I113:I115) -> 0 | J116: =SUM(J113:J115) -> 0 | ... N116: =SUM(N113:N115) -> 18218046
B118: GASTOS DE FUNCIONAMIENTO
A119: 111 | B119: ENERGIA ELECTRICA | K119: =+C119+E119+G119+I119 -> 0 | L119: =+D119+F119+H119+J119 -> 0 | M119: =+K119+M67 -> 0 | N119: =+L119+N68 -> 317768.44
A120: 113 | B120: SERVICIO DE INTERNET Y TELEFONIA | K120: =+C120+E120+G120+I120 -> 0 | L120: =+D120+F120+H120+J120 -> 0 | M120: =+K120+M68 -> 392000 | N120: =+L120+N69 -> 46120.09
A121: 122 | B121: IMPRESIÓN, ENCUADERNACION Y REPRODUCCION | K121: =+C121+E121+G121+I121 -> 0 | L121: =+D121+F121+H121+J121 -> 0 | M121: =+K121+M69 -> 46380 | N121: =+L121+N70 -> 40582
A122: 163 | B122: MANT. Y REP. EQUIPO MEDICO SANITARIO Y DE LAB. | K122: =+C122+E122+G122+I122 -> 0 | L122: =+D122+F122+H122+J122 -> 0 | M122: =+K122+M70 -> 25530.75 | N122: =+L122+N71 -> 123118.87
A123: 169 | B123: MANT. Y REP. DE OTRAS MAQ. Y EQUIPO | K123: =+C123+E123+G123+I123 -> 0 | L123: =+D123+F123+H123+J123 -> 0 | M123: =+K123+M71 -> 548291 | N123: =+L123+N72 -> 0
A124: 171 | B124: MANT. Y REPARACION DE EDIFICIOS | K124: =+C124+E124+G124+I124 -> 0 | L124: =+D124+F124+H124+J124 -> 0 | M124: =+K124+M72 -> 33815 | N124: =+L124+N73 -> 8600
A125: 174 | B125: MANT. Y REP. DE INSTALACIONES | K125: =+C125+E125+G125+I125 -> 0 | L125: =+D125+F125+H125+J125 -> 0 | M125: =+K125+M73 -> 32810 | N125: =+L125+N74 -> 15440
A126: 182 | B126: SERVICIOS MEDICO-SANITARIOS | K126: =+C126+E126+G126+I126 -> 0 | L126: =+D126+F126+H126+J126 -> 0 | M126: =+K126+M74 -> 50600 | N126: =+L126+N75 -> 269800
A127: 197 | B127: SERVICIOS DE VIGILANCIA | K127: =+C127+E127+G127+I127 -> 0 | L127: =+D127+F127+H127+J127 -> 0 | M127: =+K127+M75 -> 350600 | N127: =+L127+N76 -> 104000
A128: 199 | B128: OTROS SERVICIOS NO PERSONALES | K128: =+C128+E128+G128+I128 -> 0 | L128: =+D128+F128+H128+J128 -> 0 | M128: =+K128+M76 -> 195000 | N128: =+L128+N77 -> 185029.62
A129: 261 | B129: ELEMENTOS Y COMPUESTOS QUIMICOS | K129: =+C129+E129+G129+I129 -> 0 | L129: =+D129+F129+H129+J129 -> 0 | M129: =+K129+M77 -> 283782.4 | N129: =+L129+N78 -> 184381.29
A130: 262 | B130: COMBUSTIBLES Y LUBRICANTES | K130: =+C130+E130+G130+I130 -> 0 | L130: =+D130+F130+H130+J130 -> 0 | M130: =+K130+M78 -> 338718.31 | N130: =+L130+N79 -> 0
... A140: 323 | B140: EQUIPO MEDICO-SANITARIO Y DE LABORATORIO | K140: =+C140+E140+G140+I140 -> 0 | L140: =+D140+F140+H140+J140 -> 0 | M140: =+K140+M88 -> 120000 | N140: =+L140+N89 -> 0
B141: TOTAL GASTOS DE FUNCIONAMIENTO | C141: =SUM(C119:C140) -> 0 | D141: =SUM(D119:D140) -> 0 | E141: =SUM(E119:E140) -> 0 | F141: =SUM(F119:F140) -> 0 | G141: =SUM(G119:G140) -> 0 | H141: =SUM(H119:H140) -> 0 | I141: =SUM(I119:I140) -> 0 | J141: =SUM(J119:J140) -> 0 | ... N141: =SUM(N119:N140) -> 6340880.9
B142: TOTAL GENERAL | C142: =+C141+C116 -> 0 | D142: =+D141+D116 -> 0 | E142: =+E141+E116 -> 0 | F142: =+F141+F116 -> 0 | G142: =+G141+G116 -> 0 | H142: =+H141+H116 -> 0 | I142: =+I141+I116 -> 0 | J142: =+J141+J116 -> 0 | ... N142: =+N141+N116 -> 24558927
B166: RESUMEN AÑO 2024
A167: No. | B167: CATEGORIA DE GASTO | C167: TOTAL ANUAL
C168: PRESUPUESTO | D168: REAL
A169: 011 | B169: RECURSO HUMANO | C169: =+K21+K65+K116 -> 18032670 | D169: =+L21+L65+L116 -> 18218046
B171: GASTOS DE OPERACIÓN
A172: 111 | B172: ENERGIA ELECTRICA | C172: =+K24+K68+K119 -> 392000 | D172: =+L24+L68+L119 -> 317768.44
A173: 113 | B173: TELEFONIA | C173: =+K25+K69+K120 -> 46380 | D173: =+L25+L69+L120 -> 46120.09
A174: 122 | B174: IMPRESIÓN, ENCUADERNACION Y REPRODUCCION | C174: =+K26+K70+K121 -> 25530.75 | D174: =+L26+L70+L121 -> 40582
...

Sheet JUNIO DECE-5
B8: ÀREA FINANCIERA | M8: DECE-5
A10: UNIDAD DE CIRUGIA CARDIOVASCULAR DE GUATEMALA
A11: 5a. AVENIDA 6-22 ZONA 11
A12: dgunicar@yahoo.es Tel. 24163000
A14: Programación y ejecucion mensual por tipo de gasto año 2024, Expresado en Quetzales primer cuatrimestre 2024
A15: No. | B15: CATEGORIA DEL GASTO DE FUNCIONAMIENTO | E15: Enero | G15: Febrero | I15: Marzo | K15: Abril | M15: Total Cuatrimestre
E16: PROG. | F16: EJECUTADO | G16: PROG. | H16: EJECUTADO | I16: PROG. | J16: EJECUTADO | K16: PROG. | L16: EJECUTADO | M16: PROG. | N16: EJECUTADO
B17: RECURSO HUMANO
A18: 011 | B18: SUELOS Y SALARIOS | E18: 3606534.1 | F18: 3001907.1 | G18: 3606534.1 | H18: 3000995.4 | I18: 3606534.1 | J18: 3740944 | K18: 3606534.1 | L18: 3231004 | M18: =+E18+G18+I18+K18 -> 14426136 | N18: =+F18+H18+J18+L18 -> 12974851
B19: BONO 14 | E19: 0 | F19: 0 | G19: 0 | H19: 0 | I19: 0 | J19: 0 | K19: 0 | L19: 0 | M19: =+E19+G19+I19+K19 -> 0 | N19: =+F19+H19+J19+L19 -> 0
B20: CUOTA PATRONAL | E20: 0 | F20: 0 | G20: 0 | H20: 0 | I20: 0 | J20: 1192233.1 | K20: 0 | L20: 395269.37 | M20: =+E20+G20+I20+K20 -> 0 | N20: =+F20+H20+J20+L20 -> 1587502.4
B21: TOTAL RECURSO HUMANO | E21: =SUM(E18:E20) -> 3606534.1 | F21: =SUM(F18:F20) -> 3001907.1 | G21: =SUM(G18:G20) -> 3606534.1 | H21: =SUM(H18:H20) -> 3000995.4 | I21: =SUM(I18:I20) -> 3606534.1 | J21: =SUM(J18:J20) -> 4933177.1 | K21: =SUM(K18:K20) -> 3606534.1 | L21: =SUM(L18:L20) -> 3626273.4 | ... N21: =SUM(N18:N20) -> 14562353
B23: GASTOS DE OPERACIÓN
A24: 111 | B24: ENERGIA ELECTRICA | C24: ENERGIA ELECTRICA | D24: =C24=B24 -> TRUE | G24: 98000 | I24: 98000 | J24: 101723 | K24: 98000 | L24: 107641.7 | M24: =+E24+G24+I24+K24 -> 294000 | N24: =+F24+H24+J24+L24 -> 209364.7
A25: 113 | B25: SERVICIO DE INTERNET Y TELEFONIA | C25: SERVICIO DE INTERNET Y TELEFONIA | D25: =C25=B25 -> TRUE | G25: 11595 | H25: 11403.26 | I25: 11595 | J25: 11384.76 | K25: 11595 | L25: 11897.66 | M25: =+E25+G25+I25+K25 -> 34785 | N25: =+F25+H25+J25+L25 -> 34685.68
A26: 122 | B26: IMPRESIÓN, ENCUADERNACION Y REPRODUCCION | C26: IMPRESIÓN, ENCUADERNACION Y REPRODUCCION | D26: =C26=B26 -> TRUE | G26: 0 | I26: 8510.25 | J26: 0 | K26: 8510.25 | L26: 0 | M26: =+E26+G26+I26+K26 -> 17020.5 | N26: =+F26+H26+J26+L26 -> 0
A27: 163 | B27: MANT. Y REP. EQUIPO MEDICO SANITARIO Y DE LAB. | C27: MANT. Y REP. EQUIPO MEDICO SANITARIO Y DE LAB. | D27: =C27=B27 -> TRUE | G27: 14200 | I27: =214457+40000 -> 254457 | J27: 0 | K27: 40000 | L27: 31050 | M27: =+E27+G27+I27+K27 -> 308657 | N27: =+F27+H27+J27+L27 -> 31050
A28: 169 | B28: MANT. Y REP. DE OTRAS MAQ. Y EQUIPO | C28: MANT. Y REP. DE OTRAS MAQ. Y EQUIPO | D28: =C28=B28 -> TRUE | G28: 0 | I28: 0 | J28: 0 | K28: 20000 | L28: 0 | M28: =+E28+G28+I28+K28 -> 20000 | N28: =+F28+H28+J28+L28 -> 0
A29: 171 | B29: MANT. Y REPARACION DE EDIFICIOS | C29: MANT. Y REPARACION DE EDIFICIOS | D29: =C29=B29 -> TRUE | G29: 0 | I29: 20000 | J29: 0 | K29: 12810 | L29: 1200 | M29: =+E29+G29+I29+K29 -> 32810 | N29: =+F29+H29+J29+L29 -> 1200
A30: 174 | B30: MANT. Y REP. DE INSTALACIONES | C30: MANT. Y REP. DE INSTALACIONES | D30: =C30=B30 -> TRUE | E30: 3340 | G30: 3340 | I30: =4765+2000 -> 6765 | J30: 6370 | K30: =4765+2000 -> 6765 | L30: 5885 | M30: =+E30+G30+I30+K30 -> 20210 | N30: =+F30+H30+J30+L30 -> 12255
A31: 182 | B31: SERVICIOS MEDICO-SANITARIOS | C31: SERVICIOS MEDICO-SANITARIOS | D31: =C31=B31 -> TRUE | G31: 100775 | I31: 100125 | J31: 148800 | K31: 98100 | L31: 60500 | M31: =+E31+G31+I31+K31 -> 299000 | N31: =+F31+H31+J31+L31 -> 209300
A32: 197 | B32: SERVICIOS DE VIGILANCIA | C32: SERVICIOS DE VIGILANCIA | D32: =C32=B32 -> TRUE | G32: 0 | I32: 65000 | J32: 0 | K32: 65000 | L32: 52000 | M32: =+E32+G32+I32+K32 -> 130000 | N32: =+F32+H32+J32+L32 -> 52000
A33: 199 | B33: OTROS SERVICIOS NO PERSONALES | C33: OTROS SERVICIOS NO PERSONALES | D33: =C33=B33 -> TRUE | G33: 126308.4 | I33: 49158 | J33: 64692.5 | K33: 49158 | L33: 61174.3 | M33: =+E33+G33+I33+K33 -> 224624.4 | N33: =+F33+H33+J33+L33 -> 125866.8
A34: 261 | B34: ELEMENTOS Y COMPUESTOS QUIMICOS | C34: ELEMENTOS Y COMPUESTOS QUIMICOS | D34: =C34=B34 -> TRUE | G34: 0 | I34: 112906.1 | J34: 63717.17 | K34: 112906.1 | L34: 52569.06 | M34: =+E34+G34+I34+K34 -> 225812.2 | N34: =+F34+H34+J34+L34 -> 116286.23
A35: 262 | B35: COMBUSTIBLES Y LUBRICANTES | C35: COMBUSTIBLES Y LUBRICANTES | D35: =C35=B35 -> TRUE | G35: 0 | I35: 1200 | J35: 0 | K35: 1200 | L35: 0 | M35: =+E35+G35+I35+K35 -> 2400 | N35: =+F35+H35+J35+L35 -> 0
A36: 266 | B36: PRODUCTOS MEDICINALES Y FARMACEUTICOS | C36: PRODUCTOS MEDICINALES Y FARMACEUTICOS | D36: =C36=B36 -> TRUE | G36: 0 | I36: 175013.55 | J36: 45000 | K36: 175013.55 | L36: 7547.5 | M36: =+E36+G36+I36+K36 -> 350027.1 | N36: =+F36+H36+J36+L36 -> 52547.5
A37: 267 | B37: TINTES, PINTURAS Y COLORANTES | C37: TINTES, PINTURAS Y COLORANTES | D37: =C37=B37 -> TRUE | G37: 0 | I37: 2000 | J37: 0 | K37: 2000 | L37: 0 | M37: =+E37+G37+I37+K37 -> 4000 | N37: =+F37+H37+J37+L37 -> 0
A38: 268 | B38: PRODUCTOS PLASTICOS, NYLON, VINIL Y PVC | C38: PRODUCTOS PLASTICOS, NYLON, VINIL Y PVC | D38: =C38=B38 -> TRUE | G38: 0 | I38: 17555.4 | J38: 73841.75 | K38: 17555.4 | L38: 9995 | M38: =+E38+G38+I38+K38 -> 35110.8 | N38: =+F38+H38+J38+L38 -> 83836.75
A39: 269 | B39: OTROS PRODUCTOS QUIMICOS Y CONEXOS | C39: OTROS PRODUCTOS QUIMICOS Y CONEXOS | D39: =C39=B39 -> TRUE | G39: 0 | I39: 1000 | J39: 0 | K39: 1000 | L39: 0 | M39: =+E39+G39+I39+K39 -> 2000 | N39: =+F39+H39+J39+L39 -> 0
A40: 292 | B40: UTILES DE LIMPIEZA Y PRODUCTOS SANITARIOS | C40: UTILES DE LIMPIEZA Y PRODUCTOS SANITARIOS | D40: =C40=B40 -> TRUE | G40: 0 | I40: 0 | J40: 0 | K40: 42390.56 | L40: 41437 | M40: =+E40+G40+I40+K40 -> 42390.56 | N40: =+F40+H40+J40+L40 -> 41437
A41: 295 | B41: UTILES MENORES MEDICO QUIRURGICOS Y DE LAB. | C41: UTILES MENORES MEDICO QUIRURGICOS Y DE LAB. | D41: =C41=B41 -> TRUE | G41: 0 | I41: 2080137.7 | J41: 1047617.1 | K41: 2080137.7 | L41: 634838.76 | M41: =+E41+G41+I41+K41 -> 4160275.5 | N41: =+F41+H41+J41+L41 -> 1682455.9
A42: 297 | B42: UTILES, ACCESORIOS Y MATERIALES ELECTRICOS | C42: UTILES, ACCESORIOS Y MATERIALES ELECTRICOS | D42: =C42=B42 -> TRUE | G42: 0 | I42: 1000 | J42: 5105 | K42: =1000+16731.62 -> 17731.62 | L42: 0 | M42: =+E42+G42+I42+K42 -> 18731.62 | N42: =+F42+H42+J42+L42 -> 5105
A43: 298 | B43: ACCESORIOS Y REPUESTOS EN GENERAL | C43: ACCESORIOS Y REPUESTOS EN GENERAL | D43: =C43=B43 -> TRUE | G43: 0 | I43: 50000 | J43: 6815 | K43: 50000 | L43: 57850 | M43: =+E43+G43+I43+K43 -> 100000 | N43: =+F43+H43+J43+L43 -> 64665
A44: 299 | B44: OTROS MATERIALES Y SUMINISTROS | C44: OTROS MATERIALES Y SUMINISTROS | D44: =C44=B44 -> TRUE | G44: 0 | I44: 40000 | J44: 19450 | K44: 40000 | L44: 42875 | M44: =+E44+G44+I44+K44 -> 80000 | N44: =+F44+H44+J44+L44 -> 62325
A45: 323 | B45: EQUIPO MEDICO-SANITARIO Y DE LABORATORIO | C45: EQUIPO MEDICO-SANITARIO Y DE LABORATORIO | D45: =C45=B45 -> TRUE | G45: 0 | I45: 0 | K45: 0 | L45: 0 | M45: =+E45+G45+I45+K45 -> 0 | N45: =+F45+H45+J45+L45 -> 0
B46: TOTAL GASTOS DE OPERACIÓN | E46: =SUM(E24:E45) -> 3340 | F46: =SUM(F24:F45) -> 0 | G46: =SUM(G24:G45) -> 354218.4 | H46: =SUM(H24:H45) -> 11403.26 | I46: =SUM(I24:I45) -> 3094423 | J46: =SUM(J24:J45) -> 1594516.3 | K46: =SUM(K24:K45) -> 2949873.2 | L46: =SUM(L24:L45) -> 1178461 | ... N46: =SUM(N24:N45) -> 2784380.5
B47: TOTAL GENERAL | E47: =+E46+E21 -> 3609874.1 | F47: =+F46+F21 -> 3001907.1 | G47: =+G46+G21 -> 3960752.5 | H47: =+H46+H21 -> 3012398.6 | I47: =+I46+I21 -> 6700957.1 | J47: =+J46+J21 -> 6527693.4 | K47: =+K46+K21 -> 6556407.3 | L47: =+L46+L21 -> 4804734.4 | ... N47: =+N46+N21 -> 17346734
A56: Programación y ejecucion mensual por tipo de gasto año 2024, Expresado en Quetzales segundo cuatrimestre 2024
A57: No. | B57: =+B15 -> CATEGORIA DEL GASTO DE FUNCIONAMIENTO | E57: Mayo | G57: Junio | I57: Julio | K57: Agosto | M57: Total Cuatrimestre | O57: Total Acumulado
E58: PROG. | F58: EJECUTADO | G58: PROG. | H58: EJECUTADO | I58: PROG. | J58: EJECUTADO | K58: PROG. | L58: EJECUTADO | M58: PROG. | N58: EJECUTADO | O58: PROG. | P58: EJECUTADO
A59: 011 | B59: RECURSO HUMANO
B60: SUELOS Y SALARIOS | E60: 3606534.1 | F60: =3655693.14-398462.42 -> 3257230.7 | G60: 3606534.1 | H60: =3662737.1-399293.9 -> 3263443.2 | M60: =+E60+G60+I60+K60 -> 7213068.2 | N60: =+F60+H60+J60+L60 -> 6520673.9 | O60: =+M60+M18 -> 21639205 | P60: =+N60+N18 -> 19495525
B61: BONO 14 | F61: 0 | M61: =+E61+G61+I61+K61 -> 0 | N61: =+F61+H61+J61+L61 -> 0 | O61: =+M61+M19 -> 0 | P61: =+N61+N19 -> 0
B62: CUOTA PATRONAL | F62: 398462.42 | H62: 399293.9 | M62: =+E62+G62+I62+K62 -> 0 | N62: =+F62+H62+J62+L62 -> 797756.32 | O62: =+M62+M20 -> 0 | P62: =+N62+N20 -> 2385258.7
B63: TOTAL RECURSO HUMANO | E63: =SUM(E60:E62) -> 3606534.1 | F63: =SUM(F60:F62) -> 3655693.1 | G63: =SUM(G60:G62) -> 3606534.1 | H63: =SUM(H60:H62) -> 3662737.1 | I63: =SUM(I60:I62) -> 0 | J63: =SUM(J60:J62) -> 0 | K63: =SUM(K60:K62) -> 0 | L63: =SUM(L60:L62) -> 0 | ... P63: =SUM(P60:P62) -> 21880783
B65: GASTOS DE OPERACIÓN
A66: 111 | B66: ENERGIA ELECTRICA | C66: ENERGIA ELECTRICA | D66: =C66=B66 -> TRUE | E66: 98000 | F66: 108403.74 | G66: 98000 | H66: 119555.35 | M66: =+E66+G66+I66+K66 -> 196000 | N66: =+F66+H66+J66+L66 -> 227959.09 | O66: =+M66+M24 -> 490000 | P66: =+N66+N24 -> 437323.79
A67: 113 | B67: SERVICIO DE INTERNET Y TELEFONIA | C67: SERVICIO DE INTERNET Y TELEFONIA | D67: =C67=B67 -> TRUE | E67: 11595 | F67: 11434.41 | G67: 11595 | H67: 8432.36 | M67: =+E67+G67+I67+K67 -> 23190 | N67: =+F67+H67+J67+L67 -> 19866.77 | O67: =+M67+M25 -> 57975 | P67: =+N67+N25 -> 54552.45
A68: 122 | B68: IMPRESIÓN, ENCUADERNACION Y REPRODUCCION | C68: IMPRESIÓN, ENCUADERNACION Y REPRODUCCION | D68: =C68=B68 -> TRUE | E68: 8510.25 | F68: 40582 | G68: 8510.25 | H68: 2851.5 | M68: =+E68+G68+I68+K68 -> 17020.5 | N68: =+F68+H68+J68+L68 -> 43433.5 | O68: =+M68+M26 -> 34041 | P68: =+N68+N26 -> 43433.5
A69: 163 | B69: MANT. Y REP. EQUIPO MEDICO SANITARIO Y DE LAB. | C69: MANT. Y REP. EQUIPO MEDICO SANITARIO Y DE LAB. | D69: =C69=B69 -> TRUE | E69: =40000+199634 -> 239634 | F69: 92068.87 | G69: 58400 | H69: 45230.13 | M69: =+E69+G69+I69+K69 -> 298034 | N69: =+F69+H69+J69+L69 -> 137299 | O69: =+M69+M27 -> 606691 | P69: =+N69+N27 -> 168349
A70: 169 | B70: MANT. Y REP. DE OTRAS MAQ. Y EQUIPO | C70: MANT. Y REP. DE OTRAS MAQ. Y EQUIPO | D70: =C70=B70 -> TRUE | E70: 13815 | F70: 0 | G70: 0 | H70: 4850 | M70: =+E70+G70+I70+K70 -> 13815 | N70: =+F70+H70+J70+L70 -> 4850 | O70: =+M70+M28 -> 33815 | P70: =+N70+N28 -> 4850
A71: 171 | B71: MANT. Y REPARACION DE EDIFICIOS | C71: MANT. Y REPARACION DE EDIFICIOS | D71: =C71=B71 -> TRUE | E71: 0 | F71: 7400 | G71: 0 | H71: 1200 | M71: =+E71+G71+I71+K71 -> 0 | N71: =+F71+H71+J71+L71 -> 8600 | O71: =+M71+M29 -> 32810 | P71: =+N71+N29 -> 9800
A72: 174 | B72: MANT. Y REP. DE INSTALACIONES | C72: MANT. Y REP. DE INSTALACIONES | D72: =C72=B72 -> TRUE | E72: =28390+2000 -> 30390 | F72: 3185 | G72: 6765 | H72: 4535 | M72: =+E72+G72+I72+K72 -> 37155 | N72: =+F72+H72+J72+L72 -> 7720 | O72: =+M72+M30 -> 57365 | P72: =+N72+N30 -> 19975
A73: 182 | B73: SERVICIOS MEDICO-SANITARIOS | C73: SERVICIOS MEDICO-SANITARIOS | D73: =C73=B73 -> TRUE | E73: 51600 | F73: 60500 | G73: 18600 | H73: 106500 | M73: =+E73+G73+I73+K73 -> 70200 | N73: =+F73+H73+J73+L73 -> 167000 | O73: =+M73+M31 -> 369200 | P73: =+N73+N31 -> 376300
A74: 197 | B74: SERVICIOS DE VIGILANCIA | C74: SERVICIOS DE VIGILANCIA | D74: =C74=B74 -> TRUE | E74: 65000 | F74: 52000 | G74: 65000 | H74: 52000 | M74: =+E74+G74+I74+K74 -> 130000 | N74: =+F74+H74+J74+L74 -> 104000 | O74: =+M74+M32 -> 260000 | P74: =+N74+N32 -> 156000
A75: 199 | B75: OTROS SERVICIOS NO PERSONALES | C75: OTROS SERVICIOS NO PERSONALES | D75: =C75=B75 -> TRUE | E75: 59158 | F75: 59162.82 | G75: 51208.2 | H75: 64972.52 | M75: =+E75+G75+I75+K75 -> 110366.2 | N75: =+F75+H75+J75+L75 -> 124135.34 | O75: =+M75+M33 -> 334990.6 | P75: =+N75+N33 -> 250002.14
A76: 261 | B76: ELEMENTOS Y COMPUESTOS QUIMICOS | C76: ELEMENTOS Y COMPUESTOS QUIMICOS | D76: =C76=B76 -> TRUE | E76: 112906.11 | F76: 68095.06 | G76: 112906.11 | H76: 81627.59 | M76: =+E76+G76+I76+K76 -> 225812.22 | N76: =+F76+H76+J76+L76 -> 149722.65 | O76: =+M76+M34 -> 451624.42 | P76: =+N76+N34 -> 266008.88
A77: 262 | B77: COMBUSTIBLES Y LUBRICANTES | C77: COMBUSTIBLES Y LUBRICANTES | D77: =C77=B77 -> TRUE | E77: 1200 | F77: 0 | G77: 1200 | H77: 0 | M77: =+E77+G77+I77+K77 -> 2400 | N77: =+F77+H77+J77+L77 -> 0 | O77: =+M77+M35 -> 4800 | P77: =+N77+N35 -> 0
A78: 266 | B78: PRODUCTOS MEDICINALES Y FARMACEUTICOS | C78: PRODUCTOS MEDICINALES Y FARMACEUTICOS | D78: =C78=B78 -> TRUE | E78: 175013.55 | F78: 92631 | G78: 175013.55 | H78: 668640 | M78: =+E78+G78+I78+K78 -> 350027.1 | N78: =+F78+H78+J78+L78 -> 761271 | O78: =+M78+M36 -> 700054.2 | P78: =+N78+N36 -> 813818.5
A79: 267 | B79: TINTES, PINTURAS Y COLORANTES | C79: TINTES, PINTURAS Y COLORANTES | D79: =C79=B79 -> TRUE | E79: 2000 | F79: 0 | G79: 2000 | H79: 0 | M79: =+E79+G79+I79+K79 -> 4000 | N79: =+F79+H79+J79+L79 -> 0 | O79: =+M79+M37 -> 8000 | P79: =+N79+N37 -> 0
A80: 268 | B80: PRODUCTOS PLASTICOS, NYLON, VINIL Y PVC | C80: PRODUCTOS PLASTICOS, NYLON, VINIL Y PVC | D80: =C80=B80 -> TRUE | E80: 17555.4 | F80: 0 | G80: 17555.4 | H80: 0 | M80: =+E80+G80+I80+K80 -> 35110.8 | N80: =+F80+H80+J80+L80 -> 0 | O80: =+M80+M38 -> 70221.6 | P80: =+N80+N38 -> 83836.75
A81: 269 | B81: OTROS PRODUCTOS QUIMICOS Y CONEXOS | C81: OTROS PRODUCTOS QUIMICOS Y CONEXOS | D81: =C81=B81 -> TRUE | E81: 1000 | F81: 0 | G81: 1000 | H81: 0 | M81: =+E81+G81+I81+K81 -> 2000 | N81: =+F81+H81+J81+L81 -> 0 | O81: =+M81+M39 -> 4000 | P81: =+N81+N39 -> 0
A82: 292 | B82: UTILES DE LIMPIEZA Y PRODUCTOS SANITARIOS | C82: UTILES DE LIMPIEZA Y PRODUCTOS SANITARIOS | D82: =C82=B82 -> TRUE | E82: 42390.56 | F82: 0 | G82: 0 | H82: 8446.55 | M82: =+E82+G82+I82+K82 -> 42390.56 | N82: =+F82+H82+J82+L82 -> 8446.55 | O82: =+M82+M40 -> 84781.12 | P82: =+N82+N40 -> 49883.55
A83: 295 | B83: UTILES MENORES MEDICO QUIRURGICOS Y DE LAB. | C83: UTILES MENORES MEDICO QUIRURGICOS Y DE LAB. | D83: =C83=B83 -> TRUE | E83: 2080137.7 | F83: 2935332.3 | G83: 2080137.7 | H83: 2975878.2 | M83: =+E83+G83+I83+K83 -> 4160275.5 | N83: =+F83+H83+J83+L83 -> 5911210.5 | O83: =+M83+M41 -> 8320551 | P83: =+N83+N41 -> 7593666.4
A84: 297 | B84: UTILES, ACCESORIOS Y MATERIALES ELECTRICOS | C84: UTILES, ACCESORIOS Y MATERIALES ELECTRICOS | D84: =C84=B84 -> TRUE | E84: 1000 | F84: 16622.1 | G84: 1000 | H84: 0 | M84: =+E84+G84+I84+K84 -> 2000 | N84: =+F84+H84+J84+L84 -> 16622.1 | O84: =+M84+M42 -> 20731.62 | P84: =+N84+N42 -> 21727.1
... A87: 323 | B87: EQUIPO MEDICO-SANITARIO Y DE LABORATORIO | C87: EQUIPO MEDICO-SANITARIO Y DE LABORATORIO | D87: =C87=B87 -> TRUE | E87: 415000 | F87: 0 | G87: 35778.32 | H87: 0 | M87: =+E87+G87+I87+K87 -> 450778.32 | N87: =+F87+H87+J87+L87 -> 0 | O87: =+M87+M45 -> 450778.32 | P87: =+N87+N45 -> 0
B88: TOTAL GASTOS DE OPERACIÓN | E88: =SUM(E66:E87) -> 3515905.6 | F88: =SUM(F66:F87) -> 3556500.3 | G88: =SUM(G66:G87) -> 2834669.6 | H88: =SUM(H66:H87) -> 4299904 | I88: =SUM(I66:I87) -> 0 | J88: =SUM(J66:J87) -> 0 | K88: =SUM(K66:K87) -> 0 | L88: =SUM(L66:L87) -> 0 | ... P88: =SUM(P66:P87) -> 10640785
B89: TOTAL GENERAL | E89: =+E88+E63 -> 7122439.7 | F89: =+F88+F63 -> 7212193.5 | G89: =+G88+G63 -> 6441203.7 | H89: =+H88+H63 -> 7962641.1 | I89: =+I88+I63 -> 0 | J89: =+J88+J63 -> 0 | K89: =+K88+K63 -> 0 | L89: =+L88+L63 -> 0 | ... P89: =+P88+P63 -> 32521568
A107: Programación y ejecucion mensual por tipo de gasto año 2024, Expresado en Quetzales tercer cuatrimestre 2024
A108: No. | B108: CATEGORIA DE GASTO | E108: SEPTIEMBRE | G108: OCTUBRE | I108: NOVIEMBRE | K108: DICIEMBRE | M108: TOTAL CUATRIMESTRE | O108: Total Acumulado Anual
E109: PROG. | F109: EJECUTADO | G109: PROG. | H109: EJECUTADO | I109: PROG. | J109: EJECUTADO | K109: PROG. | L109: EJECUTADO | M109: PROG. | N109: EJECUTADO | O109: PROG. | P109: EJECUTADO
A110: 011 | B110: RECURSO HUMANO
B111: SUELOS Y SALARIOS | M111: =+E111+G111+I111+K111 -> 0 | N111: =+F111+H111+J111+L111 -> 0 | O111: =+M111+O60 -> 21639205 | P111: =+N111+P60 -> 19495525
B112: BONO 14 | M112: =+E112+G112+I112+K112 -> 0 | N112: =+F112+H112+J112+L112 -> 0 | O112: =+M112+O61 -> 0 | P112: =+N112+P61 -> 0
B113: CUOTA PATRONAL | M113: =+E113+G113+I113+K113 -> 0 | N113: =+F113+H113+J113+L113 -> 0 | O113: =+M113+O61 -> 0 | P113: =+N113+P62 -> 2385258.7
B114: TOTAL RECURSO HUMANO | E114: =SUM(E111:E113) -> 0 | F114: =SUM(F111:F113) -> 0 | G114: =SUM(G111:G113) -> 0 | H114: =SUM(H111:H113) -> 0 | I114: =SUM(I111:I113) -> 0 | J114: =SUM(J111:J113) -> 0 | K114: =SUM(K111:K113) -> 0 | L114: =SUM(L111:L113) -> 0 | ... P114: =SUM(P111:P113) -> 21880783
B116: GASTOS DE FUNCIONAMIENTO
A117: 111 | B117: ENERGIA ELECTRICA | M117: =+E117+G117+I117+K117 -> 0 | N117: =+F117+H117+J117+L117 -> 0 | O117: =+M117+O65 -> 0 | P117: =+N117+P66 -> 437323.79
A118: 113 | B118: SERVICIO DE INTERNET Y TELEFONIA | M118: =+E118+G118+I118+K118 -> 0 | N118: =+F118+H118+J118+L118 -> 0 | O118: =+M118+O66 -> 490000 | P118: =+N118+P67 -> 54552.45
A119: 122 | B119: IMPRESIÓN, ENCUADERNACION Y REPRODUCCION | M119: =+E119+G119+I119+K119 -> 0 | N119: =+F119+H119+J119+L119 -> 0 | O119: =+M119+O67 -> 57975 | P119: =+N119+P68 -> 43433.5
A120: 163 | B120: MANT. Y REP. EQUIPO MEDICO SANITARIO Y DE LAB. | M120: =+E120+G120+I120+K120 -> 0 | N120: =+F120+H120+J120+L120 -> 0 | O120: =+M120+O68 -> 34041 | P120: =+N120+P69 -> 168349
A121: 169 | B121: MANT. Y REP. DE OTRAS MAQ. Y EQUIPO | M121: =+E121+G121+I121+K121 -> 0 | N121: =+F121+H121+J121+L121 -> 0 | O121: =+M121+O69 -> 606691 | P121: =+N121+P70 -> 4850
A122: 171 | B122: MANT. Y REPARACION DE EDIFICIOS | M122: =+E122+G122+I122+K122 -> 0 | N122: =+F122+H122+J122+L122 -> 0 | O122: =+M122+O70 -> 33815 | P122: =+N122+P71 -> 9800
A123: 174 | B123: MANT. Y REP. DE INSTALACIONES | M123: =+E123+G123+I123+K123 -> 0 | N123: =+F123+H123+J123+L123 -> 0 | O123: =+M123+O71 -> 32810 | P123: =+N123+P72 -> 19975
A124: 182 | B124: SERVICIOS MEDICO-SANITARIOS | M124: =+E124+G124+I124+K124 -> 0 | N124: =+F124+H124+J124+L124 -> 0 | O124: =+M124+O72 -> 57365 | P124: =+N124+P73 -> 376300
A125: 197 | B125: SERVICIOS DE VIGILANCIA | M125: =+E125+G125+I125+K125 -> 0 | N125: =+F125+H125+J125+L125 -> 0 | O125: =+M125+O73 -> 369200 | P125: =+N125+P74 -> 156000
A126: 199 | B126: OTROS SERVICIOS NO PERSONALES | M126: =+E126+G126+I126+K126 -> 0 | N126: =+F126+H126+J126+L126 -> 0 | O126: =+M126+O74 -> 260000 | P126: =+N126+P75 -> 250002.14
A127: 261 | B127: ELEMENTOS Y COMPUESTOS QUIMICOS | M127: =+E127+G127+I127+K127 -> 0 | N127: =+F127+H127+J127+L127 -> 0 | O127: =+M127+O75 -> 334990.6 | P127: =+N127+P76 -> 266008.88
A128: 262 | B128: COMBUSTIBLES Y LUBRICANTES | M128: =+E128+G128+I128+K128 -> 0 | N128: =+F128+H128+J128+L128 -> 0 | O128: =+M128+O76 -> 451624.42 | P128: =+N128+P77 -> 0
... A138: 323 | B138: EQUIPO MEDICO-SANITARIO Y DE LABORATORIO | M138: =+E138+G138+I138+K138 -> 0 | N138: =+F138+H138+J138+L138 -> 0 | O138: =+M138+O86 -> 160000 | P138: =+N138+P87 -> 0
B139: TOTAL GASTOS DE FUNCIONAMIENTO | E139: =SUM(E117:E138) -> 0 | F139: =SUM(F117:F138) -> 0 | G139: =SUM(G117:G138) -> 0 | H139: =SUM(H117:H138) -> 0 | I139: =SUM(I117:I138) -> 0 | J139: =SUM(J117:J138) -> 0 | K139: =SUM(K117:K138) -> 0 | L139: =SUM(L117:L138) -> 0 | ... P139: =SUM(P117:P138) -> 10640785
B140: TOTAL GENERAL | E140: =+E139+E114 -> 0 | F140: =+F139+F114 -> 0 | G140: =+G139+G114 -> 0 | H140: =+H139+H114 -> 0 | I140: =+I139+I114 -> 0 | J140: =+J139+J114 -> 0 | K140: =+K139+K114 -> 0 | L140: =+L139+L114 -> 0 | ... P140: =+P139+P114 -> 32521568
B164: RESUMEN AÑO 2024
A165: No. | B165: CATEGORIA DE GASTO | E165: TOTAL ANUAL
E166: PRESUPUESTO | F166: REAL
A167: 011 | B167: RECURSO HUMANO | E167: =+M21+M63+M114 -> 21639205 | F167: =+N21+N63+N114 -> 21880783
B169: GASTOS DE OPERACIÓN
A170: 111 | B170: ENERGIA ELECTRICA | E170: =+M24+M66+M117 -> 490000 | F170: =+N24+N66+N117 -> 437323.79
A171: 113 | B171: TELEFONIA | E171: =+M25+M67+M118 -> 57975 | F171: =+N25+N67+N118 -> 54552.45
A172: 122 | B172: IMPRESIÓN, ENCUADERNACION Y REPRODUCCION | E172: =+M26+M68+M119 -> 34041 | F172: =+N26+N68+N119 -> 43433.5
...

Sheet JULIO DECE-5
B8: ÀREA FINANCIERA | M8: DECE-5
A10: UNIDAD DE CIRUGIA CARDIOVASCULAR DE GUATEMALA
A11: 5a. AVENIDA 6-22 ZONA 11
A12: dgunicar@yahoo.es Tel. 24163000
A14: Programación y ejecucion mensual por tipo de gasto año 2024, Expresado en Quetzales primer cuatrimestre 2024
A15: No. | B15: CATEGORIA DEL GASTO DE FUNCIONAMIENTO | E15: Enero | G15: Febrero | I15: Marzo | K15: Abril | M15: Total Cuatrimestre
E16: PROG. | F16: EJECUTADO | G16: PROG. | H16: EJECUTADO | I16: PROG. | J16: EJECUTADO | K16: PROG. | L16: EJECUTADO | M16: PROG. | N16: EJECUTADO
B17: RECURSO HUMANO
A18: 011 | B18: SUELOS Y SALARIOS | E18: 3606534.1 | F18: 3001907.1 | G18: 3606534.1 | H18: 3000995.4 | I18: 3606534.1 | J18: 3740944 | K18: 3606534.1 | L18: 3231004 | M18: =+E18+G18+I18+K18 -> 14426136 | N18: =+F18+H18+J18+L18 -> 12974851
B19: BONO 14 | E19: 0 | F19: 0 | G19: 0 | H19: 0 | I19: 0 | J19: 0 | K19: 0 | L19: 0 | M19: =+E19+G19+I19+K19 -> 0 | N19: =+F19+H19+J19+L19 -> 0
B20: CUOTA PATRONAL | E20: 0 | F20: 0 | G20: 0 | H20: 0 | I20: 0 | J20: 1192233.1 | K20: 0 | L20: 395269.37 | M20: =+E20+G20+I20+K20 -> 0 | N20: =+F20+H20+J20+L20 -> 1587502.4
B21: TOTAL RECURSO HUMANO | E21: =SUM(E18:E20) -> 3606534.1 | F21: =SUM(F18:F20) -> 3001907.1 | G21: =SUM(G18:G20) -> 3606534.1 | H21: =SUM(H18:H20) -> 3000995.4 | I21: =SUM(I18:I20) -> 3606534.1 | J21: =SUM(J18:J20) -> 4933177.1 | K21: =SUM(K18:K20) -> 3606534.1 | L21: =SUM(L18:L20) -> 3626273.4 | ... N21: =SUM(N18:N20) -> 14562353
B23: GASTOS DE OPERACIÓN
A24: 111 | B24: ENERGIA ELECTRICA | C24: ENERGIA ELECTRICA | D24: =C24=B24 -> TRUE | G24: 98000 | I24: 98000 | J24: 101723 | K24: 98000 | L24: 107641.7 | M24: =+E24+G24+I24+K24 -> 294000 | N24: =+F24+H24+J24+L24 -> 209364.7
A25: 113 | B25: SERVICIO DE INTERNET Y TELEFONIA | C25: SERVICIO DE INTERNET Y TELEFONIA | D25: =C25=B25 -> TRUE | G25: 11595 | H25: 11403.26 | I25: 11595 | J25: 11384.76 | K25: 11595 | L25: 11897.66 | M25: =+E25+G25+I25+K25 -> 34785 | N25: =+F25+H25+J25+L25 -> 34685.68
A26: 122 | B26: IMPRESIÓN, ENCUADERNACION Y REPRODUCCION | C26: IMPRESIÓN, ENCUADERNACION Y REPRODUCCION | D26: =C26=B26 -> TRUE | G26: 0 | I26: 8510.25 | J26: 0 | K26: 8510.25 | L26: 0 | M26: =+E26+G26+I26+K26 -> 17020.5 | N26: =+F26+H26+J26+L26 -> 0
A27: 163 | B27: MANT. Y REP. EQUIPO MEDICO SANITARIO Y DE LAB. | C27: MANT. Y REP. EQUIPO MEDICO SANITARIO Y DE LAB. | D27: =C27=B27 -> TRUE | G27: 14200 | I27: =214457+40000 -> 254457 | J27: 0 | K27: 40000 | L27: 31050 | M27: =+E27+G27+I27+K27 -> 308657 | N27: =+F27+H27+J27+L27 -> 31050
A28: 169 | B28: MANT. Y REP. DE OTRAS MAQ. Y EQUIPO | C28: MANT. Y REP. DE OTRAS MAQ. Y EQUIPO | D28: =C28=B28 -> TRUE | G28: 0 | I28: 0 | J28: 0 | K28: 20000 | L28: 0 | M28: =+E28+G28+I28+K28 -> 20000 | N28: =+F28+H28+J28+L28 -> 0
A29: 171 | B29: MANT. Y REPARACION DE EDIFICIOS | C29: MANT. Y REPARACION DE EDIFICIOS | D29: =C29=B29 -> TRUE | G29: 0 | I29: 20000 | J29: 0 | K29: 12810 | L29: 1200 | M29: =+E29+G29+I29+K29 -> 32810 | N29: =+F29+H29+J29+L29 -> 1200
A30: 174 | B30: MANT. Y REP. DE INSTALACIONES | C30: MANT. Y REP. DE INSTALACIONES | D30: =C30=B30 -> TRUE | E30: 3340 | G30: 3340 | I30: =4765+2000 -> 6765 | J30: 6370 | K30: =4765+2000 -> 6765 | L30: 5885 | M30: =+E30+G30+I30+K30 -> 20210 | N30: =+F30+H30+J30+L30 -> 12255
A31: 182 | B31: SERVICIOS MEDICO-SANITARIOS | C31: SERVICIOS MEDICO-SANITARIOS | D31: =C31=B31 -> TRUE | G31: 100775 | I31: 100125 | J31: 148800 | K31: 98100 | L31: 60500 | M31: =+E31+G31+I31+K31 -> 299000 | N31: =+F31+H31+J31+L31 -> 209300
A32: 197 | B32: SERVICIOS DE VIGILANCIA | C32: SERVICIOS DE VIGILANCIA | D32: =C32=B32 -> TRUE | G32: 0 | I32: 65000 | J32: 0 | K32: 65000 | L32: 52000 | M32: =+E32+G32+I32+K32 -> 130000 | N32: =+F32+H32+J32+L32 -> 52000
A33: 199 | B33: OTROS SERVICIOS NO PERSONALES | C33: OTROS SERVICIOS NO PERSONALES | D33: =C33=B33 -> TRUE | G33: 126308.4 | I33: 49158 | J33: 64692.5 | K33: 49158 | L33: 61174.3 | M33: =+E33+G33+I33+K33 -> 224624.4 | N33: =+F33+H33+J33+L33 -> 125866.8
A34: 261 | B34: ELEMENTOS Y COMPUESTOS QUIMICOS | C34: ELEMENTOS Y COMPUESTOS QUIMICOS | D34: =C34=B34 -> TRUE | G34: 0 | I34: 112906.1 | J34: 63717.17 | K34: 112906.1 | L34: 52569.06 | M34: =+E34+G34+I34+K34 -> 225812.2 | N34: =+F34+H34+J34+L34 -> 116286.23
A35: 262 | B35: COMBUSTIBLES Y LUBRICANTES | C35: COMBUSTIBLES Y LUBRICANTES | D35: =C35=B35 -> TRUE | G35: 0 | I35: 1200 | J35: 0 | K35: 1200 | L35: 0 | M35: =+E35+G35+I35+K35 -> 2400 | N35: =+F35+H35+J35+L35 -> 0
A36: 266 | B36: PRODUCTOS MEDICINALES Y FARMACEUTICOS | C36: PRODUCTOS MEDICINALES Y FARMACEUTICOS | D36: =C36=B36 -> TRUE | G36: 0 | I36: 175013.55 | J36: 45000 | K36: 175013.55 | L36: 7547.5 | M36: =+E36+G36+I36+K36 -> 350027.1 | N36: =+F36+H36+J36+L36 -> 52547.5
A37: 267 | B37: TINTES, PINTURAS Y COLORANTES | C37: TINTES, PINTURAS Y COLORANTES | D37: =C37=B37 -> TRUE | G37: 0 | I37: 2000 | J37: 0 | K37: 2000 | L37: 0 | M37: =+E37+G37+I37+K37 -> 4000 | N37: =+F37+H37+J37+L37 -> 0
A38: 268 | B38: PRODUCTOS PLASTICOS, NYLON, VINIL Y PVC | C38: PRODUCTOS PLASTICOS, NYLON, VINIL Y PVC | D38: =C38=B38 -> TRUE | G38: 0 | I38: 17555.4 | J38: 73841.75 | K38: 17555.4 | L38: 9995 | M38: =+E38+G38+I38+K38 -> 35110.8 | N38: =+F38+H38+J38+L38 -> 83836.75
A39: 269 | B39: OTROS PRODUCTOS QUIMICOS Y CONEXOS | C39: OTROS PRODUCTOS QUIMICOS Y CONEXOS | D39: =C39=B39 -> TRUE | G39: 0 | I39: 1000 | J39: 0 | K39: 1000 | L39: 0 | M39: =+E39+G39+I39+K39 -> 2000 | N39: =+F39+H39+J39+L39 -> 0
A40: 292 | B40: UTILES DE LIMPIEZA Y PRODUCTOS SANITARIOS | C40: UTILES DE LIMPIEZA Y PRODUCTOS SANITARIOS | D40: =C40=B40 -> TRUE | G40: 0 | I40: 0 | J40: 0 | K40: 42390.56 | L40: 41437 | M40: =+E40+G40+I40+K40 -> 42390.56 | N40: =+F40+H40+J40+L40 -> 41437
A41: 295 | B41: UTILES MENORES MEDICO QUIRURGICOS Y DE LAB. | C41: UTILES MENORES MEDICO QUIRURGICOS Y DE LAB. | D41: =C41=B41 -> TRUE | G41: 0 | I41: 2080137.7 | J41: 1047617.1 | K41: 2080137.7 | L41: 634838.76 | M41: =+E41+G41+I41+K41 -> 4160275.5 | N41: =+F41+H41+J41+L41 -> 1682455.9
A42: 297 | B42: UTILES, ACCESORIOS Y MATERIALES ELECTRICOS | C42: UTILES, ACCESORIOS Y MATERIALES ELECTRICOS | D42: =C42=B42 -> TRUE | G42: 0 | I42: 1000 | J42: 5105 | K42: =1000+16731.62 -> 17731.62 | L42: 0 | M42: =+E42+G42+I42+K42 -> 18731.62 | N42: =+F42+H42+J42+L42 -> 5105
A43: 298 | B43: ACCESORIOS Y REPUESTOS EN GENERAL | C43: ACCESORIOS Y REPUESTOS EN GENERAL | D43: =C43=B43 -> TRUE | G43: 0 | I43: 50000 | J43: 6815 | K43: 50000 | L43: 57850 | M43: =+E43+G43+I43+K43 -> 100000 | N43: =+F43+H43+J43+L43 -> 64665
A44: 299 | B44: OTROS MATERIALES Y SUMINISTROS | C44: OTROS MATERIALES Y SUMINISTROS | D44: =C44=B44 -> TRUE | G44: 0 | I44: 40000 | J44: 19450 | K44: 40000 | L44: 42875 | M44: =+E44+G44+I44+K44 -> 80000 | N44: =+F44+H44+J44+L44 -> 62325
A45: 323 | B45: EQUIPO MEDICO-SANITARIO Y DE LABORATORIO | C45: EQUIPO MEDICO-SANITARIO Y DE LABORATORIO | D45: =C45=B45 -> TRUE | G45: 0 | I45: 0 | K45: 0 | L45: 0 | M45: =+E45+G45+I45+K45 -> 0 | N45: =+F45+H45+J45+L45 -> 0
B46: TOTAL GASTOS DE OPERACIÓN | E46: =SUM(E24:E45) -> 3340 | F46: =SUM(F24:F45) -> 0 | G46: =SUM(G24:G45) -> 354218.4 | H46: =SUM(H24:H45) -> 11403.26 | I46: =SUM(I24:I45) -> 3094423 | J46: =SUM(J24:J45) -> 1594516.3 | K46: =SUM(K24:K45) -> 2949873.2 | L46: =SUM(L24:L45) -> 1178461 | ... N46: =SUM(N24:N45) -> 2784380.5
B47: TOTAL GENERAL | E47: =+E46+E21 -> 3609874.1 | F47: =+F46+F21 -> 3001907.1 | G47: =+G46+G21 -> 3960752.5 | H47: =+H46+H21 -> 3012398.6 | I47: =+I46+I21 -> 6700957.1 | J47: =+J46+J21 -> 6527693.4 | K47: =+K46+K21 -> 6556407.3 | L47: =+L46+L21 -> 4804734.4 | ... N47: =+N46+N21 -> 17346734
A71: Programación y ejecucion mensual por tipo de gasto año 2024, Expresado en Quetzales segundo cuatrimestre 2024
A72: No. | B72: =+B15 -> CATEGORIA DEL GASTO DE FUNCIONAMIENTO | E72: Mayo | G72: Junio | I72: Julio | K72: Agosto | M72: Total Cuatrimestre | O72: Total Acumulado
E73: PROG. | F73: EJECUTADO | G73: PROG. | H73: EJECUTADO | I73: PROG. | J73: EJECUTADO | K73: PROG. | L73: EJECUTADO | M73: PROG. | N73: EJECUTADO | O73: PROG. | P73: EJECUTADO
A74: 011 | B74: RECURSO HUMANO
B75: SUELOS Y SALARIOS | E75: 3606534.1 | F75: =3655693.14-398462.42 -> 3257230.7 | G75: 3606534.1 | H75: =3662737.1-399293.9 -> 3263443.2 | I75: =3606534.09+3039852.25 -> 6646386.3 | J75: 3227469.6 | M75: =+E75+G75+I75+K75 -> 13859455 | N75: =+F75+H75+J75+L75 -> 9748143.5 | O75: =+M75+M18 -> 28285591 | P75: =+N75+N18 -> 22722994
B76: BONO 14 | F76: 0 | J76: 3022422.3 | M76: =+E76+G76+I76+K76 -> 0 | N76: =+F76+H76+J76+L76 -> 3022422.3 | O76: =+M76+M19 -> 0 | P76: =+N76+N19 -> 3022422.3
B77: CUOTA PATRONAL | F77: 398462.42 | H77: 399293.9 | J77: 394858.52 | M77: =+E77+G77+I77+K77 -> 0 | N77: =+F77+H77+J77+L77 -> 1192614.8 | O77: =+M77+M20 -> 0 | P77: =+N77+N20 -> 2780117.3
B78: TOTAL RECURSO HUMANO | E78: =SUM(E75:E77) -> 3606534.1 | F78: =SUM(F75:F77) -> 3655693.1 | G78: =SUM(G75:G77) -> 3606534.1 | H78: =SUM(H75:H77) -> 3662737.1 | I78: =SUM(I75:I77) -> 6646386.3 | J78: =SUM(J75:J77) -> 6644750.4 | K78: =SUM(K75:K77) -> 0 | L78: =SUM(L75:L77) -> 0 | ... P78: =SUM(P75:P77) -> 28525534
B80: GASTOS DE OPERACIÓN
A81: 111 | B81: ENERGIA ELECTRICA | C81: ENERGIA ELECTRICA | D81: =C81=B81 -> TRUE | E81: 98000 | F81: 108403.74 | G81: 98000 | H81: 119555.35 | I81: 98000 | J81: 114620.73 | M81: =+E81+G81+I81+K81 -> 294000 | N81: =+F81+H81+J81+L81 -> 342579.82 | O81: =+M81+M24 -> 588000 | P81: =+N81+N24 -> 551944.52
A82: 113 | B82: SERVICIO DE INTERNET Y TELEFONIA | C82: SERVICIO DE INTERNET Y TELEFONIA | D82: =C82=B82 -> TRUE | E82: 11595 | F82: 11434.41 | G82: 11595 | H82: 8432.36 | I82: 11595 | J82: 11346.78 | M82: =+E82+G82+I82+K82 -> 34785 | N82: =+F82+H82+J82+L82 -> 31213.55 | O82: =+M82+M25 -> 69570 | P82: =+N82+N25 -> 65899.23
A83: 122 | B83: IMPRESIÓN, ENCUADERNACION Y REPRODUCCION | C83: IMPRESIÓN, ENCUADERNACION Y REPRODUCCION | D83: =C83=B83 -> TRUE | E83: 8510.25 | F83: 40582 | G83: 8510.25 | H83: 2851.5 | I83: 8510.25 | J83: 31822.6 | M83: =+E83+G83+I83+K83 -> 25530.75 | N83: =+F83+H83+J83+L83 -> 75256.1 | O83: =+M83+M26 -> 42551.25 | P83: =+N83+N26 -> 75256.1
A84: 163 | B84: MANT. Y REP. EQUIPO MEDICO SANITARIO Y DE LAB. | C84: MANT. Y REP. EQUIPO MEDICO SANITARIO Y DE LAB. | D84: =C84=B84 -> TRUE | E84: =40000+199634 -> 239634 | F84: 92068.87 | G84: 58400 | H84: 45230.13 | I84: =40000+175207 -> 215207 | J84: 94936.5 | M84: =+E84+G84+I84+K84 -> 513241 | N84: =+F84+H84+J84+L84 -> 232235.5 | O84: =+M84+M27 -> 821898 | P84: =+N84+N27 -> 263285.5
A85: 169 | B85: MANT. Y REP. DE OTRAS MAQ. Y EQUIPO | C85: MANT. Y REP. DE OTRAS MAQ. Y EQUIPO | D85: =C85=B85 -> TRUE | E85: 13815 | F85: 0 | G85: 0 | H85: 4850 | I85: 0 | J85: 5276 | M85: =+E85+G85+I85+K85 -> 13815 | N85: =+F85+H85+J85+L85 -> 10126 | O85: =+M85+M28 -> 33815 | P85: =+N85+N28 -> 10126
A86: 171 | B86: MANT. Y REPARACION DE EDIFICIOS | C86: MANT. Y REPARACION DE EDIFICIOS | D86: =C86=B86 -> TRUE | E86: 0 | F86: 7400 | G86: 0 | H86: 1200 | I86: 6510 | J86: 1200 | M86: =+E86+G86+I86+K86 -> 6510 | N86: =+F86+H86+J86+L86 -> 9800 | O86: =+M86+M29 -> 39320 | P86: =+N86+N29 -> 11000
A87: 174 | B87: MANT. Y REP. DE INSTALACIONES | C87: MANT. Y REP. DE INSTALACIONES | D87: =C87=B87 -> TRUE | E87: =28390+2000 -> 30390 | F87: 3185 | G87: 6765 | H87: 4535 | I87: 6765 | J87: 4535 | M87: =+E87+G87+I87+K87 -> 43920 | N87: =+F87+H87+J87+L87 -> 12255 | O87: =+M87+M30 -> 64130 | P87: =+N87+N30 -> 24510
A88: 182 | B88: SERVICIOS MEDICO-SANITARIOS | C88: SERVICIOS MEDICO-SANITARIOS | D88: =C88=B88 -> TRUE | E88: 51600 | F88: 60500 | G88: 18600 | H88: 106500 | I88: 18600 | J88: 61100 | M88: =+E88+G88+I88+K88 -> 88800 | N88: =+F88+H88+J88+L88 -> 228100 | O88: =+M88+M31 -> 387800 | P88: =+N88+N31 -> 437400
A89: 197 | B89: SERVICIOS DE VIGILANCIA | C89: SERVICIOS DE VIGILANCIA | D89: =C89=B89 -> TRUE | E89: 65000 | F89: 52000 | G89: 65000 | H89: 52000 | I89: 65000 | J89: 52000 | M89: =+E89+G89+I89+K89 -> 195000 | N89: =+F89+H89+J89+L89 -> 156000 | O89: =+M89+M32 -> 325000 | P89: =+N89+N32 -> 208000
A90: 199 | B90: OTROS SERVICIOS NO PERSONALES | C90: OTROS SERVICIOS NO PERSONALES | D90: =C90=B90 -> TRUE | E90: 59158 | F90: 59162.82 | G90: 51208.2 | H90: 64972.52 | I90: 102358 | J90: 41487.82 | M90: =+E90+G90+I90+K90 -> 212724.2 | N90: =+F90+H90+J90+L90 -> 165623.16 | O90: =+M90+M33 -> 437348.6 | P90: =+N90+N33 -> 291489.96
A91: 261 | B91: ELEMENTOS Y COMPUESTOS QUIMICOS | C91: ELEMENTOS Y COMPUESTOS QUIMICOS | D91: =C91=B91 -> TRUE | E91: 112906.11 | F91: 68095.06 | G91: 112906.11 | H91: 81627.59 | I91: 112906.11 | J91: 68384.59 | M91: =+E91+G91+I91+K91 -> 338718.33 | N91: =+F91+H91+J91+L91 -> 218107.24 | O91: =+M91+M34 -> 564530.53 | P91: =+N91+N34 -> 334393.47
A92: 262 | B92: COMBUSTIBLES Y LUBRICANTES | C92: COMBUSTIBLES Y LUBRICANTES | D92: =C92=B92 -> TRUE | E92: 1200 | F92: 0 | G92: 1200 | H92: 0 | I92: 1200 | J92: 7222.5 | M92: =+E92+G92+I92+K92 -> 3600 | N92: =+F92+H92+J92+L92 -> 7222.5 | O92: =+M92+M35 -> 6000 | P92: =+N92+N35 -> 7222.5
A93: 266 | B93: PRODUCTOS MEDICINALES Y FARMACEUTICOS | C93: PRODUCTOS MEDICINALES Y FARMACEUTICOS | D93: =C93=B93 -> TRUE | E93: 175013.55 | F93: 92631 | G93: 175013.55 | H93: 668640 | I93: 175013.55 | J93: 0 | M93: =+E93+G93+I93+K93 -> 525040.65 | N93: =+F93+H93+J93+L93 -> 761271 | O93: =+M93+M36 -> 875067.75 | P93: =+N93+N36 -> 813818.5
A94: 267 | B94: TINTES, PINTURAS Y COLORANTES | C94: TINTES, PINTURAS Y COLORANTES | D94: =C94=B94 -> TRUE | E94: 2000 | F94: 0 | G94: 2000 | H94: 0 | I94: 2000 | J94: 0 | M94: =+E94+G94+I94+K94 -> 6000 | N94: =+F94+H94+J94+L94 -> 0 | O94: =+M94+M37 -> 10000 | P94: =+N94+N37 -> 0
A95: 268 | B95: PRODUCTOS PLASTICOS, NYLON, VINIL Y PVC | C95: PRODUCTOS PLASTICOS, NYLON, VINIL Y PVC | D95: =C95=B95 -> TRUE | E95: 17555.4 | F95: 0 | G95: 17555.4 | H95: 0 | I95: 17555.4 | J95: 0 | M95: =+E95+G95+I95+K95 -> 52666.2 | N95: =+F95+H95+J95+L95 -> 0 | O95: =+M95+M38 -> 87777 | P95: =+N95+N38 -> 83836.75
A96: 269 | B96: OTROS PRODUCTOS QUIMICOS Y CONEXOS | C96: OTROS PRODUCTOS QUIMICOS Y CONEXOS | D96: =C96=B96 -> TRUE | E96: 1000 | F96: 0 | G96: 1000 | H96: 0 | I96: 1000 | J96: 0 | M96: =+E96+G96+I96+K96 -> 3000 | N96: =+F96+H96+J96+L96 -> 0 | O96: =+M96+M39 -> 5000 | P96: =+N96+N39 -> 0
A97: 292 | B97: UTILES DE LIMPIEZA Y PRODUCTOS SANITARIOS | C97: UTILES DE LIMPIEZA Y PRODUCTOS SANITARIOS | D97: =C97=B97 -> TRUE | E97: 42390.56 | F97: 0 | G97: 0 | H97: 8446.55 | I97: 24427.57 | J97: 0 | M97: =+E97+G97+I97+K97 -> 66818.13 | N97: =+F97+H97+J97+L97 -> 8446.55 | O97: =+M97+M40 -> 109208.69 | P97: =+N97+N40 -> 49883.55
A98: 295 | B98: UTILES MENORES MEDICO QUIRURGICOS Y DE LAB. | C98: UTILES MENORES MEDICO QUIRURGICOS Y DE LAB. | D98: =C98=B98 -> TRUE | E98: 2080137.7 | F98: 2935332.3 | G98: 2080137.7 | H98: 2975878.2 | I98: 2080137.7 | J98: 2648926.5 | M98: =+E98+G98+I98+K98 -> 6240413.2 | N98: =+F98+H98+J98+L98 -> 8560137 | O98: =+M98+M41 -> 10400689 | P98: =+N98+N41 -> 10242593
A99: 297 | B99: UTILES, ACCESORIOS Y MATERIALES ELECTRICOS | C99: UTILES, ACCESORIOS Y MATERIALES ELECTRICOS | D99: =C99=B99 -> TRUE | E99: 1000 | F99: 16622.1 | G99: 1000 | H99: 0 | I99: 1000 | J99: 0 | M99: =+E99+G99+I99+K99 -> 3000 | N99: =+F99+H99+J99+L99 -> 16622.1 | O99: =+M99+M42 -> 21731.62 | P99: =+N99+N42 -> 21727.1
... A102: 323 | B102: EQUIPO MEDICO-SANITARIO Y DE LABORATORIO | C102: EQUIPO MEDICO-SANITARIO Y DE LABORATORIO | D102: =C102=B102 -> TRUE | E102: 415000 | F102: 0 | G102: 35778.32 | H102: 0 | I102: 400000 | J102: 0 | M102: =+E102+G102+I102+K102 -> 850778.32 | N102: =+F102+H102+J102+L102 -> 0 | O102: =+M102+M45 -> 850778.32 | P102: =+N102+N45 -> 0
B103: TOTAL GASTOS DE OPERACIÓN | E103: =SUM(E81:E102) -> 3515905.6 | F103: =SUM(F81:F102) -> 3556500.3 | G103: =SUM(G81:G102) -> 2834669.6 | H103: =SUM(H81:H102) -> 4299904 | I103: =SUM(I81:I102) -> 3437785.6 | J103: =SUM(J81:J102) -> 3189628 | K103: =SUM(K81:K102) -> 0 | L103: =SUM(L81:L102) -> 0 | ... P103: =SUM(P81:P102) -> 13830413
B104: TOTAL GENERAL | E104: =+E103+E78 -> 7122439.7 | F104: =+F103+F78 -> 7212193.5 | G104: =+G103+G78 -> 6441203.7 | H104: =+H103+H78 -> 7962641.1 | I104: =+I103+I78 -> 10084172 | J104: =+J103+J78 -> 9834378.4 | K104: =+K103+K78 -> 0 | L104: =+L103+L78 -> 0 | ... P104: =+P103+P78 -> 42355947
A122: Programación y ejecucion mensual por tipo de gasto año 2024, Expresado en Quetzales tercer cuatrimestre 2024
A123: No. | B123: CATEGORIA DE GASTO | E123: SEPTIEMBRE | G123: OCTUBRE | I123: NOVIEMBRE | K123: DICIEMBRE | M123: TOTAL CUATRIMESTRE | O123: Total Acumulado Anual
E124: PROG. | F124: EJECUTADO | G124: PROG. | H124: EJECUTADO | I124: PROG. | J124: EJECUTADO | K124: PROG. | L124: EJECUTADO | M124: PROG. | N124: EJECUTADO | O124: PROG. | P124: EJECUTADO
A125: 011 | B125: RECURSO HUMANO
B126: SUELOS Y SALARIOS | M126: =+E126+G126+I126+K126 -> 0 | N126: =+F126+H126+J126+L126 -> 0 | O126: =+M126+O75 -> 28285591 | P126: =+N126+P75 -> 22722994
B127: BONO 14 | M127: =+E127+G127+I127+K127 -> 0 | N127: =+F127+H127+J127+L127 -> 0 | O127: =+M127+O76 -> 0 | P127: =+N127+P76 -> 3022422.3
B128: CUOTA PATRONAL | M128: =+E128+G128+I128+K128 -> 0 | N128: =+F128+H128+J128+L128 -> 0 | O128: =+M128+O76 -> 0 | P128: =+N128+P77 -> 2780117.3
B129: TOTAL RECURSO HUMANO | E129: =SUM(E126:E128) -> 0 | F129: =SUM(F126:F128) -> 0 | G129: =SUM(G126:G128) -> 0 | H129: =SUM(H126:H128) -> 0 | I129: =SUM(I126:I128) -> 0 | J129: =SUM(J126:J128) -> 0 | K129: =SUM(K126:K128) -> 0 | L129: =SUM(L126:L128) -> 0 | ... P129: =SUM(P126:P128) -> 28525534
B131: GASTOS DE FUNCIONAMIENTO
A132: 111 | B132: ENERGIA ELECTRICA | M132: =+E132+G132+I132+K132 -> 0 | N132: =+F132+H132+J132+L132 -> 0 | O132: =+M132+O80 -> 0 | P132: =+N132+P81 -> 551944.52
A133: 113 | B133: SERVICIO DE INTERNET Y TELEFONIA | M133: =+E133+G133+I133+K133 -> 0 | N133: =+F133+H133+J133+L133 -> 0 | O133: =+M133+O81 -> 588000 | P133: =+N133+P82 -> 65899.23
A134: 122 | B134: IMPRESIÓN, ENCUADERNACION Y REPRODUCCION | M134: =+E134+G134+I134+K134 -> 0 | N134: =+F134+H134+J134+L134 -> 0 | O134: =+M134+O82 -> 69570 | P134: =+N134+P83 -> 75256.1
A135: 163 | B135: MANT. Y REP. EQUIPO MEDICO SANITARIO Y DE LAB. | M135: =+E135+G135+I135+K135 -> 0 | N135: =+F135+H135+J135+L135 -> 0 | O135: =+M135+O83 -> 42551.25 | P135: =+N135+P84 -> 263285.5
A136: 169 | B136: MANT. Y REP. DE OTRAS MAQ. Y EQUIPO | M136: =+E136+G136+I136+K136 -> 0 | N136: =+F136+H136+J136+L136 -> 0 | O136: =+M136+O84 -> 821898 | P136: =+N136+P85 -> 10126
A137: 171 | B137: MANT. Y REPARACION DE EDIFICIOS | M137: =+E137+G137+I137+K137 -> 0 | N137: =+F137+H137+J137+L137 -> 0 | O137: =+M137+O85 -> 33815 | P137: =+N137+P86 -> 11000
A138: 174 | B138: MANT. Y REP. DE INSTALACIONES | M138: =+E138+G138+I138+K138 -> 0 | N138: =+F138+H138+J138+L138 -> 0 | O138: =+M138+O86 -> 39320 | P138: =+N138+P87 -> 24510
A139: 182 | B139: SERVICIOS MEDICO-SANITARIOS | M139: =+E139+G139+I139+K139 -> 0 | N139: =+F139+H139+J139+L139 -> 0 | O139: =+M139+O87 -> 64130 | P139: =+N139+P88 -> 437400
A140: 197 | B140: SERVICIOS DE VIGILANCIA | M140: =+E140+G140+I140+K140 -> 0 | N140: =+F140+H140+J140+L140 -> 0 | O140: =+M140+O88 -> 387800 | P140: =+N140+P89 -> 208000
A141: 199 | B141: OTROS SERVICIOS NO PERSONALES | M141: =+E141+G141+I141+K141 -> 0 | N141: =+F141+H141+J141+L141 -> 0 | O141: =+M141+O89 -> 325000 | P141: =+N141+P90 -> 291489.96
A142: 261 | B142: ELEMENTOS Y COMPUESTOS QUIMICOS | M142: =+E142+G142+I142+K142 -> 0 | N142: =+F142+H142+J142+L142 -> 0 | O142: =+M142+O90 -> 437348.6 | P142: =+N142+P91 -> 334393.47
A143: 262 | B143: COMBUSTIBLES Y LUBRICANTES | M143: =+E143+G143+I143+K143 -> 0 | N143: =+F143+H143+J143+L143 -> 0 | O143: =+M143+O91 -> 564530.53 | P143: =+N143+P92 -> 7222.5
... A153: 323 | B153: EQUIPO MEDICO-SANITARIO Y DE LABORATORIO | M153: =+E153+G153+I153+K153 -> 0 | N153: =+F153+H153+J153+L153 -> 0 | O153: =+M153+O101 -> 200000 | P153: =+N153+P102 -> 0
B154: TOTAL GASTOS DE FUNCIONAMIENTO | E154: =SUM(E132:E153) -> 0 | F154: =SUM(F132:F153) -> 0 | G154: =SUM(G132:G153) -> 0 | H154: =SUM(H132:H153) -> 0 | I154: =SUM(I132:I153) -> 0 | J154: =SUM(J132:J153) -> 0 | K154: =SUM(K132:K153) -> 0 | L154: =SUM(L132:L153) -> 0 | ... P154: =SUM(P132:P153) -> 13830413
B155: TOTAL GENERAL | E155: =+E154+E129 -> 0 | F155: =+F154+F129 -> 0 | G155: =+G154+G129 -> 0 | H155: =+H154+H129 -> 0 | I155: =+I154+I129 -> 0 | J155: =+J154+J129 -> 0 | K155: =+K154+K129 -> 0 | L155: =+L154+L129 -> 0 | ... P155: =+P154+P129 -> 42355947
B179: RESUMEN AÑO 2024
A180: No. | B180: CATEGORIA DE GASTO | E180: TOTAL ANUAL
E181: PRESUPUESTO | F181: REAL
A182: 011 | B182: RECURSO HUMANO | E182: =+M21+M78+M129 -> 28285591 | F182: =+N21+N78+N129 -> 28525534
B184: GASTOS DE OPERACIÓN
A185: 111 | B185: ENERGIA ELECTRICA | E185: =+M24+M81+M132 -> 588000 | F185: =+N24+N81+N132 -> 551944.52
A186: 113 | B186: TELEFONIA | E186: =+M25+M82+M133 -> 69570 | F186: =+N25+N82+N133 -> 65899.23
A187: 122 | B187: IMPRESIÓN, ENCUADERNACION Y REPRODUCCION | E187: =+M26+M83+M134 -> 42551.25 | F187: =+N26+N83+N134 -> 75256.1
...

Sheet AGOSTO DECE-5
B8: ÀREA FINANCIERA | M8: DECE-5
A10: UNIDAD DE CIRUGIA CARDIOVASCULAR DE GUATEMALA
A11: 5a. AVENIDA 6-22 ZONA 11
A12: dgunicar@yahoo.es Tel. 24163000
A14: Programación y ejecucion mensual por tipo de gasto año 2024, Expresado en Quetzales primer cuatrimestre 2024
A15: No. | B15: CATEGORIA DEL GASTO DE FUNCIONAMIENTO | E15: Enero | G15: Febrero | I15: Marzo | K15: Abril | M15: Total Cuatrimestre
E16: PROG. | F16: EJECUTADO | G16: PROG. | H16: EJECUTADO | I16: PROG. | J16: EJECUTADO | K16: PROG. | L16: EJECUTADO | M16: PROG. | N16: EJECUTADO
B17: RECURSO HUMANO
A18: 011 | B18: SUELOS Y SALARIOS | E18: 3606534.1 | F18: 3001907.1 | G18: 3606534.1 | H18: 3000995.4 | I18: 3606534.1 | J18: 3740944 | K18: 3606534.1 | L18: 3231004 | M18: =+E18+G18+I18+K18 -> 14426136 | N18: =+F18+H18+J18+L18 -> 12974851
B19: BONO 14 | E19: 0 | F19: 0 | G19: 0 | H19: 0 | I19: 0 | J19: 0 | K19: 0 | L19: 0 | M19: =+E19+G19+I19+K19 -> 0 | N19: =+F19+H19+J19+L19 -> 0
B20: CUOTA PATRONAL | E20: 0 | F20: 0 | G20: 0 | H20: 0 | I20: 0 | J20: 1192233.1 | K20: 0 | L20: 395269.37 | M20: =+E20+G20+I20+K20 -> 0 | N20: =+F20+H20+J20+L20 -> 1587502.4
B21: TOTAL RECURSO HUMANO | E21: =SUM(E18:E20) -> 3606534.1 | F21: =SUM(F18:F20) -> 3001907.1 | G21: =SUM(G18:G20) -> 3606534.1 | H21: =SUM(H18:H20) -> 3000995.4 | I21: =SUM(I18:I20) -> 3606534.1 | J21: =SUM(J18:J20) -> 4933177.1 | K21: =SUM(K18:K20) -> 3606534.1 | L21: =SUM(L18:L20) -> 3626273.4 | ... N21: =SUM(N18:N20) -> 14562353
B23: GASTOS DE OPERACIÓN
A24: 111 | B24: ENERGIA ELECTRICA | C24: ENERGIA ELECTRICA | D24: =C24=B24 -> TRUE | G24: 98000 | I24: 98000 | J24: 101723 | K24: 98000 | L24: 107641.7 | M24: =+E24+G24+I24+K24 -> 294000 | N24: =+F24+H24+J24+L24 -> 209364.7
A25: 113 | B25: SERVICIO DE INTERNET Y TELEFONIA | C25: SERVICIO DE INTERNET Y TELEFONIA | D25: =C25=B25 -> TRUE | G25: 11595 | H25: 11403.26 | I25: 11595 | J25: 11384.76 | K25: 11595 | L25: 11897.66 | M25: =+E25+G25+I25+K25 -> 34785 | N25: =+F25+H25+J25+L25 -> 34685.68
A26: 122 | B26: IMPRESIÓN, ENCUADERNACION Y REPRODUCCION | C26: IMPRESIÓN, ENCUADERNACION Y REPRODUCCION | D26: =C26=B26 -> TRUE | G26: 0 | I26: 8510.25 | J26: 0 | K26: 8510.25 | L26: 0 | M26: =+E26+G26+I26+K26 -> 17020.5 | N26: =+F26+H26+J26+L26 -> 0
A27: 163 | B27: MANT. Y REP. EQUIPO MEDICO SANITARIO Y DE LAB. | C27: MANT. Y REP. EQUIPO MEDICO SANITARIO Y DE LAB. | D27: =C27=B27 -> TRUE | G27: 14200 | I27: =214457+40000 -> 254457 | J27: 0 | K27: 40000 | L27: 31050 | M27: =+E27+G27+I27+K27 -> 308657 | N27: =+F27+H27+J27+L27 -> 31050
A28: 169 | B28: MANT. Y REP. DE OTRAS MAQ. Y EQUIPO | C28: MANT. Y REP. DE OTRAS MAQ. Y EQUIPO | D28: =C28=B28 -> TRUE | G28: 0 | I28: 0 | J28: 0 | K28: 20000 | L28: 0 | M28: =+E28+G28+I28+K28 -> 20000 | N28: =+F28+H28+J28+L28 -> 0
A29: 171 | B29: MANT. Y REPARACION DE EDIFICIOS | C29: MANT. Y REPARACION DE EDIFICIOS | D29: =C29=B29 -> TRUE | G29: 0 | I29: 20000 | J29: 0 | K29: 12810 | L29: 1200 | M29: =+E29+G29+I29+K29 -> 32810 | N29: =+F29+H29+J29+L29 -> 1200
A30: 174 | B30: MANT. Y REP. DE INSTALACIONES | C30: MANT. Y REP. DE INSTALACIONES | D30: =C30=B30 -> TRUE | E30: 3340 | G30: 3340 | I30: =4765+2000 -> 6765 | J30: 6370 | K30: =4765+2000 -> 6765 | L30: 5885 | M30: =+E30+G30+I30+K30 -> 20210 | N30: =+F30+H30+J30+L30 -> 12255
A31: 182 | B31: SERVICIOS MEDICO-SANITARIOS | C31: SERVICIOS MEDICO-SANITARIOS | D31: =C31=B31 -> TRUE | G31: 100775 | I31: 100125 | J31: 148800 | K31: 98100 | L31: 60500 | M31: =+E31+G31+I31+K31 -> 299000 | N31: =+F31+H31+J31+L31 -> 209300
A32: 197 | B32: SERVICIOS DE VIGILANCIA | C32: SERVICIOS DE VIGILANCIA | D32: =C32=B32 -> TRUE | G32: 0 | I32: 65000 | J32: 0 | K32: 65000 | L32: 52000 | M32: =+E32+G32+I32+K32 -> 130000 | N32: =+F32+H32+J32+L32 -> 52000
A33: 199 | B33: OTROS SERVICIOS NO PERSONALES | C33: OTROS SERVICIOS NO PERSONALES | D33: =C33=B33 -> TRUE | G33: 126308.4 | I33: 49158 | J33: 64692.5 | K33: 49158 | L33: 61174.3 | M33: =+E33+G33+I33+K33 -> 224624.4 | N33: =+F33+H33+J33+L33 -> 125866.8
A34: 261 | B34: ELEMENTOS Y COMPUESTOS QUIMICOS | C34: ELEMENTOS Y COMPUESTOS QUIMICOS | D34: =C34=B34 -> TRUE | G34: 0 | I34: 112906.1 | J34: 63717.17 | K34: 112906.1 | L34: 52569.06 | M34: =+E34+G34+I34+K34 -> 225812.2 | N34: =+F34+H34+J34+L34 -> 116286.23
A35: 262 | B35: COMBUSTIBLES Y LUBRICANTES | C35: COMBUSTIBLES Y LUBRICANTES | D35: =C35=B35 -> TRUE | G35: 0 | I35: 1200 | J35: 0 | K35: 1200 | L35: 0 | M35: =+E35+G35+I35+K35 -> 2400 | N35: =+F35+H35+J35+L35 -> 0
A36: 266 | B36: PRODUCTOS MEDICINALES Y FARMACEUTICOS | C36: PRODUCTOS MEDICINALES Y FARMACEUTICOS | D36: =C36=B36 -> TRUE | G36: 0 | I36: 175013.55 | J36: 45000 | K36: 175013.55 | L36: 7547.5 | M36: =+E36+G36+I36+K36 -> 350027.1 | N36: =+F36+H36+J36+L36 -> 52547.5
A37: 267 | B37: TINTES, PINTURAS Y COLORANTES | C37: TINTES, PINTURAS Y COLORANTES | D37: =C37=B37 -> TRUE | G37: 0 | I37: 2000 | J37: 0 | K37: 2000 | L37: 0 | M37: =+E37+G37+I37+K37 -> 4000 | N37: =+F37+H37+J37+L37 -> 0
A38: 268 | B38: PRODUCTOS PLASTICOS, NYLON, VINIL Y PVC | C38: PRODUCTOS PLASTICOS, NYLON, VINIL Y PVC | D38: =C38=B38 -> TRUE | G38: 0 | I38: 17555.4 | J38: 73841.75 | K38: 17555.4 | L38: 9995 | M38: =+E38+G38+I38+K38 -> 35110.8 | N38: =+F38+H38+J38+L38 -> 83836.75
A39: 269 | B39: OTROS PRODUCTOS QUIMICOS Y CONEXOS | C39: OTROS PRODUCTOS QUIMICOS Y CONEXOS | D39: =C39=B39 -> TRUE | G39: 0 | I39: 1000 | J39: 0 | K39: 1000 | L39: 0 | M39: =+E39+G39+I39+K39 -> 2000 | N39: =+F39+H39+J39+L39 -> 0
A40: 292 | B40: UTILES DE LIMPIEZA Y PRODUCTOS SANITARIOS | C40: UTILES DE LIMPIEZA Y PRODUCTOS SANITARIOS | D40: =C40=B40 -> TRUE | G40: 0 | I40: 0 | J40: 0 | K40: 42390.56 | L40: 41437 | M40: =+E40+G40+I40+K40 -> 42390.56 | N40: =+F40+H40+J40+L40 -> 41437
A41: 295 | B41: UTILES MENORES MEDICO QUIRURGICOS Y DE LAB. | C41: UTILES MENORES MEDICO QUIRURGICOS Y DE LAB. | D41: =C41=B41 -> TRUE | G41: 0 | I41: 2080137.7 | J41: 1047617.1 | K41: 2080137.7 | L41: 634838.76 | M41: =+E41+G41+I41+K41 -> 4160275.5 | N41: =+F41+H41+J41+L41 -> 1682455.9
A42: 297 | B42: UTILES, ACCESORIOS Y MATERIALES ELECTRICOS | C42: UTILES, ACCESORIOS Y MATERIALES ELECTRICOS | D42: =C42=B42 -> TRUE | G42: 0 | I42: 1000 | J42: 5105 | K42: =1000+16731.62 -> 17731.62 | L42: 0 | M42: =+E42+G42+I42+K42 -> 18731.62 | N42: =+F42+H42+J42+L42 -> 5105
A43: 298 | B43: ACCESORIOS Y REPUESTOS EN GENERAL | C43: ACCESORIOS Y REPUESTOS EN GENERAL | D43: =C43=B43 -> TRUE | G43: 0 | I43: 50000 | J43: 6815 | K43: 50000 | L43: 57850 | M43: =+E43+G43+I43+K43 -> 100000 | N43: =+F43+H43+J43+L43 -> 64665
A44: 299 | B44: OTROS MATERIALES Y SUMINISTROS | C44: OTROS MATERIALES Y SUMINISTROS | D44: =C44=B44 -> TRUE | G44: 0 | I44: 40000 | J44: 19450 | K44: 40000 | L44: 42875 | M44: =+E44+G44+I44+K44 -> 80000 | N44: =+F44+H44+J44+L44 -> 62325
A45: 323 | B45: EQUIPO MEDICO-SANITARIO Y DE LABORATORIO | C45: EQUIPO MEDICO-SANITARIO Y DE LABORATORIO | D45: =C45=B45 -> TRUE | G45: 0 | I45: 0 | K45: 0 | L45: 0 | M45: =+E45+G45+I45+K45 -> 0 | N45: =+F45+H45+J45+L45 -> 0
B46: TOTAL GASTOS DE OPERACIÓN | E46: =SUM(E24:E45) -> 3340 | F46: =SUM(F24:F45) -> 0 | G46: =SUM(G24:G45) -> 354218.4 | H46: =SUM(H24:H45) -> 11403.26 | I46: =SUM(I24:I45) -> 3094423 | J46: =SUM(J24:J45) -> 1594516.3 | K46: =SUM(K24:K45) -> 2949873.2 | L46: =SUM(L24:L45) -> 1178461 | ... N46: =SUM(N24:N45) -> 2784380.5
B47: TOTAL GENERAL | E47: =+E46+E21 -> 3609874.1 | F47: =+F46+F21 -> 3001907.1 | G47: =+G46+G21 -> 3960752.5 | H47: =+H46+H21 -> 3012398.6 | I47: =+I46+I21 -> 6700957.1 | J47: =+J46+J21 -> 6527693.4 | K47: =+K46+K21 -> 6556407.3 | L47: =+L46+L21 -> 4804734.4 | ... N47: =+N46+N21 -> 17346734
A68: Programación y ejecucion mensual por tipo de gasto año 2024, Expresado en Quetzales segundo cuatrimestre 2024
A69: No. | B69: =+B15 -> CATEGORIA DEL GASTO DE FUNCIONAMIENTO | E69: Mayo | G69: Junio | I69: Julio | K69: Agosto | M69: Total Cuatrimestre | O69: Total Acumulado
E70: PROG. | F70: EJECUTADO | G70: PROG. | H70: EJECUTADO | I70: PROG. | J70: EJECUTADO | K70: PROG. | L70: EJECUTADO | M70: PROG. | N70: EJECUTADO | O70: PROG. | P70: EJECUTADO
A71: 011 | B71: RECURSO HUMANO
B72: SUELOS Y SALARIOS | E72: 3606534.1 | F72: =3655693.14-398462.42 -> 3257230.7 | G72: 3606534.1 | H72: =3662737.1-399293.9 -> 3263443.2 | I72: =3606534.09+3039852.25 -> 6646386.3 | J72: 3227469.6 | K72: 3606534.1 | L72: =3627010.22-395385.03 -> 3231625.2 | M72: =+E72+G72+I72+K72 -> 17465989 | N72: =+F72+H72+J72+L72 -> 12979769 | O72: =+M72+M18 -> 31892125 | P72: =+N72+N18 -> 25954619
B73: BONO 14 | F73: 0 | J73: 3022422.3 | M73: =+E73+G73+I73+K73 -> 0 | N73: =+F73+H73+J73+L73 -> 3022422.3 | O73: =+M73+M19 -> 0 | P73: =+N73+N19 -> 3022422.3
B74: CUOTA PATRONAL | F74: 398462.42 | H74: 399293.9 | J74: 394858.52 | L74: 395385.03 | M74: =+E74+G74+I74+K74 -> 0 | N74: =+F74+H74+J74+L74 -> 1587999.9 | O74: =+M74+M20 -> 0 | P74: =+N74+N20 -> 3175502.3
B75: TOTAL RECURSO HUMANO | E75: =SUM(E72:E74) -> 3606534.1 | F75: =SUM(F72:F74) -> 3655693.1 | G75: =SUM(G72:G74) -> 3606534.1 | H75: =SUM(H72:H74) -> 3662737.1 | I75: =SUM(I72:I74) -> 6646386.3 | J75: =SUM(J72:J74) -> 6644750.4 | K75: =SUM(K72:K74) -> 3606534.1 | L75: =SUM(L72:L74) -> 3627010.2 | ... P75: =SUM(P72:P74) -> 32152544
B77: GASTOS DE OPERACIÓN
A78: 111 | B78: ENERGIA ELECTRICA | C78: ENERGIA ELECTRICA | D78: =C78=B78 -> TRUE | E78: 98000 | F78: 108403.74 | G78: 98000 | H78: 119555.35 | I78: 98000 | J78: 114620.73 | K78: 98000 | L78: 110433.58 | M78: =+E78+G78+I78+K78 -> 392000 | N78: =+F78+H78+J78+L78 -> 453013.4 | O78: =+M78+M24 -> 686000 | P78: =+N78+N24 -> 662378.1
A79: 113 | B79: SERVICIO DE INTERNET Y TELEFONIA | C79: SERVICIO DE INTERNET Y TELEFONIA | D79: =C79=B79 -> TRUE | E79: 11595 | F79: 11434.41 | G79: 11595 | H79: 8432.36 | I79: 11595 | J79: 11346.78 | K79: 11595 | L79: 14206.34 | M79: =+E79+G79+I79+K79 -> 46380 | N79: =+F79+H79+J79+L79 -> 45419.89 | O79: =+M79+M25 -> 81165 | P79: =+N79+N25 -> 80105.57
A80: 122 | B80: IMPRESIÓN, ENCUADERNACION Y REPRODUCCION | C80: IMPRESIÓN, ENCUADERNACION Y REPRODUCCION | D80: =C80=B80 -> TRUE | E80: 8510.25 | F80: 40582 | G80: 8510.25 | H80: 2851.5 | I80: 8510.25 | J80: 31822.6 | K80: 8510.26 | L80: 1131 | M80: =+E80+G80+I80+K80 -> 34041.01 | N80: =+F80+H80+J80+L80 -> 76387.1 | O80: =+M80+M26 -> 51061.51 | P80: =+N80+N26 -> 76387.1
A81: 163 | B81: MANT. Y REP. EQUIPO MEDICO SANITARIO Y DE LAB. | C81: MANT. Y REP. EQUIPO MEDICO SANITARIO Y DE LAB. | D81: =C81=B81 -> TRUE | E81: =40000+199634 -> 239634 | F81: 92068.87 | G81: 58400 | H81: 45230.13 | I81: =40000+175207 -> 215207 | J81: 94936.5 | K81: 40000 | L81: 27395 | M81: =+E81+G81+I81+K81 -> 553241 | N81: =+F81+H81+J81+L81 -> 259630.5 | O81: =+M81+M27 -> 861898 | P81: =+N81+N27 -> 290680.5
A82: 169 | B82: MANT. Y REP. DE OTRAS MAQ. Y EQUIPO | C82: MANT. Y REP. DE OTRAS MAQ. Y EQUIPO | D82: =C82=B82 -> TRUE | E82: 13815 | F82: 0 | G82: 0 | H82: 4850 | I82: 0 | J82: 5276 | K82: 0 | L82: 5000 | M82: =+E82+G82+I82+K82 -> 13815 | N82: =+F82+H82+J82+L82 -> 15126 | O82: =+M82+M28 -> 33815 | P82: =+N82+N28 -> 15126
A83: 171 | B83: MANT. Y REPARACION DE EDIFICIOS | C83: MANT. Y REPARACION DE EDIFICIOS | D83: =C83=B83 -> TRUE | E83: 0 | F83: 7400 | G83: 0 | H83: 1200 | I83: 6510 | J83: 1200 | K83: 0 | L83: 1200 | M83: =+E83+G83+I83+K83 -> 6510 | N83: =+F83+H83+J83+L83 -> 11000 | O83: =+M83+M29 -> 39320 | P83: =+N83+N29 -> 12200
A84: 174 | B84: MANT. Y REP. DE INSTALACIONES | C84: MANT. Y REP. DE INSTALACIONES | D84: =C84=B84 -> TRUE | E84: =28390+2000 -> 30390 | F84: 3185 | G84: 6765 | H84: 4535 | I84: 6765 | J84: 4535 | K84: 6765 | L84: 4535 | M84: =+E84+G84+I84+K84 -> 50685 | N84: =+F84+H84+J84+L84 -> 16790 | O84: =+M84+M30 -> 70895 | P84: =+N84+N30 -> 29045
A85: 182 | B85: SERVICIOS MEDICO-SANITARIOS | C85: SERVICIOS MEDICO-SANITARIOS | D85: =C85=B85 -> TRUE | E85: 51600 | F85: 60500 | G85: 18600 | H85: 106500 | I85: 18600 | J85: 61100 | K85: 18600 | L85: 31000 | M85: =+E85+G85+I85+K85 -> 107400 | N85: =+F85+H85+J85+L85 -> 259100 | O85: =+M85+M31 -> 406400 | P85: =+N85+N31 -> 468400
A86: 197 | B86: SERVICIOS DE VIGILANCIA | C86: SERVICIOS DE VIGILANCIA | D86: =C86=B86 -> TRUE | E86: 65000 | F86: 52000 | G86: 65000 | H86: 52000 | I86: 65000 | J86: 52000 | K86: 65000 | L86: 52000 | M86: =+E86+G86+I86+K86 -> 260000 | N86: =+F86+H86+J86+L86 -> 208000 | O86: =+M86+M32 -> 390000 | P86: =+N86+N32 -> 260000
A87: 199 | B87: OTROS SERVICIOS NO PERSONALES | C87: OTROS SERVICIOS NO PERSONALES | D87: =C87=B87 -> TRUE | E87: 59158 | F87: 59162.82 | G87: 51208.2 | H87: 64972.52 | I87: 102358 | J87: 41487.82 | K87: 49158 | L87: 87720.12 | M87: =+E87+G87+I87+K87 -> 261882.2 | N87: =+F87+H87+J87+L87 -> 253343.28 | O87: =+M87+M33 -> 486506.6 | P87: =+N87+N33 -> 379210.08
A88: 261 | B88: ELEMENTOS Y COMPUESTOS QUIMICOS | C88: ELEMENTOS Y COMPUESTOS QUIMICOS | D88: =C88=B88 -> TRUE | E88: 112906.11 | F88: 68095.06 | G88: 112906.11 | H88: 81627.59 | I88: 112906.11 | J88: 68384.59 | K88: 112906.11 | L88: 86430.59 | M88: =+E88+G88+I88+K88 -> 451624.44 | N88: =+F88+H88+J88+L88 -> 304537.83 | O88: =+M88+M34 -> 677436.64 | P88: =+N88+N34 -> 420824.06
A89: 262 | B89: COMBUSTIBLES Y LUBRICANTES | C89: COMBUSTIBLES Y LUBRICANTES | D89: =C89=B89 -> TRUE | E89: 1200 | F89: 0 | G89: 1200 | H89: 0 | I89: 1200 | J89: 7222.5 | K89: 1200 | L89: 0 | M89: =+E89+G89+I89+K89 -> 4800 | N89: =+F89+H89+J89+L89 -> 7222.5 | O89: =+M89+M35 -> 7200 | P89: =+N89+N35 -> 7222.5
A90: 266 | B90: PRODUCTOS MEDICINALES Y FARMACEUTICOS | C90: PRODUCTOS MEDICINALES Y FARMACEUTICOS | D90: =C90=B90 -> TRUE | E90: 175013.55 | F90: 92631 | G90: 175013.55 | H90: 668640 | I90: 175013.55 | J90: 0 | K90: 175013.54 | L90: 691681.98 | M90: =+E90+G90+I90+K90 -> 700054.19 | N90: =+F90+H90+J90+L90 -> 1452953 | O90: =+M90+M36 -> 1050081.3 | P90: =+N90+N36 -> 1505500.5
A91: 267 | B91: TINTES, PINTURAS Y COLORANTES | C91: TINTES, PINTURAS Y COLORANTES | D91: =C91=B91 -> TRUE | E91: 2000 | F91: 0 | G91: 2000 | H91: 0 | I91: 2000 | J91: 0 | K91: 2000 | L91: 0 | M91: =+E91+G91+I91+K91 -> 8000 | N91: =+F91+H91+J91+L91 -> 0 | O91: =+M91+M37 -> 12000 | P91: =+N91+N37 -> 0
A92: 268 | B92: PRODUCTOS PLASTICOS, NYLON, VINIL Y PVC | C92: PRODUCTOS PLASTICOS, NYLON, VINIL Y PVC | D92: =C92=B92 -> TRUE | E92: 17555.4 | F92: 0 | G92: 17555.4 | H92: 0 | I92: 17555.4 | J92: 0 | K92: 17555.4 | L92: 14685 | M92: =+E92+G92+I92+K92 -> 70221.6 | N92: =+F92+H92+J92+L92 -> 14685 | O92: =+M92+M38 -> 105332.4 | P92: =+N92+N38 -> 98521.75
A93: 269 | B93: OTROS PRODUCTOS QUIMICOS Y CONEXOS | C93: OTROS PRODUCTOS QUIMICOS Y CONEXOS | D93: =C93=B93 -> TRUE | E93: 1000 | F93: 0 | G93: 1000 | H93: 0 | I93: 1000 | J93: 0 | K93: 1000 | L93: 0 | M93: =+E93+G93+I93+K93 -> 4000 | N93: =+F93+H93+J93+L93 -> 0 | O93: =+M93+M39 -> 6000 | P93: =+N93+N39 -> 0
A94: 292 | B94: UTILES DE LIMPIEZA Y PRODUCTOS SANITARIOS | C94: UTILES DE LIMPIEZA Y PRODUCTOS SANITARIOS | D94: =C94=B94 -> TRUE | E94: 42390.56 | F94: 0 | G94: 0 | H94: 8446.55 | I94: 24427.57 | J94: 0 | K94: 24427.57 | L94: 0 | M94: =+E94+G94+I94+K94 -> 91245.7 | N94: =+F94+H94+J94+L94 -> 8446.55 | O94: =+M94+M40 -> 133636.26 | P94: =+N94+N40 -> 49883.55
A95: 295 | B95: UTILES MENORES MEDICO QUIRURGICOS Y DE LAB. | C95: UTILES MENORES MEDICO QUIRURGICOS Y DE LAB. | D95: =C95=B95 -> TRUE | E95: 2080137.7 | F95: 2935332.3 | G95: 2080137.7 | H95: 2975878.2 | I95: 2080137.7 | J95: 2648926.5 | K95: 2080137.7 | L95: 1441322.8 | M95: =+E95+G95+I95+K95 -> 8320551 | N95: =+F95+H95+J95+L95 -> 10001460 | O95: =+M95+M41 -> 12480826 | P95: =+N95+N41 -> 11683916
A96: 297 | B96: UTILES, ACCESORIOS Y MATERIALES ELECTRICOS | C96: UTILES, ACCESORIOS Y MATERIALES ELECTRICOS | D96: =C96=B96 -> TRUE | E96: 1000 | F96: 16622.1 | G96: 1000 | H96: 0 | I96: 1000 | J96: 0 | K96: 1000 | L96: 0 | M96: =+E96+G96+I96+K96 -> 4000 | N96: =+F96+H96+J96+L96 -> 16622.1 | O96: =+M96+M42 -> 22731.62 | P96: =+N96+N42 -> 21727.1
... A99: 323 | B99: EQUIPO MEDICO-SANITARIO Y DE LABORATORIO | C99: EQUIPO MEDICO-SANITARIO Y DE LABORATORIO | D99: =C99=B99 -> TRUE | E99: 415000 | F99: 0 | G99: 35778.32 | H99: 0 | I99: 400000 | J99: 0 | K99: 0 | L99: 0 | M99: =+E99+G99+I99+K99 -> 850778.32 | N99: =+F99+H99+J99+L99 -> 0 | O99: =+M99+M45 -> 850778.32 | P99: =+N99+N45 -> 0
B100: TOTAL GASTOS DE OPERACIÓN | E100: =SUM(E78:E99) -> 3515905.6 | F100: =SUM(F78:F99) -> 3556500.3 | G100: =SUM(G78:G99) -> 2834669.6 | H100: =SUM(H78:H99) -> 4299904 | I100: =SUM(I78:I99) -> 3437785.6 | J100: =SUM(J78:J99) -> 3189628 | K100: =SUM(K78:K99) -> 2802868.6 | L100: =SUM(L78:L99) -> 2614010.7 | ... P100: =SUM(P78:P99) -> 16444424
B101: TOTAL GENERAL | E101: =+E100+E75 -> 7122439.7 | F101: =+F100+F75 -> 7212193.5 | G101: =+G100+G75 -> 6441203.7 | H101: =+H100+H75 -> 7962641.1 | I101: =+I100+I75 -> 10084172 | J101: =+J100+J75 -> 9834378.4 | K101: =+K100+K75 -> 6409402.7 | L101: =+L100+L75 -> 6241020.9 | ... P101: =+P100+P75 -> 48596968
A119: Programación y ejecucion mensual por tipo de gasto año 2024, Expresado en Quetzales tercer cuatrimestre 2024
A120: No. | B120: CATEGORIA DE GASTO | E120: SEPTIEMBRE | G120: OCTUBRE | I120: NOVIEMBRE | K120: DICIEMBRE | M120: TOTAL CUATRIMESTRE | O120: Total Acumulado Anual
E121: PROG. | F121: EJECUTADO | G121: PROG. | H121: EJECUTADO | I121: PROG. | J121: EJECUTADO | K121: PROG. | L121: EJECUTADO | M121: PROG. | N121: EJECUTADO | O121: PROG. | P121: EJECUTADO
A122: 011 | B122: RECURSO HUMANO
B123: SUELOS Y SALARIOS | M123: =+E123+G123+I123+K123 -> 0 | N123: =+F123+H123+J123+L123 -> 0 | O123: =+M123+O72 -> 31892125 | P123: =+N123+P72 -> 25954619
B124: BONO 14 | M124: =+E124+G124+I124+K124 -> 0 | N124: =+F124+H124+J124+L124 -> 0 | O124: =+M124+O73 -> 0 | P124: =+N124+P73 -> 3022422.3
B125: CUOTA PATRONAL | M125: =+E125+G125+I125+K125 -> 0 | N125: =+F125+H125+J125+L125 -> 0 | O125: =+M125+O73 -> 0 | P125: =+N125+P74 -> 3175502.3
B126: TOTAL RECURSO HUMANO | E126: =SUM(E123:E125) -> 0 | F126: =SUM(F123:F125) -> 0 | G126: =SUM(G123:G125) -> 0 | H126: =SUM(H123:H125) -> 0 | I126: =SUM(I123:I125) -> 0 | J126: =SUM(J123:J125) -> 0 | K126: =SUM(K123:K125) -> 0 | L126: =SUM(L123:L125) -> 0 | ... P126: =SUM(P123:P125) -> 32152544
B128: GASTOS DE FUNCIONAMIENTO
A129: 111 | B129: ENERGIA ELECTRICA | M129: =+E129+G129+I129+K129 -> 0 | N129: =+F129+H129+J129+L129 -> 0 | O129: =+M129+O77 -> 0 | P129: =+N129+P78 -> 662378.1
A130: 113 | B130: SERVICIO DE INTERNET Y TELEFONIA | M130: =+E130+G130+I130+K130 -> 0 | N130: =+F130+H130+J130+L130 -> 0 | O130: =+M130+O78 -> 686000 | P130: =+N130+P79 -> 80105.57
A131: 122 | B131: IMPRESIÓN, ENCUADERNACION Y REPRODUCCION | M131: =+E131+G131+I131+K131 -> 0 | N131: =+F131+H131+J131+L131 -> 0 | O131: =+M131+O79 -> 81165 | P131: =+N131+P80 -> 76387.1
A132: 163 | B132: MANT. Y REP. EQUIPO MEDICO SANITARIO Y DE LAB. | M132: =+E132+G132+I132+K132 -> 0 | N132: =+F132+H132+J132+L132 -> 0 | O132: =+M132+O80 -> 51061.51 | P132: =+N132+P81 -> 290680.5
A133: 169 | B133: MANT. Y REP. DE OTRAS MAQ. Y EQUIPO | M133: =+E133+G133+I133+K133 -> 0 | N133: =+F133+H133+J133+L133 -> 0 | O133: =+M133+O81 -> 861898 | P133: =+N133+P82 -> 15126
A134: 171 | B134: MANT. Y REPARACION DE EDIFICIOS | M134: =+E134+G134+I134+K134 -> 0 | N134: =+F134+H134+J134+L134 -> 0 | O134: =+M134+O82 -> 33815 | P134: =+N134+P83 -> 12200
A135: 174 | B135: MANT. Y REP. DE INSTALACIONES | M135: =+E135+G135+I135+K135 -> 0 | N135: =+F135+H135+J135+L135 -> 0 | O135: =+M135+O83 -> 39320 | P135: =+N135+P84 -> 29045
A136: 182 | B136: SERVICIOS MEDICO-SANITARIOS | M136: =+E136+G136+I136+K136 -> 0 | N136: =+F136+H136+J136+L136 -> 0 | O136: =+M136+O84 -> 70895 | P136: =+N136+P85 -> 468400
A137: 197 | B137: SERVICIOS DE VIGILANCIA | M137: =+E137+G137+I137+K137 -> 0 | N137: =+F137+H137+J137+L137 -> 0 | O137: =+M137+O85 -> 406400 | P137: =+N137+P86 -> 260000
A138: 199 | B138: OTROS SERVICIOS NO PERSONALES | M138: =+E138+G138+I138+K138 -> 0 | N138: =+F138+H138+J138+L138 -> 0 | O138: =+M138+O86 -> 390000 | P138: =+N138+P87 -> 379210.08
A139: 261 | B139: ELEMENTOS Y COMPUESTOS QUIMICOS | M139: =+E139+G139+I139+K139 -> 0 | N139: =+F139+H139+J139+L139 -> 0 | O139: =+M139+O87 -> 486506.6 | P139: =+N139+P88 -> 420824.06
A140: 262 | B140: COMBUSTIBLES Y LUBRICANTES | M140: =+E140+G140+I140+K140 -> 0 | N140: =+F140+H140+J140+L140 -> 0 | O140: =+M140+O88 -> 677436.64 | P140: =+N140+P89 -> 7222.5
... A150: 323 | B150: EQUIPO MEDICO-SANITARIO Y DE LABORATORIO | M150: =+E150+G150+I150+K150 -> 0 | N150: =+F150+H150+J150+L150 -> 0 | O150: =+M150+O98 -> 240000 | P150: =+N150+P99 -> 0
B151: TOTAL GASTOS DE FUNCIONAMIENTO | E151: =SUM(E129:E150) -> 0 | F151: =SUM(F129:F150) -> 0 | G151: =SUM(G129:G150) -> 0 | H151: =SUM(H129:H150) -> 0 | I151: =SUM(I129:I150) -> 0 | J151: =SUM(J129:J150) -> 0 | K151: =SUM(K129:K150) -> 0 | L151: =SUM(L129:L150) -> 0 | ... P151: =SUM(P129:P150) -> 16444424
B152: TOTAL GENERAL | E152: =+E151+E126 -> 0 | F152: =+F151+F126 -> 0 | G152: =+G151+G126 -> 0 | H152: =+H151+H126 -> 0 | I152: =+I151+I126 -> 0 | J152: =+J151+J126 -> 0 | K152: =+K151+K126 -> 0 | L152: =+L151+L126 -> 0 | ... P152: =+P151+P126 -> 48596968
B176: RESUMEN AÑO 2024
A177: No. | B177: CATEGORIA DE GASTO | E177: TOTAL ANUAL
E178: PRESUPUESTO | F178: REAL
A179: 011 | B179: RECURSO HUMANO | E179: =+M21+M75+M126 -> 31892125 | F179: =+N21+N75+N126 -> 32152544
B181: GASTOS DE OPERACIÓN
A182: 111 | B182: ENERGIA ELECTRICA | E182: =+M24+M78+M129 -> 686000 | F182: =+N24+N78+N129 -> 662378.1
A183: 113 | B183: TELEFONIA | E183: =+M25+M79+M130 -> 81165 | F183: =+N25+N79+N130 -> 80105.57
A184: 122 | B184: IMPRESIÓN, ENCUADERNACION Y REPRODUCCION | E184: =+M26+M80+M131 -> 51061.51 | F184: =+N26+N80+N131 -> 76387.1
...

Sheet MAYO ANEXO A DECE-5
B8: ÀREA FINANCIERA | I8: ANEXO DE DECE-5
A10: UNIDAD DE CIRUGIA CARDIOVASCULAR DE GUATEMALA
A11: 5a. AVENIDA 6-22 ZONA 11
A12: dgunicar@yahoo.es Tel. 24163000
A14: Programación mensual por tipo de gasto año 2018, Expresado en Quetzales primer cuatrimestre 2018
A15: No. | B15: CATEGORIA DE GASTO | C15: ENERO | E15: FEBRERO | G15: MARZO | I15: ABRIL
C16: PRESUPUESTO | D16: REAL | E16: PRESUPUESTO | F16: REAL | G16: PRESUPUESTO | H16: REAL | I16: PRESUPUESTO | J16: REAL
B17: RECURSO HUMANO | C17: 1764858.4 | D17: 1492317.4 | E17: 1764858.4 | F17: 1792563.6 | G17: 1764858.4 | H17: 1578007.9 | I17: 1764858.4 | J17: 1803793.6
B19: GASTOS DE FUNCIONAMIENTO | C19: =+C27+C43 -> 2818474.9 | D19: =+D27+D43 -> 0 | E19: =+E27+E43 -> 2818474.9 | F19: =+F27+F43 -> 67111.02 | G19: =+G27+G43 -> 2818474.9 | H19: =+H27+H43 -> 58543.64 | I19: =+I27+I43 -> 2818474.9 | J19: =+J27+J43 -> 3743927.3
B20: ENERGIA ELECTRICA | C20: 62500 | E20: 62500 | F20: 56112.02 | G20: 62500 | I20: 62500 | J20: 68083.01
B21: TELEFONIA | C21: 7500 | E21: 7500 | F21: 10999 | G21: 7500 | H21: 11011 | I21: 7500 | J21: 10992
B22: IMPRESIÓN, ENCUADERNACION Y REPRODUCCION | C22: 8133.97 | E22: 8133.97 | G22: 8133.97 | I22: 8133.97 | J22: 4358
B23: MANT. Y REP. EQUIPO MEDICO SANITARIO Y DE LAB. | C23: 33333.33 | E23: 33333.33 | G23: 33333.33 | I23: 33333.33 | J23: 45020
B24: SERVICIOS MEDICO-SANITARIOS | C24: 165141.75 | E24: 165141.75 | G24: 165141.75 | H24: 1000 | I24: 165141.75 | J24: 26842.86
B25: SERVICIOS DE VIGILANCIA | C25: 40000 | E25: 40000 | G25: 40000 | I25: 40000 | J25: 76240
B26: OTROS SERVICIOS NO PERSONALES | C26: 26305.03 | E26: 26305.03 | G26: 26305.03 | H26: 46532.64 | I26: 26305.03 | J26: 55063.68
B27: SUMA GASTOS GENERALES | C27: =SUM(C20:C26) -> 342914.08 | D27: =SUM(D20:D26) -> 0 | E27: =SUM(E20:E26) -> 342914.08 | F27: =SUM(F20:F26) -> 67111.02 | G27: =SUM(G20:G26) -> 342914.08 | H27: =SUM(H20:H26) -> 58543.64 | I27: =SUM(I20:I26) -> 342914.08 | J27: =SUM(J20:J26) -> 286599.55
B28: MATERIALES Y SUMINISTROS
B29: ALIMENTOS PARA PERSONAS | C29: 60936.45 | E29: 60936.45 | G29: 60936.45 | I29: 60936.45 | J29: 202940.25
B30: ACABADOS TEXTILES | C30: 600 | E30: 600 | G30: 600 | I30: 600
B31: PRODUCTOS DE PAPEL O CARTON | C31: 945.42 | E31: 945.42 | G31: 945.42 | I31: 945.42
B32: ELEMENTOS Y COMPUESTOS QUIMICOS | C32: 169652.57 | E32: 169652.57 | G32: 169652.57 | I32: 169652.57 | J32: 178282.05
B33: COMBUSTIBLES Y LUBRICANTES | C33: 912 | E33: 912 | G33: 912 | I33: 912
B34: PRODUCTOS MEDICINALES Y FARMACEUTICOS | C34: 427229.65 | E34: 427229.65 | G34: 427229.65 | I34: 427229.65 | J34: 1425199.8
B35: TINTES, PINTURAS Y COLORANTES | C35: 100 | E35: 100 | G35: 100 | I35: 100
B36: PRODUCTOS PLASTICOS, NYLON, VINIL Y PVC | C36: 13579.7 | E36: 13579.7 | G36: 13579.7 | I36: 13579.7 | J36: 75162.24
B37: OTROS PRODUCTOS METALICOS | C37: 310 | E37: 310 | G37: 310 | I37: 310
B38: UTILES DE LIMPIEZA Y PRODUCTOS SANITARIOS | C38: 10809.43 | E38: 10809.43 | G38: 10809.43 | I38: 10809.43 | J38: 14528.6
B39: UTILES MENORES MEDICO QUIRURGICOS Y DE LAB. | C39: 1780006.3 | E39: 1780006.3 | G39: 1780006.3 | I39: 1780006.3 | J39: 1545914.8
B40: UTILES, ACCESORIOS Y MATERIALES ELECTRICOS | C40: 2208.7 | E40: 2208.7 | G40: 2208.7 | I40: 2208.7 | J40: 15300
B41: ACCESORIOS Y REPUESTOS EN GENERAL | C41: 8105.1 | E41: 8105.1 | G41: 8105.1 | I41: 8105.1
B42: OTROS MATERIALES Y SUMINISTROS | C42: 165.5 | E42: 165.5 | G42: 165.5 | I42: 165.5
B43: TOTAL MATERIALES Y SUMINISTROS | C43: =SUM(C29:C42) -> 2475560.8 | D43: =SUM(D29:D42) -> 0 | E43: =SUM(E29:E42) -> 2475560.8 | F43: =SUM(F29:F42) -> 0 | G43: =SUM(G29:G42) -> 2475560.8 | H43: =SUM(H29:H42) -> 0 | I43: =SUM(I29:I42) -> 2475560.8 | J43: =SUM(J29:J42) -> 3457327.8
A46: Programación mensual por tipo de gasto año 2016, Expresado en Quetzales
A47: No. | B47: Categoría de Gasto | C47: Julio | E47: Agosto | G47: Septiembre
B48: Recurso Humano | C48: Pto. | D48: Real | E48: Pto. | F48: Real | G48: Pto. | H48: Real
B51: Gastos de Funcionamiento
B52: detallar cada gasto cargado
A60: TOTALES
A73: Programación mensual por tipo de gasto año 2018, Expresado en Quetzales segundo cuatrimestre 2018
A74: No. | B74: CATEGORIA DE GASTO | C74: MAYO | E74: JUNIO | G74: JULIO | I74: AGOSTO
C75: PRESUPUESTO | D75: REAL | E75: PRESUPUESTO | F75: REAL | G75: PRESUPUESTO | H75: REAL | I75: PRESUPUESTO | J75: REAL
B76: RECURSO HUMANO | C76: 1764858.4 | D76: 2281196.2 | E76: 1764858.4 | F76: 1896496.9
B78: GASTOS DE FUNCIONAMIENTO | C78: =+C86+C102 -> 2818474.9 | D78: =+D86+D102 -> 3820610.3 | E78: =+E86+E102 -> 2818474.9 | F78: =+F86+F102 -> 2361172.2 | G78: =+G86+G102 -> 0 | H78: =+H86+H102 -> 0 | I78: =+I86+I102 -> 0 | J78: =+J86+J102 -> 0
B79: ENERGIA ELECTRICA | C79: 62500 | D79: 138609.61 | E79: 62500
B80: TELEFONIA | C80: 7500 | D80: 9818.25 | E80: 7500 | F80: 9560.36
B81: IMPRESIÓN, ENCUADERNACION Y REPRODUCCION | C81: 8133.97 | E81: 8133.97 | F81: 39787
B82: MANT. Y REP. EQUIPO MEDICO SANITARIO Y DE LAB. | C82: 33333.33 | D82: 19161.8 | E82: 33333.33
B83: SERVICIOS MEDICO-SANITARIOS | C83: 165141.75 | D83: 4057.14 | E83: 165141.75 | F83: 184282.78
B84: SERVICIOS DE VIGILANCIA | C84: 40000 | D84: 38120 | E84: 40000 | F84: 38120
B85: OTROS SERVICIOS NO PERSONALES | C85: 26305.03 | D85: 48548.64 | E85: 26305.03 | F85: 44604
B86: SUMA GASTOS GENERALES | C86: =SUM(C79:C85) -> 342914.08 | D86: =SUM(D79:D85) -> 258315.44 | E86: =SUM(E79:E85) -> 342914.08 | F86: =SUM(F79:F85) -> 316354.14 | G86: =SUM(G79:G85) -> 0 | H86: =SUM(H79:H85) -> 0 | I86: =SUM(I79:I85) -> 0 | J86: =SUM(J79:J85) -> 0
B87: MATERIALES Y SUMINISTROS
B88: ALIMENTOS PARA PERSONAS | C88: 60936.45 | D88: 1023 | E88: 60936.45 | F88: 58023.7
B89: ACABADOS TEXTILES | C89: 600 | E89: 600
B90: PRODUCTOS DE PAPEL O CARTON | C90: 945.42 | E90: 945.42
B91: ELEMENTOS Y COMPUESTOS QUIMICOS | C91: 169652.57 | D91: 181188.84 | E91: 169652.57 | F91: 66957.58
B92: COMBUSTIBLES Y LUBRICANTES | C92: 912 | E92: 912
B93: PRODUCTOS MEDICINALES Y FARMACEUTICOS | C93: 427229.65 | D93: 535053.33 | E93: 427229.65 | F93: 261536.69
B94: TINTES, PINTURAS Y COLORANTES | C94: 100 | E94: 100
B95: PRODUCTOS PLASTICOS, NYLON, VINIL Y PVC | C95: 13579.7 | D95: 6224.76 | E95: 13579.7 | F95: 6630
B96: OTROS PRODUCTOS METALICOS | C96: 310 | D96: 3610 | E96: 310
B97: UTILES DE LIMPIEZA Y PRODUCTOS SANITARIOS | C97: 10809.43 | D97: 39404.76 | E97: 10809.43 | F97: 23463
B98: UTILES MENORES MEDICO QUIRURGICOS Y DE LAB. | C98: 1780006.3 | D98: 2752150.2 | E98: 1780006.3 | F98: 1617110.1
B99: UTILES, ACCESORIOS Y MATERIALES ELECTRICOS | C99: 2208.7 | E99: 2208.7 | F99: 11097
B100: ACCESORIOS Y REPUESTOS EN GENERAL | C100: 8105.1 | D100: 43640 | E100: 8105.1
B101: OTROS MATERIALES Y SUMINISTROS | C101: 165.5 | E101: 165.5
B102: TOTAL MATERIALES Y SUMINISTROS | C102: =SUM(C88:C101) -> 2475560.8 | D102: =SUM(D88:D101) -> 3562294.9 | E102: =SUM(E88:E101) -> 2475560.8 | F102: =SUM(F88:F101) -> 2044818 | G102: =SUM(G88:G101) -> 0 | H102: =SUM(H88:H101) -> 0 | I102: =SUM(I88:I101) -> 0 | J102: =SUM(J88:J101) -> 0
A123: Programación mensual por tipo de gasto año 2017, Expresado en Quetzales tercer cuatrimestre 2018
A124: No. | B124: CATEGORIA DE GASTO | C124: SEPTIEMBRE | E124: OCTUBRE | G124: NOVIEMBRE | I124: DICIEMBRE
C125: PRESUPUESTO | D125: REAL | E125: PRESUPUESTO | F125: REAL | G125: PRESUPUESTO | H125: REAL | I125: PRESUPUESTO | J125: REAL
B126: RECURSO HUMANO
B128: GASTOS DE FUNCIONAMIENTO | C128: =+C136+C152 -> 0 | D128: =+D136+D152 -> 0 | E128: =+E136+E152 -> 0 | F128: =+F136+F152 -> 0 | G128: =+G136+G152 -> 0 | H128: =+H136+H152 -> 0 | I128: =+I136+I152 -> 0 | J128: =+J136+J152 -> 0
B129: ENERGIA ELECTRICA
B130: TELEFONIA
B131: IMPRESIÓN, ENCUADERNACION Y REPRODUCCION
B132: MANT. Y REP. EQUIPO MEDICO SANITARIO Y DE LAB.
B133: SERVICIOS MEDICO-SANITARIOS
B134: SERVICIOS DE VIGILANCIA
B135: OTROS SERVICIOS NO PERSONALES
B136: SUMA GASTOS GENERALES | C136: =SUM(C129:C135) -> 0 | D136: =SUM(D129:D135) -> 0 | E136: =SUM(E129:E135) -> 0 | F136: =SUM(F129:F135) -> 0 | G136: =SUM(G129:G135) -> 0 | H136: =SUM(H129:H135) -> 0 | I136: =SUM(I129:I135) -> 0 | J136: =SUM(J129:J135) -> 0
B137: MATERIALES Y SUMINISTROS
B138: ALIMENTOS PARA PERSONAS
B139: AVABADOS TEXTILES
B140: PRODUCTOS DE PAPEL O CARTON
B141: ELEMENTOS Y COMPUESTOS QUIMICOS
B142: COMBUSTIBLES Y LUBRICANTES
B143: PRODUCTOS MEDICINALES Y FARMACEUTICOS
B144: TINTES, PINTURAS Y COLORANTES
B145: PRODUCTOS PLASTICOS, NYLON, VINIL Y PVC
B146: OTROS PRODUCTOS METALICOS
B147: UTILES DE LIMPIEZA Y PRODUCTOS SANITARIOS
B148: UTILES MENORES MEDICO QUIRURGICOS Y DE LAB.
... B151: OTROS MATERIALES Y SUMINISTROS
B152: TOTAL MATERIALES Y SUMINISTROS | C152: =SUM(C138:C151) -> 0 | D152: =SUM(D138:D151) -> 0 | E152: =SUM(E138:E151) -> 0 | F152: =SUM(F138:F151) -> 0 | G152: =SUM(G138:G151) -> 0 | H152: =SUM(H138:H151) -> 0 | I152: =SUM(I138:I151) -> 0 | J152: =SUM(J138:J151) -> 0
C177: PROGRAMACION POR TIPO DE GASTO AÑO 2024
C178: RESUMEN AL 31 DE MAYO 2024
C179: No. | D179: CATEGORIA DEL GASTO DE FUNCIONAMIENTO | E179: TOTAL ANUAL
E180: PRESUPUESTO | F180: COMPROMETIDO
C181: 011 | D181: RECURSO HUMANO | E181: =+'MAYO DECE-5'!C169 -> 18032670 | F181: =+'MAYO DECE-5'!D169 -> 18218046
...

Sheet JUNIO ANEXO A DECE-5
B8: ÀREA FINANCIERA | I8: ANEXO DE DECE-5
A10: UNIDAD DE CIRUGIA CARDIOVASCULAR DE GUATEMALA
A11: 5a. AVENIDA 6-22 ZONA 11
A12: dgunicar@yahoo.es Tel. 24163000
A14: Programación mensual por tipo de gasto año 2018, Expresado en Quetzales primer cuatrimestre 2018
A15: No. | B15: CATEGORIA DE GASTO | C15: ENERO | E15: FEBRERO | G15: MARZO | I15: ABRIL
C16: PRESUPUESTO | D16: REAL | E16: PRESUPUESTO | F16: REAL | G16: PRESUPUESTO | H16: REAL | I16: PRESUPUESTO | J16: REAL
B17: RECURSO HUMANO | C17: 1764858.4 | D17: 1492317.4 | E17: 1764858.4 | F17: 1792563.6 | G17: 1764858.4 | H17: 1578007.9 | I17: 1764858.4 | J17: 1803793.6
B19: GASTOS DE FUNCIONAMIENTO | C19: =+C27+C43 -> 2818474.9 | D19: =+D27+D43 -> 0 | E19: =+E27+E43 -> 2818474.9 | F19: =+F27+F43 -> 67111.02 | G19: =+G27+G43 -> 2818474.9 | H19: =+H27+H43 -> 58543.64 | I19: =+I27+I43 -> 2818474.9 | J19: =+J27+J43 -> 3743927.3
B20: ENERGIA ELECTRICA | C20: 62500 | E20: 62500 | F20: 56112.02 | G20: 62500 | I20: 62500 | J20: 68083.01
B21: TELEFONIA | C21: 7500 | E21: 7500 | F21: 10999 | G21: 7500 | H21: 11011 | I21: 7500 | J21: 10992
B22: IMPRESIÓN, ENCUADERNACION Y REPRODUCCION | C22: 8133.97 | E22: 8133.97 | G22: 8133.97 | I22: 8133.97 | J22: 4358
B23: MANT. Y REP. EQUIPO MEDICO SANITARIO Y DE LAB. | C23: 33333.33 | E23: 33333.33 | G23: 33333.33 | I23: 33333.33 | J23: 45020
B24: SERVICIOS MEDICO-SANITARIOS | C24: 165141.75 | E24: 165141.75 | G24: 165141.75 | H24: 1000 | I24: 165141.75 | J24: 26842.86
B25: SERVICIOS DE VIGILANCIA | C25: 40000 | E25: 40000 | G25: 40000 | I25: 40000 | J25: 76240
B26: OTROS SERVICIOS NO PERSONALES | C26: 26305.03 | E26: 26305.03 | G26: 26305.03 | H26: 46532.64 | I26: 26305.03 | J26: 55063.68
B27: SUMA GASTOS GENERALES | C27: =SUM(C20:C26) -> 342914.08 | D27: =SUM(D20:D26) -> 0 | E27: =SUM(E20:E26) -> 342914.08 | F27: =SUM(F20:F26) -> 67111.02 | G27: =SUM(G20:G26) -> 342914.08 | H27: =SUM(H20:H26) -> 58543.64 | I27: =SUM(I20:I26) -> 342914.08 | J27: =SUM(J20:J26) -> 286599.55
B28: MATERIALES Y SUMINISTROS
B29: ALIMENTOS PARA PERSONAS | C29: 60936.45 | E29: 60936.45 | G29: 60936.45 | I29: 60936.45 | J29: 202940.25
B30: ACABADOS TEXTILES | C30: 600 | E30: 600 | G30: 600 | I30: 600
B31: PRODUCTOS DE PAPEL O CARTON | C31: 945.42 | E31: 945.42 | G31: 945.42 | I31: 945.42
B32: ELEMENTOS Y COMPUESTOS QUIMICOS | C32: 169652.57 | E32: 169652.57 | G32: 169652.57 | I32: 169652.57 | J32: 178282.05
B33: COMBUSTIBLES Y LUBRICANTES | C33: 912 | E33: 912 | G33: 912 | I33: 912
B34: PRODUCTOS MEDICINALES Y FARMACEUTICOS | C34: 427229.65 | E34: 427229.65 | G34: 427229.65 | I34: 427229.65 | J34: 1425199.8
B35: TINTES, PINTURAS Y COLORANTES | C35: 100 | E35: 100 | G35: 100 | I35: 100
B36: PRODUCTOS PLASTICOS, NYLON, VINIL Y PVC | C36: 13579.7 | E36: 13579.7 | G36: 13579.7 | I36: 13579.7 | J36: 75162.24
B37: OTROS PRODUCTOS METALICOS | C37: 310 | E37: 310 | G37: 310 | I37: 310
B38: UTILES DE LIMPIEZA Y PRODUCTOS SANITARIOS | C38: 10809.43 | E38: 10809.43 | G38: 10809.43 | I38: 10809.43 | J38: 14528.6
B39: UTILES MENORES MEDICO QUIRURGICOS Y DE LAB. | C39: 1780006.3 | E39: 1780006.3 | G39: 1780006.3 | I39: 1780006.3 | J39: 1545914.8
B40: UTILES, ACCESORIOS Y MATERIALES ELECTRICOS | C40: 2208.7 | E40: 2208.7 | G40: 2208.7 | I40: 2208.7 | J40: 15300
B41: ACCESORIOS Y REPUESTOS EN GENERAL | C41: 8105.1 | E41: 8105.1 | G41: 8105.1 | I41: 8105.1
B42: OTROS MATERIALES Y SUMINISTROS | C42: 165.5 | E42: 165.5 | G42: 165.5 | I42: 165.5
B43: TOTAL MATERIALES Y SUMINISTROS | C43: =SUM(C29:C42) -> 2475560.8 | D43: =SUM(D29:D42) -> 0 | E43: =SUM(E29:E42) -> 2475560.8 | F43: =SUM(F29:F42) -> 0 | G43: =SUM(G29:G42) -> 2475560.8 | H43: =SUM(H29:H42) -> 0 | I43: =SUM(I29:I42) -> 2475560.8 | J43: =SUM(J29:J42) -> 3457327.8
A46: Programación mensual por tipo de gasto año 2016, Expresado en Quetzales
A47: No. | B47: Categoría de Gasto | C47: Julio | E47: Agosto | G47: Septiembre
B48: Recurso Humano | C48: Pto. | D48: Real | E48: Pto. | F48: Real | G48: Pto. | H48: Real
B51: Gastos de Funcionamiento
B52: detallar cada gasto cargado
A60: TOTALES
A73: Programación mensual por tipo de gasto año 2018, Expresado en Quetzales segundo cuatrimestre 2018
A74: No. | B74: CATEGORIA DE GASTO | C74: MAYO | E74: JUNIO | G74: JULIO | I74: AGOSTO
C75: PRESUPUESTO | D75: REAL | E75: PRESUPUESTO | F75: REAL | G75: PRESUPUESTO | H75: REAL | I75: PRESUPUESTO | J75: REAL
B76: RECURSO HUMANO | C76: 1764858.4 | D76: 2281196.2 | E76: 1764858.4 | F76: 1896496.9
B78: GASTOS DE FUNCIONAMIENTO | C78: =+C86+C102 -> 2818474.9 | D78: =+D86+D102 -> 3820610.3 | E78: =+E86+E102 -> 2818474.9 | F78: =+F86+F102 -> 2361172.2 | G78: =+G86+G102 -> 0 | H78: =+H86+H102 -> 0 | I78: =+I86+I102 -> 0 | J78: =+J86+J102 -> 0
B79: ENERGIA ELECTRICA | C79: 62500 | D79: 138609.61 | E79: 62500
B80: TELEFONIA | C80: 7500 | D80: 9818.25 | E80: 7500 | F80: 9560.36
B81: IMPRESIÓN, ENCUADERNACION Y REPRODUCCION | C81: 8133.97 | E81: 8133.97 | F81: 39787
B82: MANT. Y REP. EQUIPO MEDICO SANITARIO Y DE LAB. | C82: 33333.33 | D82: 19161.8 | E82: 33333.33
B83: SERVICIOS MEDICO-SANITARIOS | C83: 165141.75 | D83: 4057.14 | E83: 165141.75 | F83: 184282.78
B84: SERVICIOS DE VIGILANCIA | C84: 40000 | D84: 38120 | E84: 40000 | F84: 38120
B85: OTROS SERVICIOS NO PERSONALES | C85: 26305.03 | D85: 48548.64 | E85: 26305.03 | F85: 44604
B86: SUMA GASTOS GENERALES | C86: =SUM(C79:C85) -> 342914.08 | D86: =SUM(D79:D85) -> 258315.44 | E86: =SUM(E79:E85) -> 342914.08 | F86: =SUM(F79:F85) -> 316354.14 | G86: =SUM(G79:G85) -> 0 | H86: =SUM(H79:H85) -> 0 | I86: =SUM(I79:I85) -> 0 | J86: =SUM(J79:J85) -> 0
B87: MATERIALES Y SUMINISTROS
B88: ALIMENTOS PARA PERSONAS | C88: 60936.45 | D88: 1023 | E88: 60936.45 | F88: 58023.7
B89: ACABADOS TEXTILES | C89: 600 | E89: 600
B90: PRODUCTOS DE PAPEL O CARTON | C90: 945.42 | E90: 945.42
B91: ELEMENTOS Y COMPUESTOS QUIMICOS | C91: 169652.57 | D91: 181188.84 | E91: 169652.57 | F91: 66957.58
B92: COMBUSTIBLES Y LUBRICANTES | C92: 912 | E92: 912
B93: PRODUCTOS MEDICINALES Y FARMACEUTICOS | C93: 427229.65 | D93: 535053.33 | E93: 427229.65 | F93: 261536.69
B94: TINTES, PINTURAS Y COLORANTES | C94: 100 | E94: 100
B95: PRODUCTOS PLASTICOS, NYLON, VINIL Y PVC | C95: 13579.7 | D95: 6224.76 | E95: 13579.7 | F95: 6630
B96: OTROS PRODUCTOS METALICOS | C96: 310 | D96: 3610 | E96: 310
B97: UTILES DE LIMPIEZA Y PRODUCTOS SANITARIOS | C97: 10809.43 | D97: 39404.76 | E97: 10809.43 | F97: 23463
B98: UTILES MENORES MEDICO QUIRURGICOS Y DE LAB. | C98: 1780006.3 | D98: 2752150.2 | E98: 1780006.3 | F98: 1617110.1
B99: UTILES, ACCESORIOS Y MATERIALES ELECTRICOS | C99: 2208.7 | E99: 2208.7 | F99: 11097
B100: ACCESORIOS Y REPUESTOS EN GENERAL | C100: 8105.1 | D100: 43640 | E100: 8105.1
B101: OTROS MATERIALES Y SUMINISTROS | C101: 165.5 | E101: 165.5
B102: TOTAL MATERIALES Y SUMINISTROS | C102: =SUM(C88:C101) -> 2475560.8 | D102: =SUM(D88:D101) -> 3562294.9 | E102: =SUM(E88:E101) -> 2475560.8 | F102: =SUM(F88:F101) -> 2044818 | G102: =SUM(G88:G101) -> 0 | H102: =SUM(H88:H101) -> 0 | I102: =SUM(I88:I101) -> 0 | J102: =SUM(J88:J101) -> 0
A123: Programación mensual por tipo de gasto año 2017, Expresado en Quetzales tercer cuatrimestre 2018
A124: No. | B124: CATEGORIA DE GASTO | C124: SEPTIEMBRE | E124: OCTUBRE | G124: NOVIEMBRE | I124: DICIEMBRE
C125: PRESUPUESTO | D125: REAL | E125: PRESUPUESTO | F125: REAL | G125: PRESUPUESTO | H125: REAL | I125: PRESUPUESTO | J125: REAL
B126: RECURSO HUMANO
B128: GASTOS DE FUNCIONAMIENTO | C128: =+C136+C152 -> 0 | D128: =+D136+D152 -> 0 | E128: =+E136+E152 -> 0 | F128: =+F136+F152 -> 0 | G128: =+G136+G152 -> 0 | H128: =+H136+H152 -> 0 | I128: =+I136+I152 -> 0 | J128: =+J136+J152 -> 0
B129: ENERGIA ELECTRICA
B130: TELEFONIA
B131: IMPRESIÓN, ENCUADERNACION Y REPRODUCCION
B132: MANT. Y REP. EQUIPO MEDICO SANITARIO Y DE LAB.
B133: SERVICIOS MEDICO-SANITARIOS
B134: SERVICIOS DE VIGILANCIA
B135: OTROS SERVICIOS NO PERSONALES
B136: SUMA GASTOS GENERALES | C136: =SUM(C129:C135) -> 0 | D136: =SUM(D129:D135) -> 0 | E136: =SUM(E129:E135) -> 0 | F136: =SUM(F129:F135) -> 0 | G136: =SUM(G129:G135) -> 0 | H136: =SUM(H129:H135) -> 0 | I136: =SUM(I129:I135) -> 0 | J136: =SUM(J129:J135) -> 0
B137: MATERIALES Y SUMINISTROS
B138: ALIMENTOS PARA PERSONAS
B139: AVABADOS TEXTILES
B140: PRODUCTOS DE PAPEL O CARTON
B141: ELEMENTOS Y COMPUESTOS QUIMICOS
B142: COMBUSTIBLES Y LUBRICANTES
B143: PRODUCTOS MEDICINALES Y FARMACEUTICOS
B144: TINTES, PINTURAS Y COLORANTES
B145: PRODUCTOS PLASTICOS, NYLON, VINIL Y PVC
B146: OTROS PRODUCTOS METALICOS
B147: UTILES DE LIMPIEZA Y PRODUCTOS SANITARIOS
B148: UTILES MENORES MEDICO QUIRURGICOS Y DE LAB.
... B151: OTROS MATERIALES Y SUMINISTROS
B152: TOTAL MATERIALES Y SUMINISTROS | C152: =SUM(C138:C151) -> 0 | D152: =SUM(D138:D151) -> 0 | E152: =SUM(E138:E151) -> 0 | F152: =SUM(F138:F151) -> 0 | G152: =SUM(G138:G151) -> 0 | H152: =SUM(H138:H151) -> 0 | I152: =SUM(I138:I151) -> 0 | J152: =SUM(J138:J151) -> 0
C177: PROGRAMACION POR TIPO DE GASTO AÑO 2024
C178: RESUMEN AL 30 DE JUNIO 2024
C179: No. | D179: CATEGORIA DEL GASTO DE FUNCIONAMIENTO | E179: TOTAL ANUAL
E180: PRESUPUESTO | F180: COMPROMETIDO
C181: 011 | D181: RECURSO HUMANO | E181: =+'JUNIO DECE-5'!E167 -> 21639205 | F181: =+'JUNIO DECE-5'!F167 -> 21880783
...

Sheet JULIO ANEXO A DECE-5
B8: ÀREA FINANCIERA | I8: ANEXO DE DECE-5
A10: UNIDAD DE CIRUGIA CARDIOVASCULAR DE GUATEMALA
A11: 5a. AVENIDA 6-22 ZONA 11
A12: dgunicar@yahoo.es Tel. 24163000
A14: Programación mensual por tipo de gasto año 2018, Expresado en Quetzales primer cuatrimestre 2018
A15: No. | B15: CATEGORIA DE GASTO | C15: ENERO | E15: FEBRERO | G15: MARZO | I15: ABRIL
C16: PRESUPUESTO | D16: REAL | E16: PRESUPUESTO | F16: REAL | G16: PRESUPUESTO | H16: REAL | I16: PRESUPUESTO | J16: REAL
B17: RECURSO HUMANO | C17: 1764858.4 | D17: 1492317.4 | E17: 1764858.4 | F17: 1792563.6 | G17: 1764858.4 | H17: 1578007.9 | I17: 1764858.4 | J17: 1803793.6
B19: GASTOS DE FUNCIONAMIENTO | C19: =+C27+C43 -> 2818474.9 | D19: =+D27+D43 -> 0 | E19: =+E27+E43 -> 2818474.9 | F19: =+F27+F43 -> 67111.02 | G19: =+G27+G43 -> 2818474.9 | H19: =+H27+H43 -> 58543.64 | I19: =+I27+I43 -> 2818474.9 | J19: =+J27+J43 -> 3743927.3
B20: ENERGIA ELECTRICA | C20: 62500 | E20: 62500 | F20: 56112.02 | G20: 62500 | I20: 62500 | J20: 68083.01
B21: TELEFONIA | C21: 7500 | E21: 7500 | F21: 10999 | G21: 7500 | H21: 11011 | I21: 7500 | J21: 10992
B22: IMPRESIÓN, ENCUADERNACION Y REPRODUCCION | C22: 8133.97 | E22: 8133.97 | G22: 8133.97 | I22: 8133.97 | J22: 4358
B23: MANT. Y REP. EQUIPO MEDICO SANITARIO Y DE LAB. | C23: 33333.33 | E23: 33333.33 | G23: 33333.33 | I23: 33333.33 | J23: 45020
B24: SERVICIOS MEDICO-SANITARIOS | C24: 165141.75 | E24: 165141.75 | G24: 165141.75 | H24: 1000 | I24: 165141.75 | J24: 26842.86
B25: SERVICIOS DE VIGILANCIA | C25: 40000 | E25: 40000 | G25: 40000 | I25: 40000 | J25: 76240
B26: OTROS SERVICIOS NO PERSONALES | C26: 26305.03 | E26: 26305.03 | G26: 26305.03 | H26: 46532.64 | I26: 26305.03 | J26: 55063.68
B27: SUMA GASTOS GENERALES | C27: =SUM(C20:C26) -> 342914.08 | D27: =SUM(D20:D26) -> 0 | E27: =SUM(E20:E26) -> 342914.08 | F27: =SUM(F20:F26) -> 67111.02 | G27: =SUM(G20:G26) -> 342914.08 | H27: =SUM(H20:H26) -> 58543.64 | I27: =SUM(I20:I26) -> 342914.08 | J27: =SUM(J20:J26) -> 286599.55
B28: MATERIALES Y SUMINISTROS
B29: ALIMENTOS PARA PERSONAS | C29: 60936.45 | E29: 60936.45 | G29: 60936.45 | I29: 60936.45 | J29: 202940.25
B30: ACABADOS TEXTILES | C30: 600 | E30: 600 | G30: 600 | I30: 600
B31: PRODUCTOS DE PAPEL O CARTON | C31: 945.42 | E31: 945.42 | G31: 945.42 | I31: 945.42
B32: ELEMENTOS Y COMPUESTOS QUIMICOS | C32: 169652.57 | E32: 169652.57 | G32: 169652.57 | I32: 169652.57 | J32: 178282.05
B33: COMBUSTIBLES Y LUBRICANTES | C33: 912 | E33: 912 | G33: 912 | I33: 912
B34: PRODUCTOS MEDICINALES Y FARMACEUTICOS | C34: 427229.65 | E34: 427229.65 | G34: 427229.65 | I34: 427229.65 | J34: 1425199.8
B35: TINTES, PINTURAS Y COLORANTES | C35: 100 | E35: 100 | G35: 100 | I35: 100
B36: PRODUCTOS PLASTICOS, NYLON, VINIL Y PVC | C36: 13579.7 | E36: 13579.7 | G36: 13579.7 | I36: 13579.7 | J36: 75162.24
B37: OTROS PRODUCTOS METALICOS | C37: 310 | E37: 310 | G37: 310 | I37: 310
B38: UTILES DE LIMPIEZA Y PRODUCTOS SANITARIOS | C38: 10809.43 | E38: 10809.43 | G38: 10809.43 | I38: 10809.43 | J38: 14528.6
B39: UTILES MENORES MEDICO QUIRURGICOS Y DE LAB. | C39: 1780006.3 | E39: 1780006.3 | G39: 1780006.3 | I39: 1780006.3 | J39: 1545914.8
B40: UTILES, ACCESORIOS Y MATERIALES ELECTRICOS | C40: 2208.7 | E40: 2208.7 | G40: 2208.7 | I40: 2208.7 | J40: 15300
B41: ACCESORIOS Y REPUESTOS EN GENERAL | C41: 8105.1 | E41: 8105.1 | G41: 8105.1 | I41: 8105.1
B42: OTROS MATERIALES Y SUMINISTROS | C42: 165.5 | E42: 165.5 | G42: 165.5 | I42: 165.5
B43: TOTAL MATERIALES Y SUMINISTROS | C43: =SUM(C29:C42) -> 2475560.8 | D43: =SUM(D29:D42) -> 0 | E43: =SUM(E29:E42) -> 2475560.8 | F43: =SUM(F29:F42) -> 0 | G43: =SUM(G29:G42) -> 2475560.8 | H43: =SUM(H29:H42) -> 0 | I43: =SUM(I29:I42) -> 2475560.8 | J43: =SUM(J29:J42) -> 3457327.8
A46: Programación mensual por tipo de gasto año 2016, Expresado en Quetzales
A47: No. | B47: Categoría de Gasto | C47: Julio | E47: Agosto | G47: Septiembre
B48: Recurso Humano | C48: Pto. | D48: Real | E48: Pto. | F48: Real | G48: Pto. | H48: Real
B51: Gastos de Funcionamiento
B52: detallar cada gasto cargado
A60: TOTALES
A73: Programación mensual por tipo de gasto año 2018, Expresado en Quetzales segundo cuatrimestre 2018
A74: No. | B74: CATEGORIA DE GASTO | C74: MAYO | E74: JUNIO | G74: JULIO | I74: AGOSTO
C75: PRESUPUESTO | D75: REAL | E75: PRESUPUESTO | F75: REAL | G75: PRESUPUESTO | H75: REAL | I75: PRESUPUESTO | J75: REAL
B76: RECURSO HUMANO | C76: 1764858.4 | D76: 2281196.2 | E76: 1764858.4 | F76: 1896496.9
B78: GASTOS DE FUNCIONAMIENTO | C78: =+C86+C102 -> 2818474.9 | D78: =+D86+D102 -> 3820610.3 | E78: =+E86+E102 -> 2818474.9 | F78: =+F86+F102 -> 2361172.2 | G78: =+G86+G102 -> 0 | H78: =+H86+H102 -> 0 | I78: =+I86+I102 -> 0 | J78: =+J86+J102 -> 0
B79: ENERGIA ELECTRICA | C79: 62500 | D79: 138609.61 | E79: 62500
B80: TELEFONIA | C80: 7500 | D80: 9818.25 | E80: 7500 | F80: 9560.36
B81: IMPRESIÓN, ENCUADERNACION Y REPRODUCCION | C81: 8133.97 | E81: 8133.97 | F81: 39787
B82: MANT. Y REP. EQUIPO MEDICO SANITARIO Y DE LAB. | C82: 33333.33 | D82: 19161.8 | E82: 33333.33
B83: SERVICIOS MEDICO-SANITARIOS | C83: 165141.75 | D83: 4057.14 | E83: 165141.75 | F83: 184282.78
B84: SERVICIOS DE VIGILANCIA | C84: 40000 | D84: 38120 | E84: 40000 | F84: 38120
B85: OTROS SERVICIOS NO PERSONALES | C85: 26305.03 | D85: 48548.64 | E85: 26305.03 | F85: 44604
B86: SUMA GASTOS GENERALES | C86: =SUM(C79:C85) -> 342914.08 | D86: =SUM(D79:D85) -> 258315.44 | E86: =SUM(E79:E85) -> 342914.08 | F86: =SUM(F79:F85) -> 316354.14 | G86: =SUM(G79:G85) -> 0 | H86: =SUM(H79:H85) -> 0 | I86: =SUM(I79:I85) -> 0 | J86: =SUM(J79:J85) -> 0
B87: MATERIALES Y SUMINISTROS
B88: ALIMENTOS PARA PERSONAS | C88: 60936.45 | D88: 1023 | E88: 60936.45 | F88: 58023.7
B89: ACABADOS TEXTILES | C89: 600 | E89: 600
B90: PRODUCTOS DE PAPEL O CARTON | C90: 945.42 | E90: 945.42
B91: ELEMENTOS Y COMPUESTOS QUIMICOS | C91: 169652.57 | D91: 181188.84 | E91: 169652.57 | F91: 66957.58
B92: COMBUSTIBLES Y LUBRICANTES | C92: 912 | E92: 912
B93: PRODUCTOS MEDICINALES Y FARMACEUTICOS | C93: 427229.65 | D93: 535053.33 | E93: 427229.65 | F93: 261536.69
B94: TINTES, PINTURAS Y COLORANTES | C94: 100 | E94: 100
B95: PRODUCTOS PLASTICOS, NYLON, VINIL Y PVC | C95: 13579.7 | D95: 6224.76 | E95: 13579.7 | F95: 6630
B96: OTROS PRODUCTOS METALICOS | C96: 310 | D96: 3610 | E96: 310
B97: UTILES DE LIMPIEZA Y PRODUCTOS SANITARIOS | C97: 10809.43 | D97: 39404.76 | E97: 10809.43 | F97: 23463
B98: UTILES MENORES MEDICO QUIRURGICOS Y DE LAB. | C98: 1780006.3 | D98: 2752150.2 | E98: 1780006.3 | F98: 1617110.1
B99: UTILES, ACCESORIOS Y MATERIALES ELECTRICOS | C99: 2208.7 | E99: 2208.7 | F99: 11097
B100: ACCESORIOS Y REPUESTOS EN GENERAL | C100: 8105.1 | D100: 43640 | E100: 8105.1
B101: OTROS MATERIALES Y SUMINISTROS | C101: 165.5 | E101: 165.5
B102: TOTAL MATERIALES Y SUMINISTROS | C102: =SUM(C88:C101) -> 2475560.8 | D102: =SUM(D88:D101) -> 3562294.9 | E102: =SUM(E88:E101) -> 2475560.8 | F102: =SUM(F88:F101) -> 2044818 | G102: =SUM(G88:G101) -> 0 | H102: =SUM(H88:H101) -> 0 | I102: =SUM(I88:I101) -> 0 | J102: =SUM(J88:J101) -> 0
A123: Programación mensual por tipo de gasto año 2017, Expresado en Quetzales tercer cuatrimestre 2018
A124: No. | B124: CATEGORIA DE GASTO | C124: SEPTIEMBRE | E124: OCTUBRE | G124: NOVIEMBRE | I124: DICIEMBRE
C125: PRESUPUESTO | D125: REAL | E125: PRESUPUESTO | F125: REAL | G125: PRESUPUESTO | H125: REAL | I125: PRESUPUESTO | J125: REAL
B126: RECURSO HUMANO
B128: GASTOS DE FUNCIONAMIENTO | C128: =+C136+C152 -> 0 | D128: =+D136+D152 -> 0 | E128: =+E136+E152 -> 0 | F128: =+F136+F152 -> 0 | G128: =+G136+G152 -> 0 | H128: =+H136+H152 -> 0 | I128: =+I136+I152 -> 0 | J128: =+J136+J152 -> 0
B129: ENERGIA ELECTRICA
B130: TELEFONIA
B131: IMPRESIÓN, ENCUADERNACION Y REPRODUCCION
B132: MANT. Y REP. EQUIPO MEDICO SANITARIO Y DE LAB.
B133: SERVICIOS MEDICO-SANITARIOS
B134: SERVICIOS DE VIGILANCIA
B135: OTROS SERVICIOS NO PERSONALES
B136: SUMA GASTOS GENERALES | C136: =SUM(C129:C135) -> 0 | D136: =SUM(D129:D135) -> 0 | E136: =SUM(E129:E135) -> 0 | F136: =SUM(F129:F135) -> 0 | G136: =SUM(G129:G135) -> 0 | H136: =SUM(H129:H135) -> 0 | I136: =SUM(I129:I135) -> 0 | J136: =SUM(J129:J135) -> 0
B137: MATERIALES Y SUMINISTROS
B138: ALIMENTOS PARA PERSONAS
B139: AVABADOS TEXTILES
B140: PRODUCTOS DE PAPEL O CARTON
B141: ELEMENTOS Y COMPUESTOS QUIMICOS
B142: COMBUSTIBLES Y LUBRICANTES
B143: PRODUCTOS MEDICINALES Y FARMACEUTICOS
B144: TINTES, PINTURAS Y COLORANTES
B145: PRODUCTOS PLASTICOS, NYLON, VINIL Y PVC
B146: OTROS PRODUCTOS METALICOS
B147: UTILES DE LIMPIEZA Y PRODUCTOS SANITARIOS
B148: UTILES MENORES MEDICO QUIRURGICOS Y DE LAB.
... B151: OTROS MATERIALES Y SUMINISTROS
B152: TOTAL MATERIALES Y SUMINISTROS | C152: =SUM(C138:C151) -> 0 | D152: =SUM(D138:D151) -> 0 | E152: =SUM(E138:E151) -> 0 | F152: =SUM(F138:F151) -> 0 | G152: =SUM(G138:G151) -> 0 | H152: =SUM(H138:H151) -> 0 | I152: =SUM(I138:I151) -> 0 | J152: =SUM(J138:J151) -> 0
C177: PROGRAMACION POR TIPO DE GASTO AÑO 2024
C178: RESUMEN AL 31 DE JULIO 2024
C179: No. | D179: CATEGORIA DEL GASTO DE FUNCIONAMIENTO | E179: TOTAL ANUAL
E180: PRESUPUESTO | F180: COMPROMETIDO
C181: 011 | D181: RECURSO HUMANO | E181: =+'JULIO DECE-5'!E182 -> 28285591 | F181: =+'JULIO DECE-5'!F182 -> 28525534
...

Sheet AGOSTO ANEXO A DECE-5
B8: ÀREA FINANCIERA | I8: ANEXO DE DECE-5
A10: UNIDAD DE CIRUGIA CARDIOVASCULAR DE GUATEMALA
A11: 5a. AVENIDA 6-22 ZONA 11
A12: dgunicar@yahoo.es Tel. 24163000
A14: Programación mensual por tipo de gasto año 2018, Expresado en Quetzales primer cuatrimestre 2018
A15: No. | B15: CATEGORIA DE GASTO | C15: ENERO | E15: FEBRERO | G15: MARZO | I15: ABRIL
C16: PRESUPUESTO | D16: REAL | E16: PRESUPUESTO | F16: REAL | G16: PRESUPUESTO | H16: REAL | I16: PRESUPUESTO | J16: REAL
B17: RECURSO HUMANO | C17: 1764858.4 | D17: 1492317.4 | E17: 1764858.4 | F17: 1792563.6 | G17: 1764858.4 | H17: 1578007.9 | I17: 1764858.4 | J17: 1803793.6
B19: GASTOS DE FUNCIONAMIENTO | C19: =+C27+C43 -> 2818474.9 | D19: =+D27+D43 -> 0 | E19: =+E27+E43 -> 2818474.9 | F19: =+F27+F43 -> 67111.02 | G19: =+G27+G43 -> 2818474.9 | H19: =+H27+H43 -> 58543.64 | I19: =+I27+I43 -> 2818474.9 | J19: =+J27+J43 -> 3743927.3
B20: ENERGIA ELECTRICA | C20: 62500 | E20: 62500 | F20: 56112.02 | G20: 62500 | I20: 62500 | J20: 68083.01
B21: TELEFONIA | C21: 7500 | E21: 7500 | F21: 10999 | G21: 7500 | H21: 11011 | I21: 7500 | J21: 10992
B22: IMPRESIÓN, ENCUADERNACION Y REPRODUCCION | C22: 8133.97 | E22: 8133.97 | G22: 8133.97 | I22: 8133.97 | J22: 4358
B23: MANT. Y REP. EQUIPO MEDICO SANITARIO Y DE LAB. | C23: 33333.33 | E23: 33333.33 | G23: 33333.33 | I23: 33333.33 | J23: 45020
B24: SERVICIOS MEDICO-SANITARIOS | C24: 165141.75 | E24: 165141.75 | G24: 165141.75 | H24: 1000 | I24: 165141.75 | J24: 26842.86
B25: SERVICIOS DE VIGILANCIA | C25: 40000 | E25: 40000 | G25: 40000 | I25: 40000 | J25: 76240
B26: OTROS SERVICIOS NO PERSONALES | C26: 26305.03 | E26: 26305.03 | G26: 26305.03 | H26: 46532.64 | I26: 26305.03 | J26: 55063.68
B27: SUMA GASTOS GENERALES | C27: =SUM(C20:C26) -> 342914.08 | D27: =SUM(D20:D26) -> 0 | E27: =SUM(E20:E26) -> 342914.08 | F27: =SUM(F20:F26) -> 67111.02 | G27: =SUM(G20:G26) -> 342914.08 | H27: =SUM(H20:H26) -> 58543.64 | I27: =SUM(I20:I26) -> 342914.08 | J27: =SUM(J20:J26) -> 286599.55
B28: MATERIALES Y SUMINISTROS
B29: ALIMENTOS PARA PERSONAS | C29: 60936.45 | E29: 60936.45 | G29: 60936.45 | I29: 60936.45 | J29: 202940.25
B30: ACABADOS TEXTILES | C30: 600 | E30: 600 | G30: 600 | I30: 600
B31: PRODUCTOS DE PAPEL O CARTON | C31: 945.42 | E31: 945.42 | G31: 945.42 | I31: 945.42
B32: ELEMENTOS Y COMPUESTOS QUIMICOS | C32: 169652.57 | E32: 169652.57 | G32: 169652.57 | I32: 169652.57 | J32: 178282.05
B33: COMBUSTIBLES Y LUBRICANTES | C33: 912 | E33: 912 | G33: 912 | I33: 912
B34: PRODUCTOS MEDICINALES Y FARMACEUTICOS | C34: 427229.65 | E34: 427229.65 | G34: 427229.65 | I34: 427229.65 | J34: 1425199.8
B35: TINTES, PINTURAS Y COLORANTES | C35: 100 | E35: 100 | G35: 100 | I35: 100
B36: PRODUCTOS PLASTICOS, NYLON, VINIL Y PVC | C36: 13579.7 | E36: 13579.7 | G36: 13579.7 | I36: 13579.7 | J36: 75162.24
B37: OTROS PRODUCTOS METALICOS | C37: 310 | E37: 310 | G37: 310 | I37: 310
B38: UTILES DE LIMPIEZA Y PRODUCTOS SANITARIOS | C38: 10809.43 | E38: 10809.43 | G38: 10809.43 | I38: 10809.43 | J38: 14528.6
B39: UTILES MENORES MEDICO QUIRURGICOS Y DE LAB. | C39: 1780006.3 | E39: 1780006.3 | G39: 1780006.3 | I39: 1780006.3 | J39: 1545914.8
B40: UTILES, ACCESORIOS Y MATERIALES ELECTRICOS | C40: 2208.7 | E40: 2208.7 | G40: 2208.7 | I40: 2208.7 | J40: 15300
B41: ACCESORIOS Y REPUESTOS EN GENERAL | C41: 8105.1 | E41: 8105.1 | G41: 8105.1 | I41: 8105.1
B42: OTROS MATERIALES Y SUMINISTROS | C42: 165.5 | E42: 165.5 | G42: 165.5 | I42: 165.5
B43: TOTAL MATERIALES Y SUMINISTROS | C43: =SUM(C29:C42) -> 2475560.8 | D43: =SUM(D29:D42) -> 0 | E43: =SUM(E29:E42) -> 2475560.8 | F43: =SUM(F29:F42) -> 0 | G43: =SUM(G29:G42) -> 2475560.8 | H43: =SUM(H29:H42) -> 0 | I43: =SUM(I29:I42) -> 2475560.8 | J43: =SUM(J29:J42) -> 3457327.8
A46: Programación mensual por tipo de gasto año 2016, Expresado en Quetzales
A47: No. | B47: Categoría de Gasto | C47: Julio | E47: Agosto | G47: Septiembre
B48: Recurso Humano | C48: Pto. | D48: Real | E48: Pto. | F48: Real | G48: Pto. | H48: Real
B51: Gastos de Funcionamiento
B52: detallar cada gasto cargado
A60: TOTALES
A73: Programación mensual por tipo de gasto año 2018, Expresado en Quetzales segundo cuatrimestre 2018
A74: No. | B74: CATEGORIA DE GASTO | C74: MAYO | E74: JUNIO | G74: JULIO | I74: AGOSTO
C75: PRESUPUESTO | D75: REAL | E75: PRESUPUESTO | F75: REAL | G75: PRESUPUESTO | H75: REAL | I75: PRESUPUESTO | J75: REAL
B76: RECURSO HUMANO | C76: 1764858.4 | D76: 2281196.2 | E76: 1764858.4 | F76: 1896496.9
B78: GASTOS DE FUNCIONAMIENTO | C78: =+C86+C102 -> 2818474.9 | D78: =+D86+D102 -> 3820610.3 | E78: =+E86+E102 -> 2818474.9 | F78: =+F86+F102 -> 2361172.2 | G78: =+G86+G102 -> 0 | H78: =+H86+H102 -> 0 | I78: =+I86+I102 -> 0 | J78: =+J86+J102 -> 0
B79: ENERGIA ELECTRICA | C79: 62500 | D79: 138609.61 | E79: 62500
B80: TELEFONIA | C80: 7500 | D80: 9818.25 | E80: 7500 | F80: 9560.36
B81: IMPRESIÓN, ENCUADERNACION Y REPRODUCCION | C81: 8133.97 | E81: 8133.97 | F81: 39787
B82: MANT. Y REP. EQUIPO MEDICO SANITARIO Y DE LAB. | C82: 33333.33 | D82: 19161.8 | E82: 33333.33
B83: SERVICIOS MEDICO-SANITARIOS | C83: 165141.75 | D83: 4057.14 | E83: 165141.75 | F83: 184282.78
B84: SERVICIOS DE VIGILANCIA | C84: 40000 | D84: 38120 | E84: 40000 | F84: 38120
B85: OTROS SERVICIOS NO PERSONALES | C85: 26305.03 | D85: 48548.64 | E85: 26305.03 | F85: 44604
B86: SUMA GASTOS GENERALES | C86: =SUM(C79:C85) -> 342914.08 | D86: =SUM(D79:D85) -> 258315.44 | E86: =SUM(E79:E85) -> 342914.08 | F86: =SUM(F79:F85) -> 316354.14 | G86: =SUM(G79:G85) -> 0 | H86: =SUM(H79:H85) -> 0 | I86: =SUM(I79:I85) -> 0 | J86: =SUM(J79:J85) -> 0
B87: MATERIALES Y SUMINISTROS
B88: ALIMENTOS PARA PERSONAS | C88: 60936.45 | D88: 1023 | E88: 60936.45 | F88: 58023.7
B89: ACABADOS TEXTILES | C89: 600 | E89: 600
B90: PRODUCTOS DE PAPEL O CARTON | C90: 945.42 | E90: 945.42
B91: ELEMENTOS Y COMPUESTOS QUIMICOS | C91: 169652.57 | D91: 181188.84 | E91: 169652.57 | F91: 66957.58
B92: COMBUSTIBLES Y LUBRICANTES | C92: 912 | E92: 912
B93: PRODUCTOS MEDICINALES Y FARMACEUTICOS | C93: 427229.65 | D93: 535053.33 | E93: 427229.65 | F93: 261536.69
B94: TINTES, PINTURAS Y COLORANTES | C94: 100 | E94: 100
B95: PRODUCTOS PLASTICOS, NYLON, VINIL Y PVC | C95: 13579.7 | D95: 6224.76 | E95: 13579.7 | F95: 6630
B96: OTROS PRODUCTOS METALICOS | C96: 310 | D96: 3610 | E96: 310
B97: UTILES DE LIMPIEZA Y PRODUCTOS SANITARIOS | C97: 10809.43 | D97: 39404.76 | E97: 10809.43 | F97: 23463
B98: UTILES MENORES MEDICO QUIRURGICOS Y DE LAB. | C98: 1780006.3 | D98: 2752150.2 | E98: 1780006.3 | F98: 1617110.1
B99: UTILES, ACCESORIOS Y MATERIALES ELECTRICOS | C99: 2208.7 | E99: 2208.7 | F99: 11097
B100: ACCESORIOS Y REPUESTOS EN GENERAL | C100: 8105.1 | D100: 43640 | E100: 8105.1
B101: OTROS MATERIALES Y SUMINISTROS | C101: 165.5 | E101: 165.5
B102: TOTAL MATERIALES Y SUMINISTROS | C102: =SUM(C88:C101) -> 2475560.8 | D102: =SUM(D88:D101) -> 3562294.9 | E102: =SUM(E88:E101) -> 2475560.8 | F102: =SUM(F88:F101) -> 2044818 | G102: =SUM(G88:G101) -> 0 | H102: =SUM(H88:H101) -> 0 | I102: =SUM(I88:I101) -> 0 | J102: =SUM(J88:J101) -> 0
A123: Programación mensual por tipo de gasto año 2017, Expresado en Quetzales tercer cuatrimestre 2018
A124: No. | B124: CATEGORIA DE GASTO | C124: SEPTIEMBRE | E124: OCTUBRE | G124: NOVIEMBRE | I124: DICIEMBRE
C125: PRESUPUESTO | D125: REAL | E125: PRESUPUESTO | F125: REAL | G125: PRESUPUESTO | H125: REAL | I125: PRESUPUESTO | J125: REAL
B126: RECURSO HUMANO
B128: GASTOS DE FUNCIONAMIENTO | C128: =+C136+C152 -> 0 | D128: =+D136+D152 -> 0 | E128: =+E136+E152 -> 0 | F128: =+F136+F152 -> 0 | G128: =+G136+G152 -> 0 | H128: =+H136+H152 -> 0 | I128: =+I136+I152 -> 0 | J128: =+J136+J152 -> 0
B129: ENERGIA ELECTRICA
B130: TELEFONIA
B131: IMPRESIÓN, ENCUADERNACION Y REPRODUCCION
B132: MANT. Y REP. EQUIPO MEDICO SANITARIO Y DE LAB.
B133: SERVICIOS MEDICO-SANITARIOS
B134: SERVICIOS DE VIGILANCIA
B135: OTROS SERVICIOS NO PERSONALES
B136: SUMA GASTOS GENERALES | C136: =SUM(C129:C135) -> 0 | D136: =SUM(D129:D135) -> 0 | E136: =SUM(E129:E135) -> 0 | F136: =SUM(F129:F135) -> 0 | G136: =SUM(G129:G135) -> 0 | H136: =SUM(H129:H135) -> 0 | I136: =SUM(I129:I135) -> 0 | J136: =SUM(J129:J135) -> 0
B137: MATERIALES Y SUMINISTROS
B138: ALIMENTOS PARA PERSONAS
B139: AVABADOS TEXTILES
B140: PRODUCTOS DE PAPEL O CARTON
B141: ELEMENTOS Y COMPUESTOS QUIMICOS
B142: COMBUSTIBLES Y LUBRICANTES
B143: PRODUCTOS MEDICINALES Y FARMACEUTICOS
B144: TINTES, PINTURAS Y COLORANTES
B145: PRODUCTOS PLASTICOS, NYLON, VINIL Y PVC
B146: OTROS PRODUCTOS METALICOS
B147: UTILES DE LIMPIEZA Y PRODUCTOS SANITARIOS
B148: UTILES MENORES MEDICO QUIRURGICOS Y DE LAB.
... B151: OTROS MATERIALES Y SUMINISTROS
B152: TOTAL MATERIALES Y SUMINISTROS | C152: =SUM(C138:C151) -> 0 | D152: =SUM(D138:D151) -> 0 | E152: =SUM(E138:E151) -> 0 | F152: =SUM(F138:F151) -> 0 | G152: =SUM(G138:G151) -> 0 | H152: =SUM(H138:H151) -> 0 | I152: =SUM(I138:I151) -> 0 | J152: =SUM(J138:J151) -> 0
C177: PROGRAMACION POR TIPO DE GASTO AÑO 2024
C178: RESUMEN AL 31 DE AGOSTO 2024
C179: No. | D179: CATEGORIA DEL GASTO DE FUNCIONAMIENTO | E179: TOTAL ANUAL
E180: PRESUPUESTO | F180: COMPROMETIDO
C181: 011 | D181: RECURSO HUMANO | E181: =+'AGOSTO DECE-5'!E179 -> 31892125 | F181: =+'AGOSTO DECE-5'!F179 -> 32152544
...

Sheet MAYO DECE-6
B7: ÀREA FINANCIERA | J7: DECE-6
A9: UNIDAD DE CIRUGIA CARDIOVASCULAR DE GUATEMALA
A10: 5a. AVENIDA 6-22 ZONA 11
A11: CORREO ELECTRÓNICO Y TELÉFONO
A12: dgunicar@yahoo.es Tel. 24163000
A14: Ejecucion fìnanciera por categoria del gasto primer cuatrimestre 2024
A16: Categoría del gasto de funcionamiento | B16: Enero | D16: Febrero | F16: Marzo | H16: Abril | J16: Total cuatrimestre
B17: Prog. | C17: Ejecutado | D17: Prog. | E17: Ejecutado | F17: Prog. | G17: Ejecutado | H17: Prog. | I17: Ejecutado | J17: Prog. | K17: Ejecutado
A18: Recurso Humano | B18: 3606534.1 | C18: 3001907.1 | D18: 3606534.1 | E18: 3000995.4 | F18: 3606534.1 | G18: 4933177.1 | H18: 3606534.1 | I18: 3626273.4 | J18: =+B18+D18+F18+H18 -> 14426136 | K18: =+C18+E18+G18+I18 -> 14562353
A19: Gastos de operación | B19: 3340 | C19: 0 | D19: 354218.4 | E19: 11403.26 | F19: 3094423 | G19: 1594516.3 | H19: 2949873.2 | I19: 1178461 | J19: =+B19+D19+F19+H19 -> 6401854.7 | K19: =+C19+E19+G19+I19 -> 2784380.5
A20: Propiedad planta y equipo | B20: 0 | C20: 0 | D20: 0 | E20: 0 | F20: 0 | G20: 0 | H20: 0 | I20: 0 | J20: =+B20+D20+F20+H20 -> 0 | K20: =+C20+E20+G20+I20 -> 0
A21: TOTAL | B21: =SUM(B18:B20) -> 3609874.1 | C21: =SUM(C18:C20) -> 3001907.1 | D21: =SUM(D18:D20) -> 3960752.5 | E21: =SUM(E18:E20) -> 3012398.6 | F21: =SUM(F18:F20) -> 6700957.1 | G21: =SUM(G18:G20) -> 6527693.4 | H21: =SUM(H18:H20) -> 6556407.3 | I21: =SUM(I18:I20) -> 4804734.4 | ... K21: =SUM(K18:K20) -> 17346734
A23: Ejecucion fìnanciera por categoria del gasto segundo cuatrimestre 2024
A25: Categoría del gasto de funcionamiento | B25: Mayo | D25: Junio | F25: Julio | H25: Agosto | J25: Total cuatrimetre | L25: Total Acumulado
B26: Prog. | C26: Ejecutado | D26: Prog. | E26: Ejecutado | F26: Prog. | G26: Ejecutado | H26: Prog. | I26: Ejecutado | J26: Prog. | K26: Ejecutado | L26: Prog. | M26: Ejecutado
A27: Recurso Humano | B27: 3606534.1 | C27: 3655693.1 | J27: =+B27+D27+F27+H27 -> 3606534.1 | K27: =+C27+E27+G27+I27 -> 3655693.1 | L27: =+J27+J18 -> 18032670 | M27: =+K27+K18 -> 18218046
A28: Gastos de operación | B28: 3515905.6 | C28: 3556500.3 | J28: =+B28+D28+F28+H28 -> 3515905.6 | K28: =+C28+E28+G28+I28 -> 3556500.3 | L28: =+J28+J19 -> 9917760.3 | M28: =+K28+K19 -> 6340880.9
A29: TOTAL | B29: =SUM(B27:B28) -> 7122439.7 | C29: =SUM(C27:C28) -> 7212193.5 | D29: =SUM(D27:D28) -> 0 | E29: =SUM(E27:E28) -> 0 | F29: =SUM(F27:F28) -> 0 | G29: =SUM(G27:G28) -> 0 | H29: =SUM(H27:H28) -> 0 | I29: =SUM(I27:I28) -> 0 | ... M29: =SUM(M27:M28) -> 24558927
A32: Ejecucion fìnanciera por categoria del gasto tercer cuatrimestre 2024
A34: Categoría del gasto de funcionamiento | B34: Septiembre | D34: Octubre | F34: Noviembre | H34: Diciembre | J34: Total cuatrimetre | L34: Total Acumulado anual
B35: Prog. | C35: Ejecutado | D35: Prog. | E35: Ejecutado | F35: Prog. | G35: Ejecutado | H35: Prog. | I35: Ejecutado | J35: Prog. | K35: Ejecutado | L35: Prog. | M35: Ejecutado
A36: Recurso Humano | J36: =+B36+D36+F36+H36 -> 0 | K36: =+C36+E36+G36+I36 -> 0 | L36: =+J36+L27 -> 18032670 | M36: =+K36+M27 -> 18218046
A37: Gastos de operación | J37: =+B37+D37+F37+H37 -> 0 | K37: =+C37+E37+G37+I37 -> 0 | L37: =+J37+L28 -> 9917760.3 | M37: =+K37+M28 -> 6340880.9
A38: TOTAL | B38: =SUM(B36:B37) -> 0 | C38: =SUM(C36:C37) -> 0 | D38: =SUM(D36:D37) -> 0 | E38: =SUM(E36:E37) -> 0 | F38: =SUM(F36:F37) -> 0 | G38: =SUM(G36:G37) -> 0 | H38: =SUM(H36:H37) -> 0 | I38: =SUM(I36:I37) -> 0 | ... M38: =SUM(M36:M37) -> 24558927
A40: Resumen año 2024
A41: Categoría del gasto | B41: año 2024
B42: Presupuestado | C42: Ejecutado
A43: Recurso Humano | B43: =+J18+J27+J36 -> 18032670 | C43: =+K18+K27+K36 -> 18218046
A44: Gastos de operación | B44: =+J19+J28+J37 -> 9917760.3 | C44: =+K19+K28+K37 -> 6340880.9
A45: TOTAL | B45: =SUM(B43:B44) -> 27950431 | C45: =SUM(C43:C44) -> 24558927
A53: Elaborado por:_____________________________ | K53: Autorizado por: | L53: _____________________________
A54: Víctor Cresencio Reyes Porres | L54: Lic. Douglas Antonio Díaz Rivera
A55: Jefe de Contabilidad | L55: Representante Legal
A56: Fecha: 10 de junio 2024

Sheet JUNIO DECE-6
B7: ÀREA FINANCIERA | J7: DECE-6
A9: UNIDAD DE CIRUGIA CARDIOVASCULAR DE GUATEMALA
A10: 5a. AVENIDA 6-22 ZONA 11
A11: CORREO ELECTRÓNICO Y TELÉFONO
A12: dgunicar@yahoo.es Tel. 24163000
A14: Ejecucion fìnanciera por categoria del gasto primer cuatrimestre 2024
A16: Categoría del gasto de funcionamiento | B16: Enero | D16: Febrero | F16: Marzo | H16: Abril | J16: Total cuatrimestre
B17: Prog. | C17: Ejecutado | D17: Prog. | E17: Ejecutado | F17: Prog. | G17: Ejecutado | H17: Prog. | I17: Ejecutado | J17: Prog. | K17: Ejecutado
A18: Recurso Humano | B18: 3606534.1 | C18: 3001907.1 | D18: 3606534.1 | E18: 3000995.4 | F18: 3606534.1 | G18: 4933177.1 | H18: 3606534.1 | I18: 3626273.4 | J18: =+B18+D18+F18+H18 -> 14426136 | K18: =+C18+E18+G18+I18 -> 14562353
A19: Gastos de operación | B19: 3340 | C19: 0 | D19: 354218.4 | E19: 11403.26 | F19: 3094423 | G19: 1594516.3 | H19: 2949873.2 | I19: 1178461 | J19: =+B19+D19+F19+H19 -> 6401854.7 | K19: =+C19+E19+G19+I19 -> 2784380.5
A20: Propiedad planta y equipo | B20: 0 | C20: 0 | D20: 0 | E20: 0 | F20: 0 | G20: 0 | H20: 0 | I20: 0 | J20: =+B20+D20+F20+H20 -> 0 | K20: =+C20+E20+G20+I20 -> 0
A21: TOTAL | B21: =SUM(B18:B20) -> 3609874.1 | C21: =SUM(C18:C20) -> 3001907.1 | D21: =SUM(D18:D20) -> 3960752.5 | E21: =SUM(E18:E20) -> 3012398.6 | F21: =SUM(F18:F20) -> 6700957.1 | G21: =SUM(G18:G20) -> 6527693.4 | H21: =SUM(H18:H20) -> 6556407.3 | I21: =SUM(I18:I20) -> 4804734.4 | ... K21: =SUM(K18:K20) -> 17346734
A23: Ejecucion fìnanciera por categoria del gasto segundo cuatrimestre 2024
A25: Categoría del gasto de funcionamiento | B25: Mayo | D25: Junio | F25: Julio | H25: Agosto | J25: Total cuatrimetre | L25: Total Acumulado
B26: Prog. | C26: Ejecutado | D26: Prog. | E26: Ejecutado | F26: Prog. | G26: Ejecutado | H26: Prog. | I26: Ejecutado | J26: Prog. | K26: Ejecutado | L26: Prog. | M26: Ejecutado
A27: Recurso Humano | B27: 3606534.1 | C27: 3655693.1 | D27: 3606534.1 | E27: 3662737.1 | J27: =+B27+D27+F27+H27 -> 7213068.2 | K27: =+C27+E27+G27+I27 -> 7318430.2 | L27: =+J27+J18 -> 21639205 | M27: =+K27+K18 -> 21880783
A28: Gastos de operación | B28: 3515905.6 | C28: 3556500.3 | D28: 2834669.6 | E28: 4299904 | J28: =+B28+D28+F28+H28 -> 6350575.2 | K28: =+C28+E28+G28+I28 -> 7856404.3 | L28: =+J28+J19 -> 12752430 | M28: =+K28+K19 -> 10640785
A29: TOTAL | B29: =SUM(B27:B28) -> 7122439.7 | C29: =SUM(C27:C28) -> 7212193.5 | D29: =SUM(D27:D28) -> 6441203.7 | E29: =SUM(E27:E28) -> 7962641.1 | F29: =SUM(F27:F28) -> 0 | G29: =SUM(G27:G28) -> 0 | H29: =SUM(H27:H28) -> 0 | I29: =SUM(I27:I28) -> 0 | ... M29: =SUM(M27:M28) -> 32521568
A32: Ejecucion fìnanciera por categoria del gasto tercer cuatrimestre 2024
A34: Categoría del gasto de funcionamiento | B34: Septiembre | D34: Octubre | F34: Noviembre | H34: Diciembre | J34: Total cuatrimetre | L34: Total Acumulado anual
B35: Prog. | C35: Ejecutado | D35: Prog. | E35: Ejecutado | F35: Prog. | G35: Ejecutado | H35: Prog. | I35: Ejecutado | J35: Prog. | K35: Ejecutado | L35: Prog. | M35: Ejecutado
A36: Recurso Humano | J36: =+B36+D36+F36+H36 -> 0 | K36: =+C36+E36+G36+I36 -> 0 | L36: =+J36+L27 -> 21639205 | M36: =+K36+M27 -> 21880783
A37: Gastos de operación | J37: =+B37+D37+F37+H37 -> 0 | K37: =+C37+E37+G37+I37 -> 0 | L37: =+J37+L28 -> 12752430 | M37: =+K37+M28 -> 10640785
A38: TOTAL | B38: =SUM(B36:B37) -> 0 | C38: =SUM(C36:C37) -> 0 | D38: =SUM(D36:D37) -> 0 | E38: =SUM(E36:E37) -> 0 | F38: =SUM(F36:F37) -> 0 | G38: =SUM(G36:G37) -> 0 | H38: =SUM(H36:H37) -> 0 | I38: =SUM(I36:I37) -> 0 | ... M38: =SUM(M36:M37) -> 32521568
A40: Resumen año 2024
A41: Categoría del gasto | B41: año 2024
B42: Presupuestado | C42: Ejecutado
A43: Recurso Humano | B43: =+J18+J27+J36 -> 21639205 | C43: =+K18+K27+K36 -> 21880783
A44: Gastos de operación | B44: =+J19+J28+J37 -> 12752430 | C44: =+K19+K28+K37 -> 10640785
A45: TOTAL | B45: =SUM(B43:B44) -> 34391634 | C45: =SUM(C43:C44) -> 32521568
A69: Elaborado por: | C69: ___________________________ | J69: Autorizado por: _______________________________
C70: Víctor Cresencio Reyes Porres | J70: Lic. Douglas Antonio Díaz Rivera
C71: Jefe de Contabilidad | J71: Representante Legal
A72: Fecha: | C72: 10 de julio 2024

Sheet JULIO DECE-6
B7: ÀREA FINANCIERA | J7: DECE-6
A9: UNIDAD DE CIRUGIA CARDIOVASCULAR DE GUATEMALA
A10: 5a. AVENIDA 6-22 ZONA 11
A11: CORREO ELECTRÓNICO Y TELÉFONO
A12: dgunicar@yahoo.es Tel. 24163000
A14: Ejecucion fìnanciera por categoria del gasto primer cuatrimestre 2024
A16: Categoría del gasto de funcionamiento | B16: Enero | D16: Febrero | F16: Marzo | H16: Abril | J16: Total cuatrimestre
B17: Prog. | C17: Ejecutado | D17: Prog. | E17: Ejecutado | F17: Prog. | G17: Ejecutado | H17: Prog. | I17: Ejecutado | J17: Prog. | K17: Ejecutado
A18: Recurso Humano | B18: 3606534.1 | C18: 3001907.1 | D18: 3606534.1 | E18: 3000995.4 | F18: 3606534.1 | G18: 4933177.1 | H18: 3606534.1 | I18: 3626273.4 | J18: =+B18+D18+F18+H18 -> 14426136 | K18: =+C18+E18+G18+I18 -> 14562353
A19: Gastos de operación | B19: 3340 | C19: 0 | D19: 354218.4 | E19: 11403.26 | F19: 3094423 | G19: 1594516.3 | H19: 2949873.2 | I19: 1178461 | J19: =+B19+D19+F19+H19 -> 6401854.7 | K19: =+C19+E19+G19+I19 -> 2784380.5
A20: Propiedad planta y equipo | B20: 0 | C20: 0 | D20: 0 | E20: 0 | F20: 0 | G20: 0 | H20: 0 | I20: 0 | J20: =+B20+D20+F20+H20 -> 0 | K20: =+C20+E20+G20+I20 -> 0
A21: TOTAL | B21: =SUM(B18:B20) -> 3609874.1 | C21: =SUM(C18:C20) -> 3001907.1 | D21: =SUM(D18:D20) -> 3960752.5 | E21: =SUM(E18:E20) -> 3012398.6 | F21: =SUM(F18:F20) -> 6700957.1 | G21: =SUM(G18:G20) -> 6527693.4 | H21: =SUM(H18:H20) -> 6556407.3 | I21: =SUM(I18:I20) -> 4804734.4 | ... K21: =SUM(K18:K20) -> 17346734
A23: Ejecucion fìnanciera por categoria del gasto segundo cuatrimestre 2024
A25: Categoría del gasto de funcionamiento | B25: Mayo | D25: Junio | F25: Julio | H25: Agosto | J25: Total cuatrimetre | L25: Total Acumulado
B26: Prog. | C26: Ejecutado | D26: Prog. | E26: Ejecutado | F26: Prog. | G26: Ejecutado | H26: Prog. | I26: Ejecutado | J26: Prog. | K26: Ejecutado | L26: Prog. | M26: Ejecutado
A27: Recurso Humano | B27: 3606534.1 | C27: 3655693.1 | D27: 3606534.1 | E27: 3662737.1 | F27: 6646386.3 | G27: 6644750.4 | J27: =+B27+D27+F27+H27 -> 13859455 | K27: =+C27+E27+G27+I27 -> 13963181 | L27: =+J27+J18 -> 28285591 | M27: =+K27+K18 -> 28525534
A28: Gastos de operación | B28: 3515905.6 | C28: 3556500.3 | D28: 2834669.6 | E28: 4299904 | F28: 3437785.6 | G28: 3189628 | J28: =+B28+D28+F28+H28 -> 9788360.8 | K28: =+C28+E28+G28+I28 -> 11046032 | L28: =+J28+J19 -> 16190215 | M28: =+K28+K19 -> 13830413
A29: TOTAL | B29: =SUM(B27:B28) -> 7122439.7 | C29: =SUM(C27:C28) -> 7212193.5 | D29: =SUM(D27:D28) -> 6441203.7 | E29: =SUM(E27:E28) -> 7962641.1 | F29: =SUM(F27:F28) -> 10084172 | G29: =SUM(G27:G28) -> 9834378.4 | H29: =SUM(H27:H28) -> 0 | I29: =SUM(I27:I28) -> 0 | ... M29: =SUM(M27:M28) -> 42355947
A32: Ejecucion fìnanciera por categoria del gasto tercer cuatrimestre 2024
A34: Categoría del gasto de funcionamiento | B34: Septiembre | D34: Octubre | F34: Noviembre | H34: Diciembre | J34: Total cuatrimetre | L34: Total Acumulado anual
B35: Prog. | C35: Ejecutado | D35: Prog. | E35: Ejecutado | F35: Prog. | G35: Ejecutado | H35: Prog. | I35: Ejecutado | J35: Prog. | K35: Ejecutado | L35: Prog. | M35: Ejecutado
A36: Recurso Humano | J36: =+B36+D36+F36+H36 -> 0 | K36: =+C36+E36+G36+I36 -> 0 | L36: =+J36+L27 -> 28285591 | M36: =+K36+M27 -> 28525534
A37: Gastos de operación | J37: =+B37+D37+F37+H37 -> 0 | K37: =+C37+E37+G37+I37 -> 0 | L37: =+J37+L28 -> 16190215 | M37: =+K37+M28 -> 13830413
A38: TOTAL | B38: =SUM(B36:B37) -> 0 | C38: =SUM(C36:C37) -> 0 | D38: =SUM(D36:D37) -> 0 | E38: =SUM(E36:E37) -> 0 | F38: =SUM(F36:F37) -> 0 | G38: =SUM(G36:G37) -> 0 | H38: =SUM(H36:H37) -> 0 | I38: =SUM(I36:I37) -> 0 | ... M38: =SUM(M36:M37) -> 42355947
A40: Resumen año 2024
A41: Categoría del gasto | B41: año 2024
B42: Presupuestado | C42: Ejecutado
A43: Recurso Humano | B43: =+J18+J27+J36 -> 28285591 | C43: =+K18+K27+K36 -> 28525534
A44: Gastos de operación | B44: =+J19+J28+J37 -> 16190215 | C44: =+K19+K28+K37 -> 13830413
A45: TOTAL | B45: =SUM(B43:B44) -> 44475806 | C45: =SUM(C43:C44) -> 42355947
A78: Elaborado por: | C78: ___________________________ | F78: Autorizado por: | H78: ___________________________________
C79: Víctor Cresencio Reyes Porres | H79: Lic. Douglas Antonio Díaz Rivera
C80: Jefe de Contabilidad | H80: Representante Legal
A81: Fecha: | C81: 09 de agosto 2024

Sheet AGOSTO DECE-6
B7: ÀREA FINANCIERA | J7: DECE-6
A9: UNIDAD DE CIRUGIA CARDIOVASCULAR DE GUATEMALA
A10: 5a. AVENIDA 6-22 ZONA 11
A11: CORREO ELECTRÓNICO Y TELÉFONO
A12: dgunicar@yahoo.es Tel. 24163000
A14: Ejecucion fìnanciera por categoria del gasto primer cuatrimestre 2024
A16: Categoría del gasto de funcionamiento | B16: Enero | D16: Febrero | F16: Marzo | H16: Abril | J16: Total cuatrimestre
B17: Prog. | C17: Ejecutado | D17: Prog. | E17: Ejecutado | F17: Prog. | G17: Ejecutado | H17: Prog. | I17: Ejecutado | J17: Prog. | K17: Ejecutado
A18: Recurso Humano | B18: 3606534.1 | C18: 3001907.1 | D18: 3606534.1 | E18: 3000995.4 | F18: 3606534.1 | G18: 4933177.1 | H18: 3606534.1 | I18: 3626273.4 | J18: =+B18+D18+F18+H18 -> 14426136 | K18: =+C18+E18+G18+I18 -> 14562353
A19: Gastos de operación | B19: 3340 | C19: 0 | D19: 354218.4 | E19: 11403.26 | F19: 3094423 | G19: 1594516.3 | H19: 2949873.2 | I19: 1178461 | J19: =+B19+D19+F19+H19 -> 6401854.7 | K19: =+C19+E19+G19+I19 -> 2784380.5
A20: Propiedad planta y equipo | B20: 0 | C20: 0 | D20: 0 | E20: 0 | F20: 0 | G20: 0 | H20: 0 | I20: 0 | J20: =+B20+D20+F20+H20 -> 0 | K20: =+C20+E20+G20+I20 -> 0
A21: TOTAL | B21: =SUM(B18:B20) -> 3609874.1 | C21: =SUM(C18:C20) -> 3001907.1 | D21: =SUM(D18:D20) -> 3960752.5 | E21: =SUM(E18:E20) -> 3012398.6 | F21: =SUM(F18:F20) -> 6700957.1 | G21: =SUM(G18:G20) -> 6527693.4 | H21: =SUM(H18:H20) -> 6556407.3 | I21: =SUM(I18:I20) -> 4804734.4 | ... K21: =SUM(K18:K20) -> 17346734
A23: Ejecucion fìnanciera por categoria del gasto segundo cuatrimestre 2024
A25: Categoría del gasto de funcionamiento | B25: Mayo | D25: Junio | F25: Julio | H25: Agosto | J25: Total cuatrimetre | L25: Total Acumulado
B26: Prog. | C26: Ejecutado | D26: Prog. | E26: Ejecutado | F26: Prog. | G26: Ejecutado | H26: Prog. | I26: Ejecutado | J26: Prog. | K26: Ejecutado | L26: Prog. | M26: Ejecutado
A27: Recurso Humano | B27: 3606534.1 | C27: 3655693.1 | D27: 3606534.1 | E27: 3662737.1 | F27: 6646386.3 | G27: 6644750.4 | H27: 3606534.1 | I27: 3627010.2 | J27: =+B27+D27+F27+H27 -> 17465989 | K27: =+C27+E27+G27+I27 -> 17590191 | L27: =+J27+J18 -> 31892125 | M27: =+K27+K18 -> 32152544
A28: Gastos de operación | B28: 3515905.6 | C28: 3556500.3 | D28: 2834669.6 | E28: 4299904 | F28: 3437785.6 | G28: 3189628 | H28: 2802868.6 | I28: 2614010.7 | J28: =+B28+D28+F28+H28 -> 12591229 | K28: =+C28+E28+G28+I28 -> 13660043 | L28: =+J28+J19 -> 18993084 | M28: =+K28+K19 -> 16444424
A29: TOTAL | B29: =SUM(B27:B28) -> 7122439.7 | C29: =SUM(C27:C28) -> 7212193.5 | D29: =SUM(D27:D28) -> 6441203.7 | E29: =SUM(E27:E28) -> 7962641.1 | F29: =SUM(F27:F28) -> 10084172 | G29: =SUM(G27:G28) -> 9834378.4 | H29: =SUM(H27:H28) -> 6409402.7 | I29: =SUM(I27:I28) -> 6241020.9 | ... M29: =SUM(M27:M28) -> 48596968
A32: Ejecucion fìnanciera por categoria del gasto tercer cuatrimestre 2024
A34: Categoría del gasto de funcionamiento | B34: Septiembre | D34: Octubre | F34: Noviembre | H34: Diciembre | J34: Total cuatrimetre | L34: Total Acumulado anual
B35: Prog. | C35: Ejecutado | D35: Prog. | E35: Ejecutado | F35: Prog. | G35: Ejecutado | H35: Prog. | I35: Ejecutado | J35: Prog. | K35: Ejecutado | L35: Prog. | M35: Ejecutado
A36: Recurso Humano | J36: =+B36+D36+F36+H36 -> 0 | K36: =+C36+E36+G36+I36 -> 0 | L36: =+J36+L27 -> 31892125 | M36: =+K36+M27 -> 32152544
A37: Gastos de operación | J37: =+B37+D37+F37+H37 -> 0 | K37: =+C37+E37+G37+I37 -> 0 | L37: =+J37+L28 -> 18993084 | M37: =+K37+M28 -> 16444424
A38: TOTAL | B38: =SUM(B36:B37) -> 0 | C38: =SUM(C36:C37) -> 0 | D38: =SUM(D36:D37) -> 0 | E38: =SUM(E36:E37) -> 0 | F38: =SUM(F36:F37) -> 0 | G38: =SUM(G36:G37) -> 0 | H38: =SUM(H36:H37) -> 0 | I38: =SUM(I36:I37) -> 0 | ... M38: =SUM(M36:M37) -> 48596968
A40: Resumen año 2024
A41: Categoría del gasto | B41: año 2024
B42: Presupuestado | C42: Ejecutado
A43: Recurso Humano | B43: =+J18+J27+J36 -> 31892125 | C43: =+K18+K27+K36 -> 32152544
A44: Gastos de operación | B44: =+J19+J28+J37 -> 18993084 | C44: =+K19+K28+K37 -> 16444424
A45: TOTAL | B45: =SUM(B43:B44) -> 50885209 | C45: =SUM(C43:C44) -> 48596968
A69: Elaborado por: | C69: ___________________________ | F69: Autorizado por: | H69: ___________________________________
C70: Víctor Cresencio Reyes Porres | H70: Lic. Douglas Antonio Díaz Rivera
C71: Jefe de Contabilidad | H71: Representante Legal
A72: Fecha: | C72: 10 de septiembre 2024

Sheet EJECUCION FISICA MAYO DECE-8
L2: DECE-8
A6: UNIDAD DE CIRUGIA CARDIOVASCULAR DE GUATEMALA
A7: 5a. AVENIDA 6-22 ZONA 11
A8: dgunicar@yahoo.es Tel. 24163000
B10: Ejecucion y/o avance de cumplimiento de metas fisicas correspondiente al primer cuatrimestre
A11: No. | B11: Meta/Servicio | C11: Enero | E11: Febrero | G11: Marzo | I11: Abril | K11: Total cuatrimestre
C12: Programado | D12: Ejecutado | E12: Programado | F12: Ejecutado | G12: Programado | H12: Ejecutado | I12: Programado | J12: Ejecutado | K12: Programado | L12: Ejecutado
A13: 1 | B13: CIRUGIA DE ADULTOS | C13: 7 | D13: 20 | E13: 14 | F13: 13 | G13: 15 | H13: 17 | I13: 13 | J13: 9 | K13: =+C13+E13+G13+I13 -> 49 | L13: =+D13+F13+H13+J13 -> 59
A14: 2 | B14: CIRUGIA DE PEDIATRIA | C14: 7 | D14: 21 | E14: 15 | F14: 6 | G14: 11 | H14: 12 | I14: 15 | J14: 17 | K14: =+C14+E14+G14+I14 -> 48 | L14: =+D14+F14+H14+J14 -> 56
A15: 3 | B15: HEMODINAMIA ADULTOS | C15: 39 | D15: 96 | E15: 85 | F15: 86 | G15: 80 | H15: 59 | I15: 86 | J15: 103 | K15: =+C15+E15+G15+I15 -> 290 | L15: =+D15+F15+H15+J15 -> 344
A16: 4 | B16: HEMODINAMIA PEDIATRIA | C16: 6 | D16: 18 | E16: 15 | F16: 7 | G16: 12 | H16: 12 | I16: 15 | J16: 16 | K16: =+C16+E16+G16+I16 -> 48 | L16: =+D16+F16+H16+J16 -> 53
A17: 5 | B17: ECOCARDIOGRAMA ADULTOS | C17: 201 | D17: 451 | E17: 443 | F17: 442 | G17: 435 | H17: 405 | I17: 443 | J17: 526 | K17: =+C17+E17+G17+I17 -> 1522 | L17: =+D17+F17+H17+J17 -> 1824
A18: 6 | B18: ECOCARDIOGRAMA PEDIATRIA | C18: 167 | D18: 422 | E18: 367 | F18: 345 | G18: 363 | H18: 309 | I18: 367 | J18: 414 | K18: =+C18+E18+G18+I18 -> 1264 | L18: =+D18+F18+H18+J18 -> 1490
A19: 7 | B19: ELECTROCARDIOGRAMAS ADULTOS | C19: 64 | D19: 147 | E19: 138 | F19: 139 | G19: 138 | H19: 107 | I19: 138 | J19: 173 | K19: =+C19+E19+G19+I19 -> 478 | L19: =+D19+F19+H19+J19 -> 566
A20: 8 | B20: ELECTROCARDIOGRAMAS PEDIATRIA | C20: 77 | D20: 161 | E20: 170 | F20: 151 | G20: 166 | H20: 117 | I20: 170 | J20: 135 | K20: =+C20+E20+G20+I20 -> 583 | L20: =+D20+F20+H20+J20 -> 564
A21: 9 | B21: CONSULTAS MEDICAS ADULTOS | C21: 491 | D21: 1121 | E21: 1080 | F21: 1114 | G21: 1078 | H21: 918 | I21: 1080 | J21: 1100 | K21: =+C21+E21+G21+I21 -> 3729 | L21: =+D21+F21+H21+J21 -> 4253
A22: 10 | B22: CONSULTA MEDICAS PEDIATRICAS | C22: 205 | D22: 496 | E22: 449 | F22: 408 | G22: 449 | H22: 358 | I22: 449 | J22: 428 | K22: =+C22+E22+G22+I22 -> 1552 | L22: =+D22+F22+H22+J22 -> 1690
A23: 11 | B23: ESTOMATOLOGIA | C23: 22 | D23: 44 | E23: 47 | F23: 42 | G23: 43 | H23: 38 | I23: 47 | J23: 66 | K23: =+C23+E23+G23+I23 -> 159 | L23: =+D23+F23+H23+J23 -> 190
A24: 12 | B24: ENCAMAMIENTO POR COMPLICACIONES | C24: 9 | D24: 21 | E24: 20 | F24: 18 | G24: 16 | H24: 8 | I24: 20 | J24: 21 | K24: =+C24+E24+G24+I24 -> 65 | L24: =+D24+F24+H24+J24 -> 68
... A28: 16 | B28: MONITOREO DE PRESION ARTERIAL | C28: 4 | D28: 11 | E28: 8 | F28: 6 | G28: 2 | H28: 4 | I28: 8 | J28: 4 | K28: =+C28+E28+G28+I28 -> 22 | L28: =+D28+F28+H28+J28 -> 25
A29: Total servicios/beneficiarios | C29: =SUM(C13:C28) -> 1370 | D29: =SUM(D13:D28) -> 3214 | E29: =SUM(E13:E28) -> 3006 | F29: =SUM(F13:F28) -> 2898 | G29: =SUM(G13:G28) -> 2954 | H29: =SUM(H13:H28) -> 2463 | I29: =SUM(I13:I28) -> 3006 | J29: =SUM(J13:J28) -> 3181 | ... L29: =SUM(L13:L28) -> 11756
B31: Ejecucion y/o avance de cumplimiento de metas fisicas correspondiente al segundo cuatrimestre
A32: No. | B32: Meta/Servicio | C32: Mayo | E32: Junio | G32: Julio | I32: Agosto | K32: Total cuatrimestre | M32: Total acumulado
C33: Programado | D33: Ejecutado | E33: Programado | F33: Ejecutado | G33: Programado | H33: Ejecutado | I33: Programado | J33: Ejecutado | K33: Programado | L33: Ejecutado | M33: Programado | N33: Ejecutado
A34: 1 | B34: CIRUGIA DE ADULTOS | C34: 15 | D34: 13 | K34: =+C34+E34+G34+I34 -> 15 | L34: =+D34+F34+H34+J34 -> 13 | M34: =+K34+K13 -> 64 | N34: =+L34+L13 -> 72
A35: 2 | B35: CIRUGIA DE PEDIATRIA | C35: 15 | D35: 13 | K35: =+C35+E35+G35+I35 -> 15 | L35: =+D35+F35+H35+J35 -> 13 | M35: =+K35+K14 -> 63 | N35: =+L35+L14 -> 69
A36: 3 | B36: HEMODINAMIA ADULTOS | C36: 86 | D36: 81 | K36: =+C36+E36+G36+I36 -> 86 | L36: =+D36+F36+H36+J36 -> 81 | M36: =+K36+K15 -> 376 | N36: =+L36+L15 -> 425
A37: 4 | B37: HEMODINAMIA PEDIATRIA | C37: 15 | D37: 15 | K37: =+C37+E37+G37+I37 -> 15 | L37: =+D37+F37+H37+J37 -> 15 | M37: =+K37+K16 -> 63 | N37: =+L37+L16 -> 68
A38: 5 | B38: ECOCARDIOGRAMA ADULTOS | C38: 443 | D38: 492 | K38: =+C38+E38+G38+I38 -> 443 | L38: =+D38+F38+H38+J38 -> 492 | M38: =+K38+K17 -> 1965 | N38: =+L38+L17 -> 2316
A39: 6 | B39: ECOCARDIOGRAMA PEDIATRIA | C39: 367 | D39: 443 | K39: =+C39+E39+G39+I39 -> 367 | L39: =+D39+F39+H39+J39 -> 443 | M39: =+K39+K18 -> 1631 | N39: =+L39+L18 -> 1933
A40: 7 | B40: ELECTROCARDIOGRAMAS ADULTOS | C40: 138 | D40: 147 | K40: =+C40+E40+G40+I40 -> 138 | L40: =+D40+F40+H40+J40 -> 147 | M40: =+K40+K19 -> 616 | N40: =+L40+L19 -> 713
A41: 8 | B41: ELECTROCARDIOGRAMAS PEDIATRIA | C41: 170 | D41: 181 | K41: =+C41+E41+G41+I41 -> 170 | L41: =+D41+F41+H41+J41 -> 181 | M41: =+K41+K20 -> 753 | N41: =+L41+L20 -> 745
A42: 9 | B42: CONSULTAS MEDICAS ADULTOS | C42: 1080 | D42: 1233 | K42: =+C42+E42+G42+I42 -> 1080 | L42: =+D42+F42+H42+J42 -> 1233 | M42: =+K42+K21 -> 4809 | N42: =+L42+L21 -> 5486
A43: 10 | B43: CONSULTA MEDICAS PEDIATRICAS | C43: 449 | D43: 478 | K43: =+C43+E43+G43+I43 -> 449 | L43: =+D43+F43+H43+J43 -> 478 | M43: =+K43+K22 -> 2001 | N43: =+L43+L22 -> 2168
A44: 11 | B44: ESTOMATOLOGIA | C44: 47 | D44: 53 | K44: =+C44+E44+G44+I44 -> 47 | L44: =+D44+F44+H44+J44 -> 53 | M44: =+K44+K23 -> 206 | N44: =+L44+L23 -> 243
A45: 12 | B45: ENCAMAMIENTO POR COMPLICACIONES | C45: 20 | D45: 23 | K45: =+C45+E45+G45+I45 -> 20 | L45: =+D45+F45+H45+J45 -> 23 | M45: =+K45+K24 -> 85 | N45: =+L45+L24 -> 91
... A49: 16 | B49: MONITOREO DE PRESION ARTERIAL | C49: 8 | D49: 8 | K49: =+C49+E49+G49+I49 -> 8 | L49: =+D49+F49+H49+J49 -> 8 | M49: =+K49+K28 -> 30 | N49: =+L49+L28 -> 33
A50: Total servicios/beneficiarios | C50: =SUM(C34:C49) -> 3008 | D50: =SUM(D34:D49) -> 3339 | E50: =SUM(E34:E49) -> 0 | F50: =SUM(F34:F49) -> 0 | G50: =SUM(G34:G49) -> 0 | H50: =SUM(H34:H49) -> 0 | I50: =SUM(I34:I49) -> 0 | J50: =SUM(J34:J49) -> 0 | ... N50: =SUM(N34:N49) -> 15095
B52: Ejecucion y/o avance de cumplimiento de metas fisicas correspondiente al tercer cuatrimestre
A53: No. | B53: Meta/Servicio | C53: Septiembre | E53: Octubre | G53: Noviembre | I53: Diciembre | K53: Totales | M53: Total acumulado anual
C54: Programado | D54: Ejecutado | E54: Programado | F54: Ejecutado | G54: Programado | H54: Ejecutado | I54: Programado | J54: Ejecutado | K54: Programado | L54: Ejecutado | M54: Programado | N54: Ejecutado
A55: 1 | B55: CIRUGIA DE ADULTOS | K55: =+C55+E55+G55+I55 -> 0 | L55: =+D55+F55+H55+J55 -> 0 | M55: =+K55+M34 -> 64 | N55: =+L55+N34 -> 72
A56: 2 | B56: CIRUGIA DE PEDIATRIA | K56: =+C56+E56+G56+I56 -> 0 | L56: =+D56+F56+H56+J56 -> 0 | M56: =+K56+M35 -> 63 | N56: =+L56+N35 -> 69
A57: 3 | B57: HEMODINAMIA ADULTOS | K57: =+C57+E57+G57+I57 -> 0 | L57: =+D57+F57+H57+J57 -> 0 | M57: =+K57+M36 -> 376 | N57: =+L57+N36 -> 425
A58: 4 | B58: HEMODINAMIA PEDIATRIA | K58: =+C58+E58+G58+I58 -> 0 | L58: =+D58+F58+H58+J58 -> 0 | M58: =+K58+M37 -> 63 | N58: =+L58+N37 -> 68
A59: 5 | B59: ECOCARDIOGRAMA ADULTOS | K59: =+C59+E59+G59+I59 -> 0 | L59: =+D59+F59+H59+J59 -> 0 | M59: =+K59+M38 -> 1965 | N59: =+L59+N38 -> 2316
A60: 6 | B60: ECOCARDIOGRAMA PEDIATRIA | K60: =+C60+E60+G60+I60 -> 0 | L60: =+D60+F60+H60+J60 -> 0 | M60: =+K60+M39 -> 1631 | N60: =+L60+N39 -> 1933
A61: 7 | B61: ELECTROCARDIOGRAMAS ADULTOS | K61: =+C61+E61+G61+I61 -> 0 | L61: =+D61+F61+H61+J61 -> 0 | M61: =+K61+M40 -> 616 | N61: =+L61+N40 -> 713
A62: 8 | B62: ELECTROCARDIOGRAMAS PEDIATRIA | K62: =+C62+E62+G62+I62 -> 0 | L62: =+D62+F62+H62+J62 -> 0 | M62: =+K62+M41 -> 753 | N62: =+L62+N41 -> 745
A63: 9 | B63: CONSULTAS MEDICAS ADULTOS | K63: =+C63+E63+G63+I63 -> 0 | L63: =+D63+F63+H63+J63 -> 0 | M63: =+K63+M42 -> 4809 | N63: =+L63+N42 -> 5486
A64: 10 | B64: CONSULTA MEDICAS PEDIATRICAS | K64: =+C64+E64+G64+I64 -> 0 | L64: =+D64+F64+H64+J64 -> 0 | M64: =+K64+M43 -> 2001 | N64: =+L64+N43 -> 2168
A65: 11 | B65: ESTOMATOLOGIA | K65: =+C65+E65+G65+I65 -> 0 | L65: =+D65+F65+H65+J65 -> 0 | M65: =+K65+M44 -> 206 | N65: =+L65+N44 -> 243
A66: 12 | B66: ENCAMAMIENTO POR COMPLICACIONES | K66: =+C66+E66+G66+I66 -> 0 | L66: =+D66+F66+H66+J66 -> 0 | M66: =+K66+M45 -> 85 | N66: =+L66+N45 -> 91
... A70: 16 | B70: MONITOREO DE PRESION ARTERIAL | K70: =+C70+E70+G70+I70 -> 0 | L70: =+D70+F70+H70+J70 -> 0 | M70: =+K70+M49 -> 30 | N70: =+L70+N49 -> 33
A71: Total | C71: =SUM(C55:C70) -> 0 | D71: =SUM(D55:D70) -> 0 | E71: =SUM(E55:E70) -> 0 | F71: =SUM(F55:F70) -> 0 | G71: =SUM(G55:G70) -> 0 | H71: =SUM(H55:H70) -> 0 | I71: =SUM(I55:I70) -> 0 | J71: =SUM(J55:J70) -> 0 | ... N71: =SUM(N55:N70) -> 15095
B94: RESUMEN AÑO 2024
A95: No. | B95: Meta/Servicio | C95: Totales
C96: Programado | D96: Ejecutado
A97: 1 | B97: CIRUGIA DE ADULTOS | C97: =+K13+K34+K55 -> 64 | D97: =+L13+L34+L55 -> 72
A98: 2 | B98: CIRUGIA DE PEDIATRIA | C98: =+K14+K35+K56 -> 63 | D98: =+L14+L35+L56 -> 69
A99: 3 | B99: HEMODINAMIA ADULTOS | C99: =+K15+K36+K57 -> 376 | D99: =+L15+L36+L57 -> 425
A100: 4 | B100: HEMODINAMIA PEDIATRIA | C100: =+K16+K37+K58 -> 63 | D100: =+L16+L37+L58 -> 68
A101: 5 | B101: ECOCARDIOGRAMA ADULTOS | C101: =+K17+K38+K59 -> 1965 | D101: =+L17+L38+L59 -> 2316
A102: 6 | B102: ECOCARDIOGRAMA PEDIATRIA | C102: =+K18+K39+K60 -> 1631 | D102: =+L18+L39+L60 -> 1933
A103: 7 | B103: ELECTROCARDIOGRAMAS ADULTOS | C103: =+K19+K40+K61 -> 616 | D103: =+L19+L40+L61 -> 713
A104: 8 | B104: ELECTROCARDIOGRAMAS PEDIATRIA | C104: =+K20+K41+K62 -> 753 | D104: =+L20+L41+L62 -> 745
A105: 9 | B105: CONSULTAS MEDICAS ADULTOS | C105: =+K21+K42+K63 -> 4809 | D105: =+L21+L42+L63 -> 5486
A106: 10 | B106: CONSULTA MEDICAS PEDIATRICAS | C106: =+K22+K43+K64 -> 2001 | D106: =+L22+L43+L64 -> 2168
A107: 11 | B107: ESTOMATOLOGIA | C107: =+K23+K44+K65 -> 206 | D107: =+L23+L44+L65 -> 243
A108: 12 | B108: ENCAMAMIENTO POR COMPLICACIONES | C108: =+K24+K45+K66 -> 85 | D108: =+L24+L45+L66 -> 91
... A112: 16 | B112: MONITOREO DE PRESION ARTERIAL | C112: =+K28+K49+K70 -> 30 | D112: =+L28+L49+L70 -> 33
A113: Total | C113: =SUM(C97:C112) -> 13344 | D113: =SUM(D97:D112) -> 15095
B137: Elaborado por: | C137: ___________________________ | F137: Autorizado por: | H137: _______________________________________
C138: VÍctor Cresencio Reyes Porres | H138: Lic. Douglas Antonio Díaz Rivera
C139: Jefe de Contabilidad | H139: Representante Legal
B140: Fecha: | C140: 10 de junio 2,024

Sheet EJECUCION FISICA JUNIO DECE-8
L2: DECE-8
A6: UNIDAD DE CIRUGIA CARDIOVASCULAR DE GUATEMALA
A7: 5a. AVENIDA 6-22 ZONA 11
A8: dgunicar@yahoo.es Tel. 24163000
B10: Ejecucion y/o avance de cumplimiento de metas fisicas correspondiente al primer cuatrimestre
A11: No. | B11: Meta/Servicio | C11: Enero | E11: Febrero | G11: Marzo | I11: Abril | K11: Total cuatrimestre
C12: Programado | D12: Ejecutado | E12: Programado | F12: Ejecutado | G12: Programado | H12: Ejecutado | I12: Programado | J12: Ejecutado | K12: Programado | L12: Ejecutado
A13: 1 | B13: CIRUGIA DE ADULTOS | C13: 7 | D13: 20 | E13: 14 | F13: 13 | G13: 15 | H13: 17 | I13: 13 | J13: 9 | K13: =+C13+E13+G13+I13 -> 49 | L13: =+D13+F13+H13+J13 -> 59
A14: 2 | B14: CIRUGIA DE PEDIATRIA | C14: 7 | D14: 21 | E14: 15 | F14: 6 | G14: 11 | H14: 12 | I14: 15 | J14: 17 | K14: =+C14+E14+G14+I14 -> 48 | L14: =+D14+F14+H14+J14 -> 56
A15: 3 | B15: HEMODINAMIA ADULTOS | C15: 39 | D15: 96 | E15: 85 | F15: 86 | G15: 80 | H15: 59 | I15: 86 | J15: 103 | K15: =+C15+E15+G15+I15 -> 290 | L15: =+D15+F15+H15+J15 -> 344
A16: 4 | B16: HEMODINAMIA PEDIATRIA | C16: 6 | D16: 18 | E16: 15 | F16: 7 | G16: 12 | H16: 12 | I16: 15 | J16: 16 | K16: =+C16+E16+G16+I16 -> 48 | L16: =+D16+F16+H16+J16 -> 53
A17: 5 | B17: ECOCARDIOGRAMA ADULTOS | C17: 201 | D17: 451 | E17: 443 | F17: 442 | G17: 435 | H17: 405 | I17: 443 | J17: 526 | K17: =+C17+E17+G17+I17 -> 1522 | L17: =+D17+F17+H17+J17 -> 1824
A18: 6 | B18: ECOCARDIOGRAMA PEDIATRIA | C18: 167 | D18: 422 | E18: 367 | F18: 345 | G18: 363 | H18: 309 | I18: 367 | J18: 414 | K18: =+C18+E18+G18+I18 -> 1264 | L18: =+D18+F18+H18+J18 -> 1490
A19: 7 | B19: ELECTROCARDIOGRAMAS ADULTOS | C19: 64 | D19: 147 | E19: 138 | F19: 139 | G19: 138 | H19: 107 | I19: 138 | J19: 173 | K19: =+C19+E19+G19+I19 -> 478 | L19: =+D19+F19+H19+J19 -> 566
A20: 8 | B20: ELECTROCARDIOGRAMAS PEDIATRIA | C20: 77 | D20: 161 | E20: 170 | F20: 151 | G20: 166 | H20: 117 | I20: 170 | J20: 135 | K20: =+C20+E20+G20+I20 -> 583 | L20: =+D20+F20+H20+J20 -> 564
A21: 9 | B21: CONSULTAS MEDICAS ADULTOS | C21: 491 | D21: 1121 | E21: 1080 | F21: 1114 | G21: 1078 | H21: 918 | I21: 1080 | J21: 1100 | K21: =+C21+E21+G21+I21 -> 3729 | L21: =+D21+F21+H21+J21 -> 4253
A22: 10 | B22: CONSULTA MEDICAS PEDIATRICAS | C22: 205 | D22: 496 | E22: 449 | F22: 408 | G22: 449 | H22: 358 | I22: 449 | J22: 428 | K22: =+C22+E22+G22+I22 -> 1552 | L22: =+D22+F22+H22+J22 -> 1690
A23: 11 | B23: ESTOMATOLOGIA | C23: 22 | D23: 44 | E23: 47 | F23: 42 | G23: 43 | H23: 38 | I23: 47 | J23: 66 | K23: =+C23+E23+G23+I23 -> 159 | L23: =+D23+F23+H23+J23 -> 190
A24: 12 | B24: ENCAMAMIENTO POR COMPLICACIONES | C24: 9 | D24: 21 | E24: 20 | F24: 18 | G24: 16 | H24: 8 | I24: 20 | J24: 21 | K24: =+C24+E24+G24+I24 -> 65 | L24: =+D24+F24+H24+J24 -> 68
... A28: 16 | B28: MONITOREO DE PRESION ARTERIAL | C28: 4 | D28: 11 | E28: 8 | F28: 6 | G28: 2 | H28: 4 | I28: 8 | J28: 4 | K28: =+C28+E28+G28+I28 -> 22 | L28: =+D28+F28+H28+J28 -> 25
A29: Total servicios/beneficiarios | C29: =SUM(C13:C28) -> 1370 | D29: =SUM(D13:D28) -> 3214 | E29: =SUM(E13:E28) -> 3006 | F29: =SUM(F13:F28) -> 2898 | G29: =SUM(G13:G28) -> 2954 | H29: =SUM(H13:H28) -> 2463 | I29: =SUM(I13:I28) -> 3006 | J29: =SUM(J13:J28) -> 3181 | ... L29: =SUM(L13:L28) -> 11756
B31: Ejecucion y/o avance de cumplimiento de metas fisicas correspondiente al segundo cuatrimestre
A32: No. | B32: Meta/Servicio | C32: Mayo | E32: Junio | G32: Julio | I32: Agosto | K32: Total cuatrimestre | M32: Total acumulado
C33: Programado | D33: Ejecutado | E33: Programado | F33: Ejecutado | G33: Programado | H33: Ejecutado | I33: Programado | J33: Ejecutado | K33: Programado | L33: Ejecutado | M33: Programado | N33: Ejecutado
A34: 1 | B34: CIRUGIA DE ADULTOS | C34: 15 | D34: 13 | E34: 15 | F34: 16 | K34: =+C34+E34+G34+I34 -> 30 | L34: =+D34+F34+H34+J34 -> 29 | M34: =+K34+K13 -> 79 | N34: =+L34+L13 -> 88
A35: 2 | B35: CIRUGIA DE PEDIATRIA | C35: 15 | D35: 13 | E35: 15 | F35: 23 | K35: =+C35+E35+G35+I35 -> 30 | L35: =+D35+F35+H35+J35 -> 36 | M35: =+K35+K14 -> 78 | N35: =+L35+L14 -> 92
A36: 3 | B36: HEMODINAMIA ADULTOS | C36: 86 | D36: 81 | E36: 86 | F36: 72 | K36: =+C36+E36+G36+I36 -> 172 | L36: =+D36+F36+H36+J36 -> 153 | M36: =+K36+K15 -> 462 | N36: =+L36+L15 -> 497
A37: 4 | B37: HEMODINAMIA PEDIATRIA | C37: 15 | D37: 15 | E37: 15 | F37: 19 | K37: =+C37+E37+G37+I37 -> 30 | L37: =+D37+F37+H37+J37 -> 34 | M37: =+K37+K16 -> 78 | N37: =+L37+L16 -> 87
A38: 5 | B38: ECOCARDIOGRAMA ADULTOS | C38: 443 | D38: 492 | E38: 443 | F38: 386 | K38: =+C38+E38+G38+I38 -> 886 | L38: =+D38+F38+H38+J38 -> 878 | M38: =+K38+K17 -> 2408 | N38: =+L38+L17 -> 2702
A39: 6 | B39: ECOCARDIOGRAMA PEDIATRIA | C39: 367 | D39: 443 | E39: 367 | F39: 356 | K39: =+C39+E39+G39+I39 -> 734 | L39: =+D39+F39+H39+J39 -> 799 | M39: =+K39+K18 -> 1998 | N39: =+L39+L18 -> 2289
A40: 7 | B40: ELECTROCARDIOGRAMAS ADULTOS | C40: 138 | D40: 147 | E40: 138 | F40: 124 | K40: =+C40+E40+G40+I40 -> 276 | L40: =+D40+F40+H40+J40 -> 271 | M40: =+K40+K19 -> 754 | N40: =+L40+L19 -> 837
A41: 8 | B41: ELECTROCARDIOGRAMAS PEDIATRIA | C41: 170 | D41: 181 | E41: 170 | F41: 136 | K41: =+C41+E41+G41+I41 -> 340 | L41: =+D41+F41+H41+J41 -> 317 | M41: =+K41+K20 -> 923 | N41: =+L41+L20 -> 881
A42: 9 | B42: CONSULTAS MEDICAS ADULTOS | C42: 1080 | D42: 1233 | E42: 1080 | F42: 909 | K42: =+C42+E42+G42+I42 -> 2160 | L42: =+D42+F42+H42+J42 -> 2142 | M42: =+K42+K21 -> 5889 | N42: =+L42+L21 -> 6395
A43: 10 | B43: CONSULTA MEDICAS PEDIATRICAS | C43: 449 | D43: 478 | E43: 449 | F43: 419 | K43: =+C43+E43+G43+I43 -> 898 | L43: =+D43+F43+H43+J43 -> 897 | M43: =+K43+K22 -> 2450 | N43: =+L43+L22 -> 2587
A44: 11 | B44: ESTOMATOLOGIA | C44: 47 | D44: 53 | E44: 47 | F44: 42 | K44: =+C44+E44+G44+I44 -> 94 | L44: =+D44+F44+H44+J44 -> 95 | M44: =+K44+K23 -> 253 | N44: =+L44+L23 -> 285
A45: 12 | B45: ENCAMAMIENTO POR COMPLICACIONES | C45: 20 | D45: 23 | E45: 20 | F45: 24 | K45: =+C45+E45+G45+I45 -> 40 | L45: =+D45+F45+H45+J45 -> 47 | M45: =+K45+K24 -> 105 | N45: =+L45+L24 -> 115
... A49: 16 | B49: MONITOREO DE PRESION ARTERIAL | C49: 8 | D49: 8 | E49: 8 | F49: 7 | K49: =+C49+E49+G49+I49 -> 16 | L49: =+D49+F49+H49+J49 -> 15 | M49: =+K49+K28 -> 38 | N49: =+L49+L28 -> 40
A50: Total servicios/beneficiarios | C50: =SUM(C34:C49) -> 3008 | D50: =SUM(D34:D49) -> 3339 | E50: =SUM(E34:E49) -> 3008 | F50: =SUM(F34:F49) -> 2765 | G50: =SUM(G34:G49) -> 0 | H50: =SUM(H34:H49) -> 0 | I50: =SUM(I34:I49) -> 0 | J50: =SUM(J34:J49) -> 0 | ... N50: =SUM(N34:N49) -> 17860
B52: Ejecucion y/o avance de cumplimiento de metas fisicas correspondiente al tercer cuatrimestre
A53: No. | B53: Meta/Servicio | C53: Septiembre | E53: Octubre | G53: Noviembre | I53: Diciembre | K53: Totales | M53: Total acumulado anual
C54: Programado | D54: Ejecutado | E54: Programado | F54: Ejecutado | G54: Programado | H54: Ejecutado | I54: Programado | J54: Ejecutado | K54: Programado | L54: Ejecutado | M54: Programado | N54: Ejecutado
A55: 1 | B55: CIRUGIA DE ADULTOS | K55: =+C55+E55+G55+I55 -> 0 | L55: =+D55+F55+H55+J55 -> 0 | M55: =+K55+M34 -> 79 | N55: =+L55+N34 -> 88
A56: 2 | B56: CIRUGIA DE PEDIATRIA | K56: =+C56+E56+G56+I56 -> 0 | L56: =+D56+F56+H56+J56 -> 0 | M56: =+K56+M35 -> 78 | N56: =+L56+N35 -> 92
A57: 3 | B57: HEMODINAMIA ADULTOS | K57: =+C57+E57+G57+I57 -> 0 | L57: =+D57+F57+H57+J57 -> 0 | M57: =+K57+M36 -> 462 | N57: =+L57+N36 -> 497
A58: 4 | B58: HEMODINAMIA PEDIATRIA | K58: =+C58+E58+G58+I58 -> 0 | L58: =+D58+F58+H58+J58 -> 0 | M58: =+K58+M37 -> 78 | N58: =+L58+N37 -> 87
A59: 5 | B59: ECOCARDIOGRAMA ADULTOS | K59: =+C59+E59+G59+I59 -> 0 | L59: =+D59+F59+H59+J59 -> 0 | M59: =+K59+M38 -> 2408 | N59: =+L59+N38 -> 2702
A60: 6 | B60: ECOCARDIOGRAMA PEDIATRIA | K60: =+C60+E60+G60+I60 -> 0 | L60: =+D60+F60+H60+J60 -> 0 | M60: =+K60+M39 -> 1998 | N60: =+L60+N39 -> 2289
A61: 7 | B61: ELECTROCARDIOGRAMAS ADULTOS | K61: =+C61+E61+G61+I61 -> 0 | L61: =+D61+F61+H61+J61 -> 0 | M61: =+K61+M40 -> 754 | N61: =+L61+N40 -> 837
A62: 8 | B62: ELECTROCARDIOGRAMAS PEDIATRIA | K62: =+C62+E62+G62+I62 -> 0 | L62: =+D62+F62+H62+J62 -> 0 | M62: =+K62+M41 -> 923 | N62: =+L62+N41 -> 881
A63: 9 | B63: CONSULTAS MEDICAS ADULTOS | K63: =+C63+E63+G63+I63 -> 0 | L63: =+D63+F63+H63+J63 -> 0 | M63: =+K63+M42 -> 5889 | N63: =+L63+N42 -> 6395
A64: 10 | B64: CONSULTA MEDICAS PEDIATRICAS | K64: =+C64+E64+G64+I64 -> 0 | L64: =+D64+F64+H64+J64 -> 0 | M64: =+K64+M43 -> 2450 | N64: =+L64+N43 -> 2587
A65: 11 | B65: ESTOMATOLOGIA | K65: =+C65+E65+G65+I65 -> 0 | L65: =+D65+F65+H65+J65 -> 0 | M65: =+K65+M44 -> 253 | N65: =+L65+N44 -> 285
A66: 12 | B66: ENCAMAMIENTO POR COMPLICACIONES | K66: =+C66+E66+G66+I66 -> 0 | L66: =+D66+F66+H66+J66 -> 0 | M66: =+K66+M45 -> 105 | N66: =+L66+N45 -> 115
... A70: 16 | B70: MONITOREO DE PRESION ARTERIAL | K70: =+C70+E70+G70+I70 -> 0 | L70: =+D70+F70+H70+J70 -> 0 | M70: =+K70+M49 -> 38 | N70: =+L70+N49 -> 40
A71: Total | C71: =SUM(C55:C70) -> 0 | D71: =SUM(D55:D70) -> 0 | E71: =SUM(E55:E70) -> 0 | F71: =SUM(F55:F70) -> 0 | G71: =SUM(G55:G70) -> 0 | H71: =SUM(H55:H70) -> 0 | I71: =SUM(I55:I70) -> 0 | J71: =SUM(J55:J70) -> 0 | ... N71: =SUM(N55:N70) -> 17860
B94: RESUMEN AÑO 2024
A95: No. | B95: Meta/Servicio | C95: Totales
C96: Programado | D96: Ejecutado
A97: 1 | B97: CIRUGIA DE ADULTOS | C97: =+K13+K34+K55 -> 79 | D97: =+L13+L34+L55 -> 88
A98: 2 | B98: CIRUGIA DE PEDIATRIA | C98: =+K14+K35+K56 -> 78 | D98: =+L14+L35+L56 -> 92
A99: 3 | B99: HEMODINAMIA ADULTOS | C99: =+K15+K36+K57 -> 462 | D99: =+L15+L36+L57 -> 497
A100: 4 | B100: HEMODINAMIA PEDIATRIA | C100: =+K16+K37+K58 -> 78 | D100: =+L16+L37+L58 -> 87
A101: 5 | B101: ECOCARDIOGRAMA ADULTOS | C101: =+K17+K38+K59 -> 2408 | D101: =+L17+L38+L59 -> 2702
A102: 6 | B102: ECOCARDIOGRAMA PEDIATRIA | C102: =+K18+K39+K60 -> 1998 | D102: =+L18+L39+L60 -> 2289
A103: 7 | B103: ELECTROCARDIOGRAMAS ADULTOS | C103: =+K19+K40+K61 -> 754 | D103: =+L19+L40+L61 -> 837
A104: 8 | B104: ELECTROCARDIOGRAMAS PEDIATRIA | C104: =+K20+K41+K62 -> 923 | D104: =+L20+L41+L62 -> 881
A105: 9 | B105: CONSULTAS MEDICAS ADULTOS | C105: =+K21+K42+K63 -> 5889 | D105: =+L21+L42+L63 -> 6395
A106: 10 | B106: CONSULTA MEDICAS PEDIATRICAS | C106: =+K22+K43+K64 -> 2450 | D106: =+L22+L43+L64 -> 2587
A107: 11 | B107: ESTOMATOLOGIA | C107: =+K23+K44+K65 -> 253 | D107: =+L23+L44+L65 -> 285
A108: 12 | B108: ENCAMAMIENTO POR COMPLICACIONES | C108: =+K24+K45+K66 -> 105 | D108: =+L24+L45+L66 -> 115
... A112: 16 | B112: MONITOREO DE PRESION ARTERIAL | C112: =+K28+K49+K70 -> 38 | D112: =+L28+L49+L70 -> 40
A113: Total | C113: =SUM(C97:C112) -> 16352 | D113: =SUM(D97:D112) -> 17860
B137: Elaborado por: | C137: ___________________________ | F137: Autorizado por: | H137: _______________________________________
C138: VÍctor Cresencio Reyes Porres | H138: Lic. Douglas Antonio Díaz Rivera
C139: Jefe de Contabilidad | H139: Representante Legal
B140: Fecha: | C140: 10 de julio 2,024

Sheet EJECUCION FISICA JULIO DECE-8
L2: DECE-8
A6: UNIDAD DE CIRUGIA CARDIOVASCULAR DE GUATEMALA
A7: 5a. AVENIDA 6-22 ZONA 11
A8: dgunicar@yahoo.es Tel. 24163000
B10: Ejecucion y/o avance de cumplimiento de metas fisicas correspondiente al primer cuatrimestre
A11: No. | B11: Meta/Servicio | C11: Enero | E11: Febrero | G11: Marzo | I11: Abril | K11: Total cuatrimestre
C12: Programado | D12: Ejecutado | E12: Programado | F12: Ejecutado | G12: Programado | H12: Ejecutado | I12: Programado | J12: Ejecutado | K12: Programado | L12: Ejecutado
A13: 1 | B13: CIRUGIA DE ADULTOS | C13: 7 | D13: 20 | E13: 14 | F13: 13 | G13: 15 | H13: 17 | I13: 13 | J13: 9 | K13: =+C13+E13+G13+I13 -> 49 | L13: =+D13+F13+H13+J13 -> 59
A14: 2 | B14: CIRUGIA DE PEDIATRIA | C14: 7 | D14: 21 | E14: 15 | F14: 6 | G14: 11 | H14: 12 | I14: 15 | J14: 17 | K14: =+C14+E14+G14+I14 -> 48 | L14: =+D14+F14+H14+J14 -> 56
A15: 3 | B15: HEMODINAMIA ADULTOS | C15: 39 | D15: 96 | E15: 85 | F15: 86 | G15: 80 | H15: 59 | I15: 86 | J15: 103 | K15: =+C15+E15+G15+I15 -> 290 | L15: =+D15+F15+H15+J15 -> 344
A16: 4 | B16: HEMODINAMIA PEDIATRIA | C16: 6 | D16: 18 | E16: 15 | F16: 7 | G16: 12 | H16: 12 | I16: 15 | J16: 16 | K16: =+C16+E16+G16+I16 -> 48 | L16: =+D16+F16+H16+J16 -> 53
A17: 5 | B17: ECOCARDIOGRAMA ADULTOS | C17: 201 | D17: 451 | E17: 443 | F17: 442 | G17: 435 | H17: 405 | I17: 443 | J17: 526 | K17: =+C17+E17+G17+I17 -> 1522 | L17: =+D17+F17+H17+J17 -> 1824
A18: 6 | B18: ECOCARDIOGRAMA PEDIATRIA | C18: 167 | D18: 422 | E18: 367 | F18: 345 | G18: 363 | H18: 309 | I18: 367 | J18: 414 | K18: =+C18+E18+G18+I18 -> 1264 | L18: =+D18+F18+H18+J18 -> 1490
A19: 7 | B19: ELECTROCARDIOGRAMAS ADULTOS | C19: 64 | D19: 147 | E19: 138 | F19: 139 | G19: 138 | H19: 107 | I19: 138 | J19: 173 | K19: =+C19+E19+G19+I19 -> 478 | L19: =+D19+F19+H19+J19 -> 566
A20: 8 | B20: ELECTROCARDIOGRAMAS PEDIATRIA | C20: 77 | D20: 161 | E20: 170 | F20: 151 | G20: 166 | H20: 117 | I20: 170 | J20: 135 | K20: =+C20+E20+G20+I20 -> 583 | L20: =+D20+F20+H20+J20 -> 564
A21: 9 | B21: CONSULTAS MEDICAS ADULTOS | C21: 491 | D21: 1121 | E21: 1080 | F21: 1114 | G21: 1078 | H21: 918 | I21: 1080 | J21: 1100 | K21: =+C21+E21+G21+I21 -> 3729 | L21: =+D21+F21+H21+J21 -> 4253
A22: 10 | B22: CONSULTA MEDICAS PEDIATRICAS | C22: 205 | D22: 496 | E22: 449 | F22: 408 | G22: 449 | H22: 358 | I22: 449 | J22: 428 | K22: =+C22+E22+G22+I22 -> 1552 | L22: =+D22+F22+H22+J22 -> 1690
A23: 11 | B23: ESTOMATOLOGIA | C23: 22 | D23: 44 | E23: 47 | F23: 42 | G23: 43 | H23: 38 | I23: 47 | J23: 66 | K23: =+C23+E23+G23+I23 -> 159 | L23: =+D23+F23+H23+J23 -> 190
A24: 12 | B24: ENCAMAMIENTO POR COMPLICACIONES | C24: 9 | D24: 21 | E24: 20 | F24: 18 | G24: 16 | H24: 8 | I24: 20 | J24: 21 | K24: =+C24+E24+G24+I24 -> 65 | L24: =+D24+F24+H24+J24 -> 68
... A28: 16 | B28: MONITOREO DE PRESION ARTERIAL | C28: 4 | D28: 11 | E28: 8 | F28: 6 | G28: 2 | H28: 4 | I28: 8 | J28: 4 | K28: =+C28+E28+G28+I28 -> 22 | L28: =+D28+F28+H28+J28 -> 25
A29: Total servicios/beneficiarios | C29: =SUM(C13:C28) -> 1370 | D29: =SUM(D13:D28) -> 3214 | E29: =SUM(E13:E28) -> 3006 | F29: =SUM(F13:F28) -> 2898 | G29: =SUM(G13:G28) -> 2954 | H29: =SUM(H13:H28) -> 2463 | I29: =SUM(I13:I28) -> 3006 | J29: =SUM(J13:J28) -> 3181 | ... L29: =SUM(L13:L28) -> 11756
B31: Ejecucion y/o avance de cumplimiento de metas fisicas correspondiente al segundo cuatrimestre
A32: No. | B32: Meta/Servicio | C32: Mayo | E32: Junio | G32: Julio | I32: Agosto | K32: Total cuatrimestre | M32: Total acumulado
C33: Programado | D33: Ejecutado | E33: Programado | F33: Ejecutado | G33: Programado | H33: Ejecutado | I33: Programado | J33: Ejecutado | K33: Programado | L33: Ejecutado | M33: Programado | N33: Ejecutado
A34: 1 | B34: CIRUGIA DE ADULTOS | C34: 15 | D34: 13 | E34: 15 | F34: 16 | G34: 15 | H34: 18 | K34: =+C34+E34+G34+I34 -> 45 | L34: =+D34+F34+H34+J34 -> 47 | M34: =+K34+K13 -> 94 | N34: =+L34+L13 -> 106
A35: 2 | B35: CIRUGIA DE PEDIATRIA | C35: 15 | D35: 13 | E35: 15 | F35: 23 | G35: 15 | H35: 15 | K35: =+C35+E35+G35+I35 -> 45 | L35: =+D35+F35+H35+J35 -> 51 | M35: =+K35+K14 -> 93 | N35: =+L35+L14 -> 107
A36: 3 | B36: HEMODINAMIA ADULTOS | C36: 86 | D36: 81 | E36: 86 | F36: 72 | G36: 86 | H36: 75 | K36: =+C36+E36+G36+I36 -> 258 | L36: =+D36+F36+H36+J36 -> 228 | M36: =+K36+K15 -> 548 | N36: =+L36+L15 -> 572
A37: 4 | B37: HEMODINAMIA PEDIATRIA | C37: 15 | D37: 15 | E37: 15 | F37: 19 | G37: 15 | H37: 17 | K37: =+C37+E37+G37+I37 -> 45 | L37: =+D37+F37+H37+J37 -> 51 | M37: =+K37+K16 -> 93 | N37: =+L37+L16 -> 104
A38: 5 | B38: ECOCARDIOGRAMA ADULTOS | C38: 443 | D38: 492 | E38: 443 | F38: 386 | G38: 443 | H38: 367 | K38: =+C38+E38+G38+I38 -> 1329 | L38: =+D38+F38+H38+J38 -> 1245 | M38: =+K38+K17 -> 2851 | N38: =+L38+L17 -> 3069
A39: 6 | B39: ECOCARDIOGRAMA PEDIATRIA | C39: 367 | D39: 443 | E39: 367 | F39: 356 | G39: 367 | H39: 375 | K39: =+C39+E39+G39+I39 -> 1101 | L39: =+D39+F39+H39+J39 -> 1174 | M39: =+K39+K18 -> 2365 | N39: =+L39+L18 -> 2664
A40: 7 | B40: ELECTROCARDIOGRAMAS ADULTOS | C40: 138 | D40: 147 | E40: 138 | F40: 124 | G40: 138 | H40: 165 | K40: =+C40+E40+G40+I40 -> 414 | L40: =+D40+F40+H40+J40 -> 436 | M40: =+K40+K19 -> 892 | N40: =+L40+L19 -> 1002
A41: 8 | B41: ELECTROCARDIOGRAMAS PEDIATRIA | C41: 170 | D41: 181 | E41: 170 | F41: 136 | G41: 170 | H41: 161 | K41: =+C41+E41+G41+I41 -> 510 | L41: =+D41+F41+H41+J41 -> 478 | M41: =+K41+K20 -> 1093 | N41: =+L41+L20 -> 1042
A42: 9 | B42: CONSULTAS MEDICAS ADULTOS | C42: 1080 | D42: 1233 | E42: 1080 | F42: 909 | G42: 1080 | H42: 1078 | K42: =+C42+E42+G42+I42 -> 3240 | L42: =+D42+F42+H42+J42 -> 3220 | M42: =+K42+K21 -> 6969 | N42: =+L42+L21 -> 7473
A43: 10 | B43: CONSULTA MEDICAS PEDIATRICAS | C43: 449 | D43: 478 | E43: 449 | F43: 419 | G43: 449 | H43: 422 | K43: =+C43+E43+G43+I43 -> 1347 | L43: =+D43+F43+H43+J43 -> 1319 | M43: =+K43+K22 -> 2899 | N43: =+L43+L22 -> 3009
A44: 11 | B44: ESTOMATOLOGIA | C44: 47 | D44: 53 | E44: 47 | F44: 42 | G44: 47 | H44: 52 | K44: =+C44+E44+G44+I44 -> 141 | L44: =+D44+F44+H44+J44 -> 147 | M44: =+K44+K23 -> 300 | N44: =+L44+L23 -> 337
A45: 12 | B45: ENCAMAMIENTO POR COMPLICACIONES | C45: 20 | D45: 23 | E45: 20 | F45: 24 | G45: 20 | H45: 27 | K45: =+C45+E45+G45+I45 -> 60 | L45: =+D45+F45+H45+J45 -> 74 | M45: =+K45+K24 -> 125 | N45: =+L45+L24 -> 142
... A49: 16 | B49: MONITOREO DE PRESION ARTERIAL | C49: 8 | D49: 8 | E49: 8 | F49: 7 | G49: 8 | H49: 7 | K49: =+C49+E49+G49+I49 -> 24 | L49: =+D49+F49+H49+J49 -> 22 | M49: =+K49+K28 -> 46 | N49: =+L49+L28 -> 47
A50: Total servicios/beneficiarios | C50: =SUM(C34:C49) -> 3008 | D50: =SUM(D34:D49) -> 3339 | E50: =SUM(E34:E49) -> 3008 | F50: =SUM(F34:F49) -> 2765 | G50: =SUM(G34:G49) -> 3008 | H50: =SUM(H34:H49) -> 3076 | I50: =SUM(I34:I49) -> 0 | J50: =SUM(J34:J49) -> 0 | ... N50: =SUM(N34:N49) -> 20936
B52: Ejecucion y/o avance de cumplimiento de metas fisicas correspondiente al tercer cuatrimestre
A53: No. | B53: Meta/Servicio | C53: Septiembre | E53: Octubre | G53: Noviembre | I53: Diciembre | K53: Totales | M53: Total acumulado anual
C54: Programado | D54: Ejecutado | E54: Programado | F54: Ejecutado | G54: Programado | H54: Ejecutado | I54: Programado | J54: Ejecutado | K54: Programado | L54: Ejecutado | M54: Programado | N54: Ejecutado
A55: 1 | B55: CIRUGIA DE ADULTOS | K55: =+C55+E55+G55+I55 -> 0 | L55: =+D55+F55+H55+J55 -> 0 | M55: =+K55+M34 -> 94 | N55: =+L55+N34 -> 106
A56: 2 | B56: CIRUGIA DE PEDIATRIA | K56: =+C56+E56+G56+I56 -> 0 | L56: =+D56+F56+H56+J56 -> 0 | M56: =+K56+M35 -> 93 | N56: =+L56+N35 -> 107
A57: 3 | B57: HEMODINAMIA ADULTOS | K57: =+C57+E57+G57+I57 -> 0 | L57: =+D57+F57+H57+J57 -> 0 | M57: =+K57+M36 -> 548 | N57: =+L57+N36 -> 572
A58: 4 | B58: HEMODINAMIA PEDIATRIA | K58: =+C58+E58+G58+I58 -> 0 | L58: =+D58+F58+H58+J58 -> 0 | M58: =+K58+M37 -> 93 | N58: =+L58+N37 -> 104
A59: 5 | B59: ECOCARDIOGRAMA ADULTOS | K59: =+C59+E59+G59+I59 -> 0 | L59: =+D59+F59+H59+J59 -> 0 | M59: =+K59+M38 -> 2851 | N59: =+L59+N38 -> 3069
A60: 6 | B60: ECOCARDIOGRAMA PEDIATRIA | K60: =+C60+E60+G60+I60 -> 0 | L60: =+D60+F60+H60+J60 -> 0 | M60: =+K60+M39 -> 2365 | N60: =+L60+N39 -> 2664
A61: 7 | B61: ELECTROCARDIOGRAMAS ADULTOS | K61: =+C61+E61+G61+I61 -> 0 | L61: =+D61+F61+H61+J61 -> 0 | M61: =+K61+M40 -> 892 | N61: =+L61+N40 -> 1002
A62: 8 | B62: ELECTROCARDIOGRAMAS PEDIATRIA | K62: =+C62+E62+G62+I62 -> 0 | L62: =+D62+F62+H62+J62 -> 0 | M62: =+K62+M41 -> 1093 | N62: =+L62+N41 -> 1042
A63: 9 | B63: CONSULTAS MEDICAS ADULTOS | K63: =+C63+E63+G63+I63 -> 0 | L63: =+D63+F63+H63+J63 -> 0 | M63: =+K63+M42 -> 6969 | N63: =+L63+N42 -> 7473
A64: 10 | B64: CONSULTA MEDICAS PEDIATRICAS | K64: =+C64+E64+G64+I64 -> 0 | L64: =+D64+F64+H64+J64 -> 0 | M64: =+K64+M43 -> 2899 | N64: =+L64+N43 -> 3009
A65: 11 | B65: ESTOMATOLOGIA | K65: =+C65+E65+G65+I65 -> 0 | L65: =+D65+F65+H65+J65 -> 0 | M65: =+K65+M44 -> 300 | N65: =+L65+N44 -> 337
A66: 12 | B66: ENCAMAMIENTO POR COMPLICACIONES | K66: =+C66+E66+G66+I66 -> 0 | L66: =+D66+F66+H66+J66 -> 0 | M66: =+K66+M45 -> 125 | N66: =+L66+N45 -> 142
... A70: 16 | B70: MONITOREO DE PRESION ARTERIAL | K70: =+C70+E70+G70+I70 -> 0 | L70: =+D70+F70+H70+J70 -> 0 | M70: =+K70+M49 -> 46 | N70: =+L70+N49 -> 47
A71: Total | C71: =SUM(C55:C70) -> 0 | D71: =SUM(D55:D70) -> 0 | E71: =SUM(E55:E70) -> 0 | F71: =SUM(F55:F70) -> 0 | G71: =SUM(G55:G70) -> 0 | H71: =SUM(H55:H70) -> 0 | I71: =SUM(I55:I70) -> 0 | J71: =SUM(J55:J70) -> 0 | ... N71: =SUM(N55:N70) -> 20936
B94: RESUMEN AÑO 2024
A95: No. | B95: Meta/Servicio | C95: Totales
C96: Programado | D96: Ejecutado
A97: 1 | B97: CIRUGIA DE ADULTOS | C97: =+K13+K34+K55 -> 94 | D97: =+L13+L34+L55 -> 106
A98: 2 | B98: CIRUGIA DE PEDIATRIA | C98: =+K14+K35+K56 -> 93 | D98: =+L14+L35+L56 -> 107
A99: 3 | B99: HEMODINAMIA ADULTOS | C99: =+K15+K36+K57 -> 548 | D99: =+L15+L36+L57 -> 572
A100: 4 | B100: HEMODINAMIA PEDIATRIA | C100: =+K16+K37+K58 -> 93 | D100: =+L16+L37+L58 -> 104
A101: 5 | B101: ECOCARDIOGRAMA ADULTOS | C101: =+K17+K38+K59 -> 2851 | D101: =+L17+L38+L59 -> 3069
A102: 6 | B102: ECOCARDIOGRAMA PEDIATRIA | C102: =+K18+K39+K60 -> 2365 | D102: =+L18+L39+L60 -> 2664
A103: 7 | B103: ELECTROCARDIOGRAMAS ADULTOS | C103: =+K19+K40+K61 -> 892 | D103: =+L19+L40+L61 -> 1002
A104: 8 | B104: ELECTROCARDIOGRAMAS PEDIATRIA | C104: =+K20+K41+K62 -> 1093 | D104: =+L20+L41+L62 -> 1042
A105: 9 | B105: CONSULTAS MEDICAS ADULTOS | C105: =+K21+K42+K63 -> 6969 | D105: =+L21+L42+L63 -> 7473
A106: 10 | B106: CONSULTA MEDICAS PEDIATRICAS | C106: =+K22+K43+K64 -> 2899 | D106: =+L22+L43+L64 -> 3009
A107: 11 | B107: ESTOMATOLOGIA | C107: =+K23+K44+K65 -> 300 | D107: =+L23+L44+L65 -> 337
A108: 12 | B108: ENCAMAMIENTO POR COMPLICACIONES | C108: =+K24+K45+K66 -> 125 | D108: =+L24+L45+L66 -> 142
... A112: 16 | B112: MONITOREO DE PRESION ARTERIAL | C112: =+K28+K49+K70 -> 46 | D112: =+L28+L49+L70 -> 47
A113: Total | C113: =SUM(C97:C112) -> 19360 | D113: =SUM(D97:D112) -> 20936
B137: Elaborado por: | C137: ___________________________ | F137: Autorizado por: | H137: _______________________________________
C138: VÍctor Cresencio Reyes Porres | H138: Lic. Douglas Antonio Díaz Rivera
C139: Jefe de Contabilidad | H139: Representante Legal
B140: Fecha: | C140: 9 de agosto 2,024

Sheet EJECUCION FISICA AGOSTO DECE-8
L2: DECE-8
A6: UNIDAD DE CIRUGIA CARDIOVASCULAR DE GUATEMALA
A7: 5a. AVENIDA 6-22 ZONA 11
A8: dgunicar@yahoo.es Tel. 24163000
B10: Ejecucion y/o avance de cumplimiento de metas fisicas correspondiente al primer cuatrimestre
A11: No. | B11: Meta/Servicio | C11: Enero | E11: Febrero | G11: Marzo | I11: Abril | K11: Total cuatrimestre
C12: Programado | D12: Ejecutado | E12: Programado | F12: Ejecutado | G12: Programado | H12: Ejecutado | I12: Programado | J12: Ejecutado | K12: Programado | L12: Ejecutado
A13: 1 | B13: CIRUGIA DE ADULTOS | C13: 7 | D13: 20 | E13: 14 | F13: 13 | G13: 15 | H13: 17 | I13: 13 | J13: 9 | K13: =+C13+E13+G13+I13 -> 49 | L13: =+D13+F13+H13+J13 -> 59
A14: 2 | B14: CIRUGIA DE PEDIATRIA | C14: 7 | D14: 21 | E14: 15 | F14: 6 | G14: 11 | H14: 12 | I14: 15 | J14: 17 | K14: =+C14+E14+G14+I14 -> 48 | L14: =+D14+F14+H14+J14 -> 56
A15: 3 | B15: HEMODINAMIA ADULTOS | C15: 39 | D15: 96 | E15: 85 | F15: 86 | G15: 80 | H15: 59 | I15: 86 | J15: 103 | K15: =+C15+E15+G15+I15 -> 290 | L15: =+D15+F15+H15+J15 -> 344
A16: 4 | B16: HEMODINAMIA PEDIATRIA | C16: 6 | D16: 18 | E16: 15 | F16: 7 | G16: 12 | H16: 12 | I16: 15 | J16: 16 | K16: =+C16+E16+G16+I16 -> 48 | L16: =+D16+F16+H16+J16 -> 53
A17: 5 | B17: ECOCARDIOGRAMA ADULTOS | C17: 201 | D17: 451 | E17: 443 | F17: 442 | G17: 435 | H17: 405 | I17: 443 | J17: 526 | K17: =+C17+E17+G17+I17 -> 1522 | L17: =+D17+F17+H17+J17 -> 1824
A18: 6 | B18: ECOCARDIOGRAMA PEDIATRIA | C18: 167 | D18: 422 | E18: 367 | F18: 345 | G18: 363 | H18: 309 | I18: 367 | J18: 414 | K18: =+C18+E18+G18+I18 -> 1264 | L18: =+D18+F18+H18+J18 -> 1490
A19: 7 | B19: ELECTROCARDIOGRAMAS ADULTOS | C19: 64 | D19: 147 | E19: 138 | F19: 139 | G19: 138 | H19: 107 | I19: 138 | J19: 173 | K19: =+C19+E19+G19+I19 -> 478 | L19: =+D19+F19+H19+J19 -> 566
A20: 8 | B20: ELECTROCARDIOGRAMAS PEDIATRIA | C20: 77 | D20: 161 | E20: 170 | F20: 151 | G20: 166 | H20: 117 | I20: 170 | J20: 135 | K20: =+C20+E20+G20+I20 -> 583 | L20: =+D20+F20+H20+J20 -> 564
A21: 9 | B21: CONSULTAS MEDICAS ADULTOS | C21: 491 | D21: 1121 | E21: 1080 | F21: 1114 | G21: 1078 | H21: 918 | I21: 1080 | J21: 1100 | K21: =+C21+E21+G21+I21 -> 3729 | L21: =+D21+F21+H21+J21 -> 4253
A22: 10 | B22: CONSULTA MEDICAS PEDIATRICAS | C22: 205 | D22: 496 | E22: 449 | F22: 408 | G22: 449 | H22: 358 | I22: 449 | J22: 428 | K22: =+C22+E22+G22+I22 -> 1552 | L22: =+D22+F22+H22+J22 -> 1690
A23: 11 | B23: ESTOMATOLOGIA | C23: 22 | D23: 44 | E23: 47 | F23: 42 | G23: 43 | H23: 38 | I23: 47 | J23: 66 | K23: =+C23+E23+G23+I23 -> 159 | L23: =+D23+F23+H23+J23 -> 190
A24: 12 | B24: ENCAMAMIENTO POR COMPLICACIONES | C24: 9 | D24: 21 | E24: 20 | F24: 18 | G24: 16 | H24: 8 | I24: 20 | J24: 21 | K24: =+C24+E24+G24+I24 -> 65 | L24: =+D24+F24+H24+J24 -> 68
... A28: 16 | B28: MONITOREO DE PRESION ARTERIAL | C28: 4 | D28: 11 | E28: 8 | F28: 6 | G28: 2 | H28: 4 | I28: 8 | J28: 4 | K28: =+C28+E28+G28+I28 -> 22 | L28: =+D28+F28+H28+J28 -> 25
A29: Total servicios/beneficiarios | C29: =SUM(C13:C28) -> 1370 | D29: =SUM(D13:D28) -> 3214 | E29: =SUM(E13:E28) -> 3006 | F29: =SUM(F13:F28) -> 2898 | G29: =SUM(G13:G28) -> 2954 | H29: =SUM(H13:H28) -> 2463 | I29: =SUM(I13:I28) -> 3006 | J29: =SUM(J13:J28) -> 3181 | ... L29: =SUM(L13:L28) -> 11756
B31: Ejecucion y/o avance de cumplimiento de metas fisicas correspondiente al segundo cuatrimestre
A32: No. | B32: Meta/Servicio | C32: Mayo | E32: Junio | G32: Julio | I32: Agosto | K32: Total cuatrimestre | M32: Total acumulado
C33: Programado | D33: Ejecutado | E33: Programado | F33: Ejecutado | G33: Programado | H33: Ejecutado | I33: Programado | J33: Ejecutado | K33: Programado | L33: Ejecutado | M33: Programado | N33: Ejecutado
A34: 1 | B34: CIRUGIA DE ADULTOS | C34: 15 | D34: 13 | E34: 15 | F34: 16 | G34: 15 | H34: 18 | I34: 15 | J34: 13 | K34: =+C34+E34+G34+I34 -> 60 | L34: =+D34+F34+H34+J34 -> 60 | M34: =+K34+K13 -> 109 | N34: =+L34+L13 -> 119
A35: 2 | B35: CIRUGIA DE PEDIATRIA | C35: 15 | D35: 13 | E35: 15 | F35: 23 | G35: 15 | H35: 15 | I35: 15 | J35: 19 | K35: =+C35+E35+G35+I35 -> 60 | L35: =+D35+F35+H35+J35 -> 70 | M35: =+K35+K14 -> 108 | N35: =+L35+L14 -> 126
A36: 3 | B36: HEMODINAMIA ADULTOS | C36: 86 | D36: 81 | E36: 86 | F36: 72 | G36: 86 | H36: 75 | I36: 86 | J36: 68 | K36: =+C36+E36+G36+I36 -> 344 | L36: =+D36+F36+H36+J36 -> 296 | M36: =+K36+K15 -> 634 | N36: =+L36+L15 -> 640
A37: 4 | B37: HEMODINAMIA PEDIATRIA | C37: 15 | D37: 15 | E37: 15 | F37: 19 | G37: 15 | H37: 17 | I37: 15 | J37: 11 | K37: =+C37+E37+G37+I37 -> 60 | L37: =+D37+F37+H37+J37 -> 62 | M37: =+K37+K16 -> 108 | N37: =+L37+L16 -> 115
A38: 5 | B38: ECOCARDIOGRAMA ADULTOS | C38: 443 | D38: 492 | E38: 443 | F38: 386 | G38: 443 | H38: 367 | I38: 443 | J38: 420 | K38: =+C38+E38+G38+I38 -> 1772 | L38: =+D38+F38+H38+J38 -> 1665 | M38: =+K38+K17 -> 3294 | N38: =+L38+L17 -> 3489
A39: 6 | B39: ECOCARDIOGRAMA PEDIATRIA | C39: 367 | D39: 443 | E39: 367 | F39: 356 | G39: 367 | H39: 375 | I39: 367 | J39: 351 | K39: =+C39+E39+G39+I39 -> 1468 | L39: =+D39+F39+H39+J39 -> 1525 | M39: =+K39+K18 -> 2732 | N39: =+L39+L18 -> 3015
A40: 7 | B40: ELECTROCARDIOGRAMAS ADULTOS | C40: 138 | D40: 147 | E40: 138 | F40: 124 | G40: 138 | H40: 165 | I40: 138 | J40: 150 | K40: =+C40+E40+G40+I40 -> 552 | L40: =+D40+F40+H40+J40 -> 586 | M40: =+K40+K19 -> 1030 | N40: =+L40+L19 -> 1152
A41: 8 | B41: ELECTROCARDIOGRAMAS PEDIATRIA | C41: 170 | D41: 181 | E41: 170 | F41: 136 | G41: 170 | H41: 161 | I41: 170 | J41: 189 | K41: =+C41+E41+G41+I41 -> 680 | L41: =+D41+F41+H41+J41 -> 667 | M41: =+K41+K20 -> 1263 | N41: =+L41+L20 -> 1231
A42: 9 | B42: CONSULTAS MEDICAS ADULTOS | C42: 1080 | D42: 1233 | E42: 1080 | F42: 909 | G42: 1080 | H42: 1078 | I42: 1080 | J42: 1185 | K42: =+C42+E42+G42+I42 -> 4320 | L42: =+D42+F42+H42+J42 -> 4405 | M42: =+K42+K21 -> 8049 | N42: =+L42+L21 -> 8658
A43: 10 | B43: CONSULTA MEDICAS PEDIATRICAS | C43: 449 | D43: 478 | E43: 449 | F43: 419 | G43: 449 | H43: 422 | I43: 449 | J43: 327 | K43: =+C43+E43+G43+I43 -> 1796 | L43: =+D43+F43+H43+J43 -> 1646 | M43: =+K43+K22 -> 3348 | N43: =+L43+L22 -> 3336
A44: 11 | B44: ESTOMATOLOGIA | C44: 47 | D44: 53 | E44: 47 | F44: 42 | G44: 47 | H44: 52 | I44: 47 | J44: 48 | K44: =+C44+E44+G44+I44 -> 188 | L44: =+D44+F44+H44+J44 -> 195 | M44: =+K44+K23 -> 347 | N44: =+L44+L23 -> 385
A45: 12 | B45: ENCAMAMIENTO POR COMPLICACIONES | C45: 20 | D45: 23 | E45: 20 | F45: 24 | G45: 20 | H45: 27 | I45: 20 | J45: 30 | K45: =+C45+E45+G45+I45 -> 80 | L45: =+D45+F45+H45+J45 -> 104 | M45: =+K45+K24 -> 145 | N45: =+L45+L24 -> 172
... A49: 16 | B49: MONITOREO DE PRESION ARTERIAL | C49: 8 | D49: 8 | E49: 8 | F49: 7 | G49: 8 | H49: 7 | I49: 8 | J49: 6 | K49: =+C49+E49+G49+I49 -> 32 | L49: =+D49+F49+H49+J49 -> 28 | M49: =+K49+K28 -> 54 | N49: =+L49+L28 -> 53
A50: Total servicios/beneficiarios | C50: =SUM(C34:C49) -> 3008 | D50: =SUM(D34:D49) -> 3339 | E50: =SUM(E34:E49) -> 3008 | F50: =SUM(F34:F49) -> 2765 | G50: =SUM(G34:G49) -> 3008 | H50: =SUM(H34:H49) -> 3076 | I50: =SUM(I34:I49) -> 3008 | J50: =SUM(J34:J49) -> 2988 | ... N50: =SUM(N34:N49) -> 23924
B52: Ejecucion y/o avance de cumplimiento de metas fisicas correspondiente al tercer cuatrimestre
A53: No. | B53: Meta/Servicio | C53: Septiembre | E53: Octubre | G53: Noviembre | I53: Diciembre | K53: Totales | M53: Total acumulado anual
C54: Programado | D54: Ejecutado | E54: Programado | F54: Ejecutado | G54: Programado | H54: Ejecutado | I54: Programado | J54: Ejecutado | K54: Programado | L54: Ejecutado | M54: Programado | N54: Ejecutado
A55: 1 | B55: CIRUGIA DE ADULTOS | K55: =+C55+E55+G55+I55 -> 0 | L55: =+D55+F55+H55+J55 -> 0 | M55: =+K55+M34 -> 109 | N55: =+L55+N34 -> 119
A56: 2 | B56: CIRUGIA DE PEDIATRIA | K56: =+C56+E56+G56+I56 -> 0 | L56: =+D56+F56+H56+J56 -> 0 | M56: =+K56+M35 -> 108 | N56: =+L56+N35 -> 126
A57: 3 | B57: HEMODINAMIA ADULTOS | K57: =+C57+E57+G57+I57 -> 0 | L57: =+D57+F57+H57+J57 -> 0 | M57: =+K57+M36 -> 634 | N57: =+L57+N36 -> 640
A58: 4 | B58: HEMODINAMIA PEDIATRIA | K58: =+C58+E58+G58+I58 -> 0 | L58: =+D58+F58+H58+J58 -> 0 | M58: =+K58+M37 -> 108 | N58: =+L58+N37 -> 115
A59: 5 | B59: ECOCARDIOGRAMA ADULTOS | K59: =+C59+E59+G59+I59 -> 0 | L59: =+D59+F59+H59+J59 -> 0 | M59: =+K59+M38 -> 3294 | N59: =+L59+N38 -> 3489
A60: 6 | B60: ECOCARDIOGRAMA PEDIATRIA | K60: =+C60+E60+G60+I60 -> 0 | L60: =+D60+F60+H60+J60 -> 0 | M60: =+K60+M39 -> 2732 | N60: =+L60+N39 -> 3015
A61: 7 | B61: ELECTROCARDIOGRAMAS ADULTOS | K61: =+C61+E61+G61+I61 -> 0 | L61: =+D61+F61+H61+J61 -> 0 | M61: =+K61+M40 -> 1030 | N61: =+L61+N40 -> 1152
A62: 8 | B62: ELECTROCARDIOGRAMAS PEDIATRIA | K62: =+C62+E62+G62+I62 -> 0 | L62: =+D62+F62+H62+J62 -> 0 | M62: =+K62+M41 -> 1263 | N62: =+L62+N41 -> 1231
A63: 9 | B63: CONSULTAS MEDICAS ADULTOS | K63: =+C63+E63+G63+I63 -> 0 | L63: =+D63+F63+H63+J63 -> 0 | M63: =+K63+M42 -> 8049 | N63: =+L63+N42 -> 8658
A64: 10 | B64: CONSULTA MEDICAS PEDIATRICAS | K64: =+C64+E64+G64+I64 -> 0 | L64: =+D64+F64+H64+J64 -> 0 | M64: =+K64+M43 -> 3348 | N64: =+L64+N43 -> 3336
A65: 11 | B65: ESTOMATOLOGIA | K65: =+C65+E65+G65+I65 -> 0 | L65: =+D65+F65+H65+J65 -> 0 | M65: =+K65+M44 -> 347 | N65: =+L65+N44 -> 385
A66: 12 | B66: ENCAMAMIENTO POR COMPLICACIONES | K66: =+C66+E66+G66+I66 -> 0 | L66: =+D66+F66+H66+J66 -> 0 | M66: =+K66+M45 -> 145 | N66: =+L66+N45 -> 172
... A70: 16 | B70: MONITOREO DE PRESION ARTERIAL | K70: =+C70+E70+G70+I70 -> 0 | L70: =+D70+F70+H70+J70 -> 0 | M70: =+K70+M49 -> 54 | N70: =+L70+N49 -> 53
A71: Total | C71: =SUM(C55:C70) -> 0 | D71: =SUM(D55:D70) -> 0 | E71: =SUM(E55:E70) -> 0 | F71: =SUM(F55:F70) -> 0 | G71: =SUM(G55:G70) -> 0 | H71: =SUM(H55:H70) -> 0 | I71: =SUM(I55:I70) -> 0 | J71: =SUM(J55:J70) -> 0 | ... N71: =SUM(N55:N70) -> 23924
B94: RESUMEN AÑO 2024
A95: No. | B95: Meta/Servicio | C95: Totales
C96: Programado | D96: Ejecutado
A97: 1 | B97: CIRUGIA DE ADULTOS | C97: =+K13+K34+K55 -> 109 | D97: =+L13+L34+L55 -> 119
A98: 2 | B98: CIRUGIA DE PEDIATRIA | C98: =+K14+K35+K56 -> 108 | D98: =+L14+L35+L56 -> 126
A99: 3 | B99: HEMODINAMIA ADULTOS | C99: =+K15+K36+K57 -> 634 | D99: =+L15+L36+L57 -> 640
A100: 4 | B100: HEMODINAMIA PEDIATRIA | C100: =+K16+K37+K58 -> 108 | D100: =+L16+L37+L58 -> 115
A101: 5 | B101: ECOCARDIOGRAMA ADULTOS | C101: =+K17+K38+K59 -> 3294 | D101: =+L17+L38+L59 -> 3489
A102: 6 | B102: ECOCARDIOGRAMA PEDIATRIA | C102: =+K18+K39+K60 -> 2732 | D102: =+L18+L39+L60 -> 3015
A103: 7 | B103: ELECTROCARDIOGRAMAS ADULTOS | C103: =+K19+K40+K61 -> 1030 | D103: =+L19+L40+L61 -> 1152
A104: 8 | B104: ELECTROCARDIOGRAMAS PEDIATRIA | C104: =+K20+K41+K62 -> 1263 | D104: =+L20+L41+L62 -> 1231
A105: 9 | B105: CONSULTAS MEDICAS ADULTOS | C105: =+K21+K42+K63 -> 8049 | D105: =+L21+L42+L63 -> 8658
A106: 10 | B106: CONSULTA MEDICAS PEDIATRICAS | C106: =+K22+K43+K64 -> 3348 | D106: =+L22+L43+L64 -> 3336
A107: 11 | B107: ESTOMATOLOGIA | C107: =+K23+K44+K65 -> 347 | D107: =+L23+L44+L65 -> 385
A108: 12 | B108: ENCAMAMIENTO POR COMPLICACIONES | C108: =+K24+K45+K66 -> 145 | D108: =+L24+L45+L66 -> 172
... A112: 16 | B112: MONITOREO DE PRESION ARTERIAL | C112: =+K28+K49+K70 -> 54 | D112: =+L28+L49+L70 -> 53
A113: Total | C113: =SUM(C97:C112) -> 22368 | D113: =SUM(D97:D112) -> 23924
B137: Elaborado por: | C137: ___________________________ | F137: Autorizado por: | H137: _______________________________________
C138: VÍctor Cresencio Reyes Porres | H138: Lic. Douglas Antonio Díaz Rivera
C139: Jefe de Contabilidad | H139: Representante Legal
B140: Fecha: | C140: 10 de septiembre 2,024

Sheet PRESUPUESTO MAYO
A1: UNIDAD DE CIRUGIA CARDIOVASCULAR DE GUATEMALA
A2: FONDOS ESTATALES
A3: PRESUPUESTO MAYO 2,024
C4: PRESUPUESTO 2024 | D4: TRANSFERENCIAS (+-), AMPLIACION | E4: PRESUPUESTO AJUSTADO 2,020 | F4: EJECUTADO | G4: SALDO
B5: ASIGNACION DEL ESTADO | C5: 80000000 | E5: =+C5+D5 -> 80000000 | F5: 0 | G5: =+E5-F5 -> 80000000
B6: TOTAL ASIGNACION DEL ESTADO | C6: =SUM(C5) -> 80000000 | D6: =SUM(D5) -> 0 | E6: =SUM(E5) -> 80000000 | F6: =SUM(F5) -> 0 | G6: =SUM(G5) -> 80000000
C8: =+C4 -> PRESUPUESTO 2024 | D8: TRANSFERENCIAS (+-) | E8: =+E4 -> PRESUPUESTO AJUSTADO 2,020 | F8: =+F4 -> EJECUTADO | G8: SALDO
A9: 011 | B9: SUELDOS, CUOTA PATRONAL, BONO 14 Y AGUINALDO | C9: 49427595 | E9: =+C9+D9 -> 49427595 | G9: =+E9-F9 -> 49427595
B10: TOTAL RECURSO HUMANO | C10: =SUM(C9) -> 49427595 | D10: =SUM(D9) -> 0 | E10: =SUM(E9) -> 49427595 | F10: =SUM(F9) -> 0 | G10: =SUM(G9) -> 49427595
B12: GASTOS DE OPERACIÓN | C12: =+C8 -> PRESUPUESTO 2024 | D12: TRANSFERENCIAS (+-) | E12: =+E8 -> PRESUPUESTO AJUSTADO 2,020 | F12: =+F8 -> EJECUTADO | G12: SALDO
A13: 111 | B13: ENERGIA ELECTRICA | C13: 1078000 | E13: =+C13+D13 -> 1078000 | G13: =+E13-F13 -> 1078000
A14: 113 | B14: SERVICIO DE INTERNET Y TELEFONIA | C14: 127545 | E14: =+C14+D14 -> 127545 | G14: =+E14-F14 -> 127545
A15: 122 | B15: IMPRESIÓN, ENCUADERNACION Y REPRODUCCION | C15: 85102.55 | E15: =+C15+D15 -> 85102.55 | G15: =+E15-F15 -> 85102.55
A16: 163 | B16: MANT. Y REP. EQUIPO MEDICO SANITARIO Y DE LAB. | C16: 1447029 | E16: =+C16+D16 -> 1447029 | G16: =+E16-F16 -> 1447029
A17: 169 | B17: MAT. Y REP. DE OTRAS MAQ. Y EQUIPO | C17: 51530 | E17: =+C17+D17 -> 51530 | G17: =+E17-F17 -> 51530
A18: 171 | B18: MANTENIMIENTO Y REPARACION DE EDIFICIOS | C18: 52130 | E18: =+C18+D18 -> 52130 | G18: =+E18-F18 -> 52130
A19: 174 | B19: MANT. Y REP. DE INSTALACIONES | C19: 97955 | E19: =+C19+D19 -> 97955 | G19: =+E19-F19 -> 97955
A20: 182 | B20: SERVICIOS MEDICO-SANITARIOS | C20: 468400 | E20: =+C20+D20 -> 468400 | G20: =+E20-F20 -> 468400
A21: 197 | B21: SERVICIOS DE VIGILANCIA | C21: 650000 | E21: =+C21+D21 -> 650000 | G21: =+E21-F21 -> 650000
A22: 199 | B22: OTROS SERVICIOS NO PERSONALES | C22: 705439.8 | E22: =+C22+D22 -> 705439.8 | G22: =+E22-F22 -> 705439.8
A23: 261 | B23: ELEMENTOS Y COMPUESTOS QUIMICOS | C23: 1129061.1 | E23: =+C23+D23 -> 1129061.1 | G23: =+E23-F23 -> 1129061.1
A24: 262 | B24: COMBUSTIBLES Y LUBRICANTES | C24: 12000 | E24: =+C24+D24 -> 12000 | G24: =+E24-F24 -> 12000
... A34: 323 | B34: EQUIPO MEDICO-SANITARIO Y DE LABORATORIO | C34: 850778.32 | E34: =+C34+D34 -> 850778.32 | G34: =+E34-F34 -> 850778.32
B35: TOTAL GASTOS DE OPERACIÓN | C35: =SUM(C13:C34) -> 30572405 | D35: =SUM(D23:D34) -> 0 | E35: =SUM(E13:E34) -> 30572405 | F35: =SUM(F13:F34) -> 0 | G35: =SUM(G13:G34) -> 30572405
B36: TOTAL GENERAL EGRESOS | C36: =+C35+C10 -> 80000000 | D36: =+D35+D10 -> 0 | E36: =+E35+E10 -> 80000000 | F36: =+F35+F10 -> 0 | G36: =+G35+G10 -> 80000000
A38: Nota: Presupuesto pendiente de aprobacion, por parte de la comision tecnica del Ministerio
A39: de Salud Publica y Asistencia Social.
A41: _______________________________
A42: Víctor Cresencio Reyes Porres
A43: Jefe de Contabilidad

Sheet PRESUPUESTO JUNIO
A1: UNIDAD DE CIRUGIA CARDIOVASCULAR DE GUATEMALA
A2: FONDOS ESTATALES
A3: PRESUPUESTO JUNIO 2,024
C4: PRESUPUESTO 2024 | D4: TRANSFERENCIAS (+-), AMPLIACION | E4: PRESUPUESTO AJUSTADO 2,020 | F4: EJECUTADO | G4: SALDO
B5: ASIGNACION DEL ESTADO | C5: 80000000 | E5: =+C5+D5 -> 80000000 | F5: 0 | G5: =+E5-F5 -> 80000000
B6: TOTAL ASIGNACION DEL ESTADO | C6: =SUM(C5) -> 80000000 | D6: =SUM(D5) -> 0 | E6: =SUM(E5) -> 80000000 | F6: =SUM(F5) -> 0 | G6: =SUM(G5) -> 80000000
C8: =+C4 -> PRESUPUESTO 2024 | D8: TRANSFERENCIAS (+-) | E8: =+E4 -> PRESUPUESTO AJUSTADO 2,020 | F8: =+F4 -> EJECUTADO | G8: SALDO
A9: 011 | B9: SUELDOS, CUOTA PATRONAL, BONO 14 Y AGUINALDO | C9: 49427595 | E9: =+C9+D9 -> 49427595 | G9: =+E9-F9 -> 49427595
B10: TOTAL RECURSO HUMANO | C10: =SUM(C9) -> 49427595 | D10: =SUM(D9) -> 0 | E10: =SUM(E9) -> 49427595 | F10: =SUM(F9) -> 0 | G10: =SUM(G9) -> 49427595
B12: GASTOS DE OPERACIÓN | C12: =+C8 -> PRESUPUESTO 2024 | D12: TRANSFERENCIAS (+-) | E12: =+E8 -> PRESUPUESTO AJUSTADO 2,020 | F12: =+F8 -> EJECUTADO | G12: SALDO
A13: 111 | B13: ENERGIA ELECTRICA | C13: 1078000 | E13: =+C13+D13 -> 1078000 | G13: =+E13-F13 -> 1078000
A14: 113 | B14: SERVICIO DE INTERNET Y TELEFONIA | C14: 127545 | E14: =+C14+D14 -> 127545 | G14: =+E14-F14 -> 127545
A15: 122 | B15: IMPRESIÓN, ENCUADERNACION Y REPRODUCCION | C15: 85102.55 | E15: =+C15+D15 -> 85102.55 | G15: =+E15-F15 -> 85102.55
A16: 163 | B16: MANT. Y REP. EQUIPO MEDICO SANITARIO Y DE LAB. | C16: 1447029 | E16: =+C16+D16 -> 1447029 | G16: =+E16-F16 -> 1447029
A17: 169 | B17: MAT. Y REP. DE OTRAS MAQ. Y EQUIPO | C17: 51530 | E17: =+C17+D17 -> 51530 | G17: =+E17-F17 -> 51530
A18: 171 | B18: MANTENIMIENTO Y REPARACION DE EDIFICIOS | C18: 52130 | E18: =+C18+D18 -> 52130 | G18: =+E18-F18 -> 52130
A19: 174 | B19: MANT. Y REP. DE INSTALACIONES | C19: 97955 | E19: =+C19+D19 -> 97955 | G19: =+E19-F19 -> 97955
A20: 182 | B20: SERVICIOS MEDICO-SANITARIOS | C20: 468400 | E20: =+C20+D20 -> 468400 | G20: =+E20-F20 -> 468400
A21: 197 | B21: SERVICIOS DE VIGILANCIA | C21: 650000 | E21: =+C21+D21 -> 650000 | G21: =+E21-F21 -> 650000
A22: 199 | B22: OTROS SERVICIOS NO PERSONALES | C22: 705439.8 | E22: =+C22+D22 -> 705439.8 | G22: =+E22-F22 -> 705439.8
A23: 261 | B23: ELEMENTOS Y COMPUESTOS QUIMICOS | C23: 1129061.1 | E23: =+C23+D23 -> 1129061.1 | G23: =+E23-F23 -> 1129061.1
A24: 262 | B24: COMBUSTIBLES Y LUBRICANTES | C24: 12000 | E24: =+C24+D24 -> 12000 | G24: =+E24-F24 -> 12000
... A34: 323 | B34: EQUIPO MEDICO-SANITARIO Y DE LABORATORIO | C34: 850778.32 | E34: =+C34+D34 -> 850778.32 | G34: =+E34-F34 -> 850778.32
B35: TOTAL GASTOS DE OPERACIÓN | C35: =SUM(C13:C34) -> 30572405 | D35: =SUM(D23:D34) -> 0 | E35: =SUM(E13:E34) -> 30572405 | F35: =SUM(F13:F34) -> 0 | G35: =SUM(G13:G34) -> 30572405
B36: TOTAL GENERAL EGRESOS | C36: =+C35+C10 -> 80000000 | D36: =+D35+D10 -> 0 | E36: =+E35+E10 -> 80000000 | F36: =+F35+F10 -> 0 | G36: =+G35+G10 -> 80000000
A38: Nota: Presupuesto pendiente de aprobacion, por parte de la comision tecnica del Ministerio
A39: de Salud Publica y Asistencia Social.
A41: _______________________________
A42: Víctor Cresencio Reyes Porres
A43: Jefe de Contabilidad

Sheet PRESUPUESTO JULIO
A1: UNIDAD DE CIRUGIA CARDIOVASCULAR DE GUATEMALA
A2: FONDOS ESTATALES
A3: PRESUPUESTO JULIO 2,024
C4: PRESUPUESTO 2024 | D4: TRANSFERENCIAS (+-), AMPLIACION | E4: PRESUPUESTO AJUSTADO 2,020 | F4: EJECUTADO | G4: SALDO
B5: ASIGNACION DEL ESTADO | C5: 80000000 | E5: =+C5+D5 -> 80000000 | F5: 0 | G5: =+E5-F5 -> 80000000
B6: TOTAL ASIGNACION DEL ESTADO | C6: =SUM(C5) -> 80000000 | D6: =SUM(D5) -> 0 | E6: =SUM(E5) -> 80000000 | F6: =SUM(F5) -> 0 | G6: =SUM(G5) -> 80000000
C8: =+C4 -> PRESUPUESTO 2024 | D8: TRANSFERENCIAS (+-) | E8: =+E4 -> PRESUPUESTO AJUSTADO 2,020 | F8: =+F4 -> EJECUTADO | G8: SALDO
A9: 011 | B9: SUELDOS, CUOTA PATRONAL, BONO 14 Y AGUINALDO | C9: 49427595 | E9: =+C9+D9 -> 49427595 | G9: =+E9-F9 -> 49427595
B10: TOTAL RECURSO HUMANO | C10: =SUM(C9) -> 49427595 | D10: =SUM(D9) -> 0 | E10: =SUM(E9) -> 49427595 | F10: =SUM(F9) -> 0 | G10: =SUM(G9) -> 49427595
B12: GASTOS DE OPERACIÓN | C12: =+C8 -> PRESUPUESTO 2024 | D12: TRANSFERENCIAS (+-) | E12: =+E8 -> PRESUPUESTO AJUSTADO 2,020 | F12: =+F8 -> EJECUTADO | G12: SALDO
A13: 111 | B13: ENERGIA ELECTRICA | C13: 1078000 | E13: =+C13+D13 -> 1078000 | G13: =+E13-F13 -> 1078000
A14: 113 | B14: SERVICIO DE INTERNET Y TELEFONIA | C14: 127545 | E14: =+C14+D14 -> 127545 | G14: =+E14-F14 -> 127545
A15: 122 | B15: IMPRESIÓN, ENCUADERNACION Y REPRODUCCION | C15: 85102.55 | E15: =+C15+D15 -> 85102.55 | G15: =+E15-F15 -> 85102.55
A16: 163 | B16: MANT. Y REP. EQUIPO MEDICO SANITARIO Y DE LAB. | C16: 1447029 | E16: =+C16+D16 -> 1447029 | G16: =+E16-F16 -> 1447029
A17: 169 | B17: MAT. Y REP. DE OTRAS MAQ. Y EQUIPO | C17: 51530 | E17: =+C17+D17 -> 51530 | G17: =+E17-F17 -> 51530
A18: 171 | B18: MANTENIMIENTO Y REPARACION DE EDIFICIOS | C18: 52130 | E18: =+C18+D18 -> 52130 | G18: =+E18-F18 -> 52130
A19: 174 | B19: MANT. Y REP. DE INSTALACIONES | C19: 97955 | E19: =+C19+D19 -> 97955 | G19: =+E19-F19 -> 97955
A20: 182 | B20: SERVICIOS MEDICO-SANITARIOS | C20: 468400 | E20: =+C20+D20 -> 468400 | G20: =+E20-F20 -> 468400
A21: 197 | B21: SERVICIOS DE VIGILANCIA | C21: 650000 | E21: =+C21+D21 -> 650000 | G21: =+E21-F21 -> 650000
A22: 199 | B22: OTROS SERVICIOS NO PERSONALES | C22: 705439.8 | E22: =+C22+D22 -> 705439.8 | G22: =+E22-F22 -> 705439.8
A23: 261 | B23: ELEMENTOS Y COMPUESTOS QUIMICOS | C23: 1129061.1 | E23: =+C23+D23 -> 1129061.1 | G23: =+E23-F23 -> 1129061.1
A24: 262 | B24: COMBUSTIBLES Y LUBRICANTES | C24: 12000 | E24: =+C24+D24 -> 12000 | G24: =+E24-F24 -> 12000
... A34: 323 | B34: EQUIPO MEDICO-SANITARIO Y DE LABORATORIO | C34: 850778.32 | E34: =+C34+D34 -> 850778.32 | G34: =+E34-F34 -> 850778.32
B35: TOTAL GASTOS DE OPERACIÓN | C35: =SUM(C13:C34) -> 30572405 | D35: =SUM(D23:D34) -> 0 | E35: =SUM(E13:E34) -> 30572405 | F35: =SUM(F13:F34) -> 0 | G35: =SUM(G13:G34) -> 30572405
B36: TOTAL GENERAL EGRESOS | C36: =+C35+C10 -> 80000000 | D36: =+D35+D10 -> 0 | E36: =+E35+E10 -> 80000000 | F36: =+F35+F10 -> 0 | G36: =+G35+G10 -> 80000000
A38: Nota: Presupuesto pendiente de aprobacion, por parte de la comision tecnica del Ministerio
A39: de Salud Publica y Asistencia Social.
A41: _______________________________
A42: Víctor Cresencio Reyes Porres
A43: Jefe de Contabilidad

Sheet PRESUPUESTO AGOSTO
A1: UNIDAD DE CIRUGIA CARDIOVASCULAR DE GUATEMALA
A2: FONDOS ESTATALES
A3: PRESUPUESTO AGOSTO 2,024
C4: PRESUPUESTO 2024 | D4: TRANSFERENCIAS (+-), AMPLIACION | E4: PRESUPUESTO AJUSTADO 2,020 | F4: EJECUTADO | G4: SALDO
B5: ASIGNACION DEL ESTADO | C5: 80000000 | E5: =+C5+D5 -> 80000000 | F5: 0 | G5: =+E5-F5 -> 80000000
B6: TOTAL ASIGNACION DEL ESTADO | C6: =SUM(C5) -> 80000000 | D6: =SUM(D5) -> 0 | E6: =SUM(E5) -> 80000000 | F6: =SUM(F5) -> 0 | G6: =SUM(G5) -> 80000000
C8: =+C4 -> PRESUPUESTO 2024 | D8: TRANSFERENCIAS (+-) | E8: =+E4 -> PRESUPUESTO AJUSTADO 2,020 | F8: =+F4 -> EJECUTADO | G8: SALDO
A9: 011 | B9: SUELDOS, CUOTA PATRONAL, BONO 14 Y AGUINALDO | C9: 49427595 | E9: =+C9+D9 -> 49427595 | G9: =+E9-F9 -> 49427595
B10: TOTAL RECURSO HUMANO | C10: =SUM(C9) -> 49427595 | D10: =SUM(D9) -> 0 | E10: =SUM(E9) -> 49427595 | F10: =SUM(F9) -> 0 | G10: =SUM(G9) -> 49427595
B12: GASTOS DE OPERACIÓN | C12: =+C8 -> PRESUPUESTO 2024 | D12: TRANSFERENCIAS (+-) | E12: =+E8 -> PRESUPUESTO AJUSTADO 2,020 | F12: =+F8 -> EJECUTADO | G12: SALDO
A13: 111 | B13: ENERGIA ELECTRICA | C13: 1078000 | E13: =+C13+D13 -> 1078000 | G13: =+E13-F13 -> 1078000
A14: 113 | B14: SERVICIO DE INTERNET Y TELEFONIA | C14: 127545 | E14: =+C14+D14 -> 127545 | G14: =+E14-F14 -> 127545
A15: 122 | B15: IMPRESIÓN, ENCUADERNACION Y REPRODUCCION | C15: 85102.55 | E15: =+C15+D15 -> 85102.55 | G15: =+E15-F15 -> 85102.55
A16: 163 | B16: MANT. Y REP. EQUIPO MEDICO SANITARIO Y DE LAB. | C16: 1447029 | E16: =+C16+D16 -> 1447029 | G16: =+E16-F16 -> 1447029
A17: 169 | B17: MAT. Y REP. DE OTRAS MAQ. Y EQUIPO | C17: 51530 | E17: =+C17+D17 -> 51530 | G17: =+E17-F17 -> 51530
A18: 171 | B18: MANTENIMIENTO Y REPARACION DE EDIFICIOS | C18: 52130 | E18: =+C18+D18 -> 52130 | G18: =+E18-F18 -> 52130
A19: 174 | B19: MANT. Y REP. DE INSTALACIONES | C19: 97955 | E19: =+C19+D19 -> 97955 | G19: =+E19-F19 -> 97955
A20: 182 | B20: SERVICIOS MEDICO-SANITARIOS | C20: 468400 | E20: =+C20+D20 -> 468400 | G20: =+E20-F20 -> 468400
A21: 197 | B21: SERVICIOS DE VIGILANCIA | C21: 650000 | E21: =+C21+D21 -> 650000 | G21: =+E21-F21 -> 650000
A22: 199 | B22: OTROS SERVICIOS NO PERSONALES | C22: 705439.8 | E22: =+C22+D22 -> 705439.8 | G22: =+E22-F22 -> 705439.8
A23: 261 | B23: ELEMENTOS Y COMPUESTOS QUIMICOS | C23: 1129061.1 | E23: =+C23+D23 -> 1129061.1 | G23: =+E23-F23 -> 1129061.1
A24: 262 | B24: COMBUSTIBLES Y LUBRICANTES | C24: 12000 | E24: =+C24+D24 -> 12000 | G24: =+E24-F24 -> 12000
... A34: 323 | B34: EQUIPO MEDICO-SANITARIO Y DE LABORATORIO | C34: 850778.32 | E34: =+C34+D34 -> 850778.32 | G34: =+E34-F34 -> 850778.32
B35: TOTAL GASTOS DE OPERACIÓN | C35: =SUM(C13:C34) -> 30572405 | D35: =SUM(D23:D34) -> 0 | E35: =SUM(E13:E34) -> 30572405 | F35: =SUM(F13:F34) -> 0 | G35: =SUM(G13:G34) -> 30572405
B36: TOTAL GENERAL EGRESOS | C36: =+C35+C10 -> 80000000 | D36: =+D35+D10 -> 0 | E36: =+E35+E10 -> 80000000 | F36: =+F35+F10 -> 0 | G36: =+G35+G10 -> 80000000
A38: Nota: Presupuesto pendiente de aprobacion, por parte de la comision tecnica del Ministerio
A39: de Salud Publica y Asistencia Social.
A41: _______________________________
A42: Víctor Cresencio Reyes Porres
A43: Jefe de Contabilidad

Sheet APORTES MAYO
A1: APORTES MINISTERIO DE SALUD PUBLICA Y ASISTENCIA SOCIAL AÑO 2,024
A3: MES | B3: VALOR | C3: FECHA REC. | D3: No. RECIBO | E3: N/A | F3: No. De Cur
A4: ENERO | B4: 0
A5: FEBRERO | B5: 0
A6: MARZO | B6: 16000000 | C6: 45363 | D6: 261106 | E6: 2956275117 | F6: 2356
A7: ABRIL | B7: 8000000 | C7: 45394 | D7: 261107 | E7: 2969507128 | F7: 3941
A8: MAYO | B8: 8000000 | C8: 45427 | D8: 261108 | E8: 2984108079 | F8: 4639
A9: JUNIO | B9: 0
A10: JULIO | B10: 0
A11: AGOSTO | B11: 0
A12: SEPTIEMBRE | B12: 0
A13: OCTUBRE | B13: 0
A14: NOVIEMBRE | B14: 0
A15: TOTALES… | B15: =SUM(B4:B14) -> 32000000
A21: ____________________________________
A22: Victor Cresencio Reyes Porres
A23: Jefe de Contabilidad
A24: UNIDAD DE CIRUGIA CARDIOVASCULAR DE GUATEMALA

Sheet APORTES JUNIO
A1: APORTES MINISTERIO DE SALUD PUBLICA Y ASISTENCIA SOCIAL AÑO 2,024
A3: MES | B3: VALOR | C3: FECHA REC. | D3: No. RECIBO | E3: N/A | F3: No. De Cur
A4: ENERO | B4: 0
A5: FEBRERO | B5: 0
A6: MARZO | B6: 16000000 | C6: 45363 | D6: 261106 | E6: 2956275117 | F6: 2356
A7: ABRIL | B7: 8000000 | C7: 45394 | D7: 261107 | E7: 2969507128 | F7: 3941
A8: MAYO | B8: 8000000 | C8: 45427 | D8: 261108 | E8: 2984108079 | F8: 4639
A9: JUNIO | B9: 8000000 | C9: 45456 | D9: 261109 | E9: 2997895097 | F9: 5281
A10: JULIO | B10: 0 | C10: 45488 | D10: 261111 | E10: 3011302055 | F10: 5876
A11: AGOSTO | B11: 0
A12: SEPTIEMBRE | B12: 0
A13: OCTUBRE | B13: 0
A14: NOVIEMBRE | B14: 0
A15: TOTALES… | B15: =SUM(B4:B14) -> 40000000
A21: ____________________________________
A22: Victor Cresencio Reyes Porres
A23: Jefe de Contabilidad
A24: UNIDAD DE CIRUGIA CARDIOVASCULAR DE GUATEMALA

Sheet APORTES JULIO
A1: APORTES MINISTERIO DE SALUD PUBLICA Y ASISTENCIA SOCIAL AÑO 2,024
A3: MES | B3: VALOR | C3: FECHA REC. | D3: No. RECIBO | E3: N/A | F3: No. De Cur
A4: ENERO | B4: 0
A5: FEBRERO | B5: 0
A6: MARZO | B6: 16000000 | C6: 45363 | D6: 261106 | E6: 2956275117 | F6: 2356
A7: ABRIL | B7: 8000000 | C7: 45394 | D7: 261107 | E7: 2969507128 | F7: 3941
A8: MAYO | B8: 8000000 | C8: 45427 | D8: 261108 | E8: 2984108079 | F8: 4639
A9: JUNIO | B9: 8000000 | C9: 45456 | D9: 261109 | E9: 2997895097 | F9: 5281
A10: JULIO | B10: 8000000 | C10: 45488 | D10: 261111 | E10: 3011302055 | F10: 5876
A11: AGOSTO | B11: 0
A12: SEPTIEMBRE | B12: 0
A13: OCTUBRE | B13: 0
A14: NOVIEMBRE | B14: 0
A15: TOTALES… | B15: =SUM(B4:B14) -> 48000000
A21: ____________________________________
A22: Victor Cresencio Reyes Porres
A23: Jefe de Contabilidad
A24: UNIDAD DE CIRUGIA CARDIOVASCULAR DE GUATEMALA

Sheet APORTES AGOSTO
A1: APORTES MINISTERIO DE SALUD PUBLICA Y ASISTENCIA SOCIAL AÑO 2,024
A3: MES | B3: VALOR | C3: FECHA REC. | D3: No. RECIBO | E3: N/A | F3: No. De Cur
A4: ENERO | B4: 0
A5: FEBRERO | B5: 0
A6: MARZO | B6: 16000000 | C6: 45363 | D6: 261106 | E6: 2956275117 | F6: 2356
A7: ABRIL | B7: 8000000 | C7: 45394 | D7: 261107 | E7: 2969507128 | F7: 3941
A8: MAYO | B8: 8000000 | C8: 45427 | D8: 261108 | E8: 2984108079 | F8: 4639
A9: JUNIO | B9: 8000000 | C9: 45456 | D9: 261109 | E9: 2997895097 | F9: 5281
A10: JULIO | B10: 8000000 | C10: 45488 | D10: 261111 | E10: 3011302055 | F10: 5876
A11: AGOSTO | B11: 8000000 | C11: 45523 | D11: 261114 | E11: 3029480279
A12: SEPTIEMBRE | B12: 0
A13: OCTUBRE | B13: 0
A14: NOVIEMBRE | B14: 0
A15: TOTALES… | B15: =SUM(B4:B14) -> 56000000
A21: ____________________________________
A22: Victor Cresencio Reyes Porres
A23: Jefe de Contabilidad
A24: UNIDAD DE CIRUGIA CARDIOVASCULAR DE GUATEMALA
